Workbook

Sheet Net Payment
B1: August 2025 - FY 2025 Charter School FTE Payment
B2: ='1461'!A3 -> Based on the FLDOE 2025-26 FEFP Calculation
B4: School # | C4: School Name | D4: Description | E4: FTE | F4: Adjustments | G4: Net | I4: NOTES TO ALL CHARTER SCHOOLS
A5: 1 | B5: 0040 | C5: Palm Beach Preparatory Middle School | D5: FTE August 2025 | E5: ='0040'!I$145 -> 24870.66 | G5: =SUBTOTAL(109,E5:F7) -> 24870.66
I7: Please go to the bottom of the page.
A8: 2 | B8: 0100 | C8: The Learning Center High School | D8: =D5 -> FTE August 2025 | E8: ='0100'!I$145 -> 22269.68 | G8: =SUBTOTAL(109,E8:F10) -> 22269.68
A12: 3 | B12: 1461 | C12: Inlet Grove Community High School | D12: FTE August 2025 | E12: ='1461'!I$145 -> 492757.49 | G12: =SUBTOTAL(109,E12:F36) -> 700042.28
D13: PY Final FEFP | I13: Please go to the bottom of the page.
D14: Sep Teacher Supplies Retract
D15: PY Digital C/R
D16: PY Dig C/R A/R
D17: PY Class Size Cat.
D18: Class Size Cat.
D19: Transportation | F19: 208541.64
D20: School Police | F20: 0
D21: AT&T | F21: -266.12
D22: Avaya Maintenance | F22: -94.48
D23: LAN & Internet | F23: -90
C24: Ends June 2022 | D24: SWA Fees
D25: FY21 TSIA
D28: WPB-248085
D29: WPB-248086
D30: WPB-248087
D31: WPB-249234
D34: WPB-297918
D35: WPB-303998 | F35: -431.25
D36: WPB-303999 | F36: -375
A37: =1+A12 -> 4 | B37: 1571 | C37: South Tech Charter Academy | D37: =$D$12 -> FTE August 2025 | E37: ='1571'!I$145 -> 808415.92 | G37: =SUBTOTAL(109,E37:F52) -> 808075.8
D38: PY Final FEFP
D39: Sep Teacher Supplies Retract
D40: FY21 CSTAG Training
D41: PY Digital C/R | L41: 44630
D42: PY Dig C/R A/R | L42: =L41-60 -> 44570
D43: PY Class Size Cat.
D44: Class Size Cat.
D45: School Police | F45: 0
D46: AT&T | F46: -155.64
D47: Avaya Maintenance | F47: -94.48
D48: LAN & Internet | F48: -90
D49: FEFP Adj
D50: WPB-
D51: WPB-
D52: WPB-271562
A53: =1+A37 -> 5 | B53: 2521 | C53: Ed Venture | D53: =$D$12 -> FTE August 2025 | E53: ='2521'!I$145 -> 112562.16 | G53: =SUBTOTAL(109,E53:F59) -> 112562.16
D54: PY Final FEFP
D55: PY Digital C/R
D56: PY Dig C/R A/R
D57: PY Class Size Cat.
D58: Class Size Cat.
D59: WPB-
A60: =1+A53 -> 6 | B60: 2531 | C60: Bodwell Academy | D60: =$D$12 -> FTE August 2025 | E60: ='2531'!I145 -> 132295.12 | G60: =SUBTOTAL(109,E60:F71) -> 132295.12
D61: PY Final FEFP
D62: PY Final FEFP
D63: Unused FY21 TSIA Funds
D64: FY21 CSTAG Training
D65: PY Digital C/R
D66: PY Dig C/R A/R
D67: PY Class Size Cat.
D68: Class Size Cat.
D69: FL AG - FY18
D70: FY21 TSIA
D71: WPB-
A72: =1+A60 -> 7 | B72: 2791 | C72: The Learning Center at The Els Center of Excellence | D72: =$D$12 -> FTE August 2025 | E72: ='2791'!I$145 -> 446019.94 | G72: =SUBTOTAL(109,E72:F79) -> 446019.94
D73: PY Final FEFP
D74: Sep Teacher Supplies Retract
D75: PY Digital C/R
D76: PY Dig C/R A/R
D78: Class Size Cat.
D79: WPB-
A80: =A72+1 -> 8 | B80: 2801 | C80: Palm Beach Maritime Academy Elementary | D80: =$D$12 -> FTE August 2025 | E80: ='2801'!I$145 -> 438326.62 | G80: =SUBTOTAL(109,E80:F89) -> 438326.62
D81: PY Final FEFP
D82: Sep Teacher Supplies Retract
D83: PY Digital C/R
D84: PY Safe Schl Alloc
D85: PY Class Size Cat.
D86: Class Size Cat.
D87: MS Course Recovery
D88: FL AG - FY18
D89: WPB-255421
A90: =A80+1 -> 9 | B90: 2911 | C90: Western Academy Charter School | D90: =$D$12 -> FTE August 2025 | E90: ='2911'!I$145 -> 513425.85 | G90: =SUBTOTAL(109,E90:F100) -> 513425.85
D91: PY Final FEFP
D92: FY21 CSTAG Training
D93: PY Digital C/R
D94: PY Dig C/R A/R
D95: PY Class Size Cat.
D96: Class Size Cat.
D97: MS Course Recovery
D98: WPB-292889
D99: WPB-260215
A101: =A90+1 -> 10 | B101: 2941 | C101: Palm Beach School for Autism | D101: =$D$12 -> FTE August 2025 | E101: ='2941'!I$145 -> 869504.11 | G101: =SUBTOTAL(109,E101:F109) -> 855715.18
D102: PY Final FEFP
D103: Sep Teacher Supplies Retract
D104: PY Digital C/R
D105: PY Dig C/R A/R
D106: PY Class Size Cat.
D107: SIS Fee Reduction | F107: -13788.93
D108: FL AG - FY18
A110: =A101+1 -> 11 | B110: 3083 | C110: The Learning Academy at The Els Center of Excellence | D110: =$D$12 -> FTE August 2025 | E110: ='3083'!I$145 -> 497059.68 | G110: =SUBTOTAL(109,E110:F117) -> 488532.77
D111: SIS Fee Reduction | F111: -8526.91
D112: Sep Teacher Supplies Retract
...

Sheet Annual Rev & Fees
E4: 0.75 | F4: Admin | G4: Fee % | I4: Annual | M4: Current | Q4: Sec 1 Rev/Fee per FTE | U4: Net Rev Per Sec 1 FTE
D5: H/P | E5: ESE | F5: Fee % | G5: W/O TSIA | I5: Revenue | J5: Rev - TSIA | K5: Admin Fee | L5: Net Revenue | M5: Mth's Pmt | O5: Sec 1 FTE | Q5: Rev | R5: Fee | S5: Net Rev | U5: H/P | V5: 75% ESE | W5: Other
A6: 1 | B6: 0040 | C6: Palm Beach Preparatory Middle School | D6: 0 | F6: =-K6/I6 -> 0.047639928 | G6: =-K6/J6 -> 0.050000003 | I6: ='0040'!I$128 -> 312937.08 | J6: =I6-'0040'!I$53 -> 298165.98 | K6: ='0040'!I$135 -> -14908.3 | L6: =I6+K6 -> 298028.78 | M6: ='0040'!I$145 -> 24870.66 | O6: ='0040'!E30 -> 36 | Q6: =I6/O6 -> 8692.6967 | R6: =K6/O6 -> -414.11944 | S6: =L6/O6 -> 8278.5772 | U6: =IF(D6="H",S6,0) -> 0 | V6: =ROUND(IF(E6=1,S6,0),2) -> 0 | W6: =IF(AND(U6=0,V6=0),S6,) -> 8278.5772
A7: 2 | B7: 0100 | C7: The Learning Center Highschool | D7: 0 | F7: =-K7/I7 -> 0.01559039 | G7: =-K7/J7 -> 0.016425827 | I7: ='0100'!I$128 -> 271492.24 | J7: =I7-'0100'!I$53 -> 257683.83 | K7: ='0100'!I$135 -> -4232.67 | L7: =I7+K7 -> 267259.57 | M7: ='0100'!I$145 -> 22269.68 | O7: ='0100'!E30 -> 11 | Q7: =I7/O7 -> 24681.113 | R7: =K7/O7 -> -384.78818 | S7: =L7/O7 -> 24296.325 | U7: =IF(D7="H",S7,0) -> 0 | V7: =ROUND(IF(E7=1,S7,0),2) -> 0 | W7: =IF(AND(U7=0,V7=0),S7,) -> 24296.325
A8: 3 | B8: 1461 | C8: Inlet Grove Community High School | D8: ='1461'!G$135 -> H | E8: ='1461'!H$133 | F8: =-K8/I8 -> 0.0068124488 | G8: =-K8/J8 -> 0.0071491899 | I8: ='1461'!I$128 -> 5946239.2 | J8: =I8-'1461'!I$53 -> 5666159.5 | K8: ='1461'!I$135 -> -40508.45 | L8: =I8+K8 -> 5905730.7 | M8: ='1461'!I$145 -> 492757.49 | O8: ='1461'!E$30 -> 699.38 | Q8: =I8/O8 -> 8502.1579 | R8: =K8/O8 -> -57.920515 | S8: =L8/O8 -> 8444.2374 | U8: =IF(D8="H",S8,0) -> 8444.2374 | V8: =ROUND(IF(E8=1,S8,0),2) -> 0 | W8: =IF(AND(U8=0,V8=0),S8,) -> 0
A9: 4 | B9: 1571 | C9: South Tech Charter Academy | D9: ='1571'!G$135 -> H | E9: ='1571'!H$133 | F9: =-K9/I9 -> 0.0042803363 | G9: =-K9/J9 -> 0.0044857536 | I9: ='1571'!I$128 -> 9729385.1 | J9: =I9-'1571'!I$53 -> 9283844.7 | K9: ='1571'!I$135 -> -41645.04 | L9: =I9+K9 -> 9687740 | M9: ='1571'!I$145 -> 808415.92 | O9: ='1571'!E$30 -> 1114.64 | Q9: =I9/O9 -> 8728.7241 | R9: =K9/O9 -> -37.361875 | S9: =L9/O9 -> 8691.3623 | U9: =IF(D9="H",S9,0) -> 8691.3623 | V9: =ROUND(IF(E9=1,S9,0),2) -> 0 | W9: =IF(AND(U9=0,V9=0),S9,) -> 0
A10: 5 | B10: 2521 | C10: Ed Venture | D10: ='2521'!G$135 -> 0 | E10: ='2521'!H$133 -> 1 | F10: =-K10/I10 -> 0.021397113 | G10: =-K10/J10 -> 0.022217915 | I10: ='2521'!I$128 -> 1379910.4 | J10: =I10-'2521'!I$53 -> 1328932.1 | K10: ='2521'!I$135 -> -29526.1 | L10: =I10+K10 -> 1350384.3 | M10: ='2521'!I$145 -> 112562.16 | O10: ='2521'!E$30 -> 74.16 | Q10: =I10/O10 -> 18607.207 | R10: =K10/O10 -> -398.14051 | S10: =L10/O10 -> 18209.066 | U10: =IF(D10="H",S10,0) -> 0 | V10: =ROUND(IF(E10=1,S10,0),2) -> 18209.07 | W10: =IF(AND(U10=0,V10=0),S10,) -> 0
A11: 6 | B11: 2531 | C11: Bodwell Academy | D11: ='2531'!G$135 -> 0 | E11: ='2531'!H$133 -> 1 | F11: =-K11/I11 -> 0.012186498 | G11: =-K11/J11 -> 0.012788368 | I11: ='2531'!I$128 -> 1603249.7 | J11: =I11-'2531'!I$53 -> 1527794.6 | K11: ='2531'!I$135 -> -19538 | L11: =I11+K11 -> 1583711.7 | M11: ='2531'!I$145 -> 132295.12 | O11: ='2531'!E$30 -> 49 | Q11: =I11/O11 -> 32719.382 | R11: =K11/O11 -> -398.73469 | S11: =L11/O11 -> 32320.648 | U11: =IF(D11="H",S11,0) -> 0 | V11: =ROUND(IF(E11=1,S11,0),2) -> 32320.65 | W11: =IF(AND(U11=0,V11=0),S11,) -> 0
A12: 7 | B12: 2791 | C12: The Learning Center @ The Els Center of Excl | D12: ='2791'!G$135 -> 0 | E12: ='2791'!H$133 -> 1 | F12: =-K12/I12 -> 0.011658701 | G12: =-K12/J12 -> 0.012289603 | I12: ='2791'!I$128 -> 5409536.4 | J12: =I12-'2791'!I$53 -> 5131831.4 | K12: ='2791'!I$135 -> -63068.17 | L12: =I12+K12 -> 5346468.2 | M12: ='2791'!I$145 -> 446019.94 | O12: ='2791'!E$30 -> 164 | Q12: =I12/O12 -> 32984.978 | R12: =K12/O12 -> -384.56201 | S12: =L12/O12 -> 32600.416 | U12: =IF(D12="H",S12,0) -> 0 | V12: =ROUND(IF(E12=1,S12,0),2) -> 32600.42 | W12: =IF(AND(U12=0,V12=0),S12,) -> 0
A13: 8 | B13: 2801 | C13: Palm Beach Maritime Academy Elementary | D13: ='2801'!G$135 -> 0 | E13: ='2801'!H$133 | F13: =-K13/I13 -> 0.020565412 | G13: =-K13/J13 -> 0.021588947 | I13: ='2801'!I$128 -> 5365719 | J13: =I13-'2801'!I$53 -> 5111329.4 | K13: ='2801'!I$135 -> -110348.22 | L13: =I13+K13 -> 5255370.8 | M13: ='2801'!I$145 -> 438326.62 | O13: ='2801'!E$30 -> 579 | Q13: =I13/O13 -> 9267.2176 | R13: =K13/O13 -> -190.58415 | S13: =L13/O13 -> 9076.6334 | U13: =IF(D13="H",S13,0) -> 0 | V13: =ROUND(IF(E13=1,S13,0),2) -> 0 | W13: =IF(AND(U13=0,V13=0),S13,) -> 9076.6334
A14: 9 | B14: 2911 | C14: Western Academy Charter School | D14: ='2911'!G$135 -> H | E14: ='2911'!H$133 | F14: =-K14/I14 -> 0.0067156205 | G14: =-K14/J14 -> 0.007054774 | I14: ='2911'!I$128 -> 6194550.5 | J14: =I14-'2911'!I$53 -> 5896751.6 | K14: ='2911'!I$135 -> -41600.25 | L14: =I14+K14 -> 6152950.2 | M14: ='2911'!I$145 -> 513425.85 | O14: ='2911'!E$30 -> 708.74 | Q14: =I14/O14 -> 8740.2298 | R14: =K14/O14 -> -58.696066 | S14: =L14/O14 -> 8681.5338 | U14: =IF(D14="H",S14,0) -> 8681.5338 | V14: =ROUND(IF(E14=1,S14,0),2) -> 0 | W14: =IF(AND(U14=0,V14=0),S14,) -> 0
A15: 10 | B15: 2941 | C15: Palm Beach School for Autism | D15: ='2941'!G$135 -> 0 | E15: ='2941'!H$133 -> 1 | F15: =-K15/I15 -> 0.0091323391 | G15: =-K15/J15 -> 0.0095893263 | I15: ='2941'!I$128 -> 10519478 | J15: =I15-'2941'!I$53 -> 10018164 | K15: ='2941'!I$135 -> -96067.44 | L15: =I15+K15 -> 10423410 | M15: ='2941'!I$145 -> 869504.11 | O15: ='2941'!E$30 -> 381 | Q15: =I15/O15 -> 27610.178 | R15: =K15/O15 -> -252.14551 | S15: =L15/O15 -> 27358.033 | U15: =IF(D15="H",S15,0) -> 0 | V15: =ROUND(IF(E15=1,S15,0),2) -> 27358.03 | W15: =IF(AND(U15=0,V15=0),S15,) -> 0
A16: 11 | B16: 3083 | C16: The Learning Academy @ The Els Center of Excl | D16: ='3083'!G$135 -> 0 | E16: ='3083'!H$133 -> 1 | F16: =-K16/I16 -> 0.010278151 | G16: =-K16/J16 -> 0.010831494 | I16: ='3083'!I$128 -> 6014332.6 | J16: =I16-'3083'!I$53 -> 5707081.5 | K16: ='3083'!I$135 -> -61816.22 | L16: =I16+K16 -> 5952516.4 | M16: ='3083'!I$145 -> 497059.68 | O16: ='3083'!E$30 -> 161 | Q16: =I16/O16 -> 37356.103 | R16: =K16/O16 -> -383.95168 | S16: =L16/O16 -> 36972.152 | U16: =IF(D16="H",S16,0) -> 0 | V16: =ROUND(IF(E16=1,S16,0),2) -> 36972.15 | W16: =IF(AND(U16=0,V16=0),S16,) -> 0
A17: 12 | B17: 3345 | C17: Career Academy of the Palm Beaches | D17: ='3345'!G$135 -> 0 | E17: ='3345'!H$133 -> 1 | F17: =-K17/I17 -> 0.028075491 | G17: =-K17/J17 -> 0.028899512 | I17: ='3345'!I$128 -> 1127073.1 | J17: =I17-'3345'!I$53 -> 1094936.5 | K17: ='3345'!I$135 -> -31643.13 | L17: =I17+K17 -> 1095429.9 | M17: ='3345'!I$145 -> 91364.55 | O17: ='3345'!E$30 -> 77 | Q17: =I17/O17 -> 14637.313 | R17: =K17/O17 -> -410.94974 | S17: =L17/O17 -> 14226.363 | U17: =IF(D17="H",S17,0) -> 0 | V17: =ROUND(IF(E17=1,S17,0),2) -> 14226.36 | W17: =IF(AND(U17=0,V17=0),S17,) -> 0
A18: 13 | B18: 3381 | C18: Imagine Schools - Chancellor Campus | D18: ='3381'!G$135 -> H | E18: ='3381'!H$133 | F18: =-K18/I18 -> 0.0045457595 | G18: =-K18/J18 -> 0.004775549 | I18: ='3381'!I$128 -> 9184238.6 | J18: =I18-'3381'!I$53 -> 8742312.1 | K18: ='3381'!I$135 -> -41749.34 | L18: =I18+K18 -> 9142489.3 | M18: ='3381'!I$145 -> 762872.3 | O18: ='3381'!E$30 -> 1047 | Q18: =I18/O18 -> 8771.9567 | R18: =K18/O18 -> -39.875205 | S18: =L18/O18 -> 8732.0815 | U18: =IF(D18="H",S18,0) -> 8732.0815 | V18: =ROUND(IF(E18=1,S18,0),2) -> 0 | W18: =IF(AND(U18=0,V18=0),S18,) -> 0
A19: 14 | B19: 3382 | C19: Glades Academy | D19: ='3382'!G$135 -> 0 | E19: ='3382'!H$133 | F19: =-K19/I19 -> 0.04404348 | G19: =-K19/J19 -> 0.04612546 | I19: ='3382'!I$128 -> 2538893.1 | J19: =I19-'3382'!I$53 -> 2424294.3 | K19: ='3382'!I$135 -> -111821.69 | L19: =I19+K19 -> 2427071.4 | M19: ='3382'!I$145 -> 202508.28 | O19: ='3382'!E$30 -> 271 | Q19: =I19/O19 -> 9368.6093 | R19: =K19/O19 -> -412.62616 | S19: =L19/O19 -> 8955.9832 | U19: =IF(D19="H",S19,0) -> 0 | V19: =ROUND(IF(E19=1,S19,0),2) -> 0 | W19: =IF(AND(U19=0,V19=0),S19,) -> 8955.9832
A20: 15 | B20: 3391 | C20: Seagull Academy for Independent Living | D20: ='3391'!G$135 -> 0 | E20: ='3391'!H$133 -> 1
A21: 16 | B21: 3394 | C21: Montessori Academy of Early Enrichment | D21: ='3394'!G$135 -> 0 | E21: ='3394'!H$133 | F21: =-K21/I21 -> 0.047549064 | G21: =-K21/J21 -> 0.050000003 | I21: ='3394'!I$128 -> 1735604.3 | J21: =I21-'3394'!I$53 -> 1650527.1 | K21: ='3394'!I$135 -> -82526.36 | L21: =I21+K21 -> 1653077.9 | M21: ='3394'!I$145 -> 137857.37 | O21: ='3394'!E$30 -> 192 | Q21: =I21/O21 -> 9039.6057 | R21: =K21/O21 -> -429.82479 | S21: =L21/O21 -> 8609.7809 | U21: =IF(D21="H",S21,0) -> 0 | V21: =ROUND(IF(E21=1,S21,0),2) -> 0 | W21: =IF(AND(U21=0,V21=0),S21,) -> 8609.7809
A22: 17 | B22: 3395 | C22: Somerset Academy Charter School | D22: ='3395'!G$135 -> 0 | E22: ='3395'!H$133 | F22: =-K22/I22 -> 0.023084302 | G22: =-K22/J22 -> 0.024270903 | I22: ='3395'!I$128 -> 4522313.1 | J22: =I22-'3395'!I$53 -> 4301217.9 | K22: ='3395'!I$135 -> -104394.44 | L22: =I22+K22 -> 4417918.6 | M22: ='3395'!I$145 -> 368541.43 | O22: ='3395'!E$30 -> 515.02 | Q22: =I22/O22 -> 8780.8494 | R22: =K22/O22 -> -202.69978 | S22: =L22/O22 -> 8578.1497 | U22: =IF(D22="H",S22,0) -> 0 | V22: =ROUND(IF(E22=1,S22,0),2) -> 0 | W22: =IF(AND(U22=0,V22=0),S22,) -> 8578.1497
A23: 18 | B23: 3396 | C23: G-Star School of the Arts | D23: ='3396'!G$135 -> H | E23: ='3396'!H$133 | F23: =-K23/I23 -> 0.0067364824 | G23: =-K23/J23 -> 0.0070733363 | I23: ='3396'!I$128 -> 5907007.2 | J23: =I23-'3396'!I$53 -> 5625697.4 | K23: ='3396'!I$135 -> -39792.45 | L23: =I23+K23 -> 5867214.7 | M23: ='3396'!I$145 -> 489623.72 | O23: ='3396'!E$30 -> 706.88 | Q23: =I23/O23 -> 8356.4497 | R23: =K23/O23 -> -56.293077 | S23: =L23/O23 -> 8300.1566 | U23: =IF(D23="H",S23,0) -> 8300.1566 | V23: =ROUND(IF(E23=1,S23,0),2) -> 0 | W23: =IF(AND(U23=0,V23=0),S23,) -> 0
A24: 19 | B24: 3398 | C24: Everglades Preparatory Academy | D24: ='3398'!G$135 -> 0 | E24: ='3398'!H$133 | F24: =-K24/I24 -> 0.047694081 | G24: =-K24/J24 -> 0.049999995 | I24: ='3398'!I$128 -> 965833.89 | J24: =I24-'3398'!I$53 -> 921291.29 | K24: ='3398'!I$135 -> -46064.56 | L24: =I24+K24 -> 919769.33 | M24: ='3398'!I$145 -> 76763.56 | O24: ='3398'!E$30 -> 113.18 | Q24: =I24/O24 -> 8533.6092 | R24: =K24/O24 -> -407.00265 | S24: =L24/O24 -> 8126.6066 | U24: =IF(D24="H",S24,0) -> 0 | V24: =ROUND(IF(E24=1,S24,0),2) -> 0 | W24: =IF(AND(U24=0,V24=0),S24,) -> 8126.6066
A25: 20 | B25: 3400 | C25: Believers Academy | D25: ='3400'!G$135 -> 0 | E25: ='3400'!H$133 -> 1 | F25: =-K25/I25 -> 0.032480878 | G25: =-K25/J25 -> 0.033553774 | I25: ='3400'!I$128 -> 1170602 | J25: =I25-'3400'!I$53 -> 1133171.5 | K25: ='3400'!I$135 -> -38022.18 | L25: =I25+K25 -> 1132579.8 | M25: ='3400'!I$145 -> 94458.1 | O25: ='3400'!E$30 -> 95.86 | Q25: =I25/O25 -> 12211.579 | R25: =K25/O25 -> -396.64281 | S25: =L25/O25 -> 11814.936 | U25: =IF(D25="H",S25,0) -> 0 | V25: =ROUND(IF(E25=1,S25,0),2) -> 11814.94 | W25: =IF(AND(U25=0,V25=0),S25,) -> 0
A26: 21 | B26: 3401 | C26: Quantum High School | D26: ='3401'!G$135 -> 0 | E26: ='3401'!H$133 -> 0 | F26: =-K26/I26 -> 0.028015217 | G26: =-K26/J26 -> 0.02936478 | I26: ='3401'!I$128 -> 3652868.1 | J26: =I26-'3401'!I$53 -> 3484987.5 | K26: ='3401'!I$135 -> -102335.89 | L26: =I26+K26 -> 3550532.2 | M26: ='3401'!I$145 -> 296284.6 | O26: ='3401'!E$30 -> 425.68 | Q26: =I26/O26 -> 8581.2536 | R26: =K26/O26 -> -240.40568 | S26: =L26/O26 -> 8340.848 | U26: =IF(D26="H",S26,0) -> 0 | V26: =ROUND(IF(E26=1,S26,0),2) -> 0 | W26: =IF(AND(U26=0,V26=0),S26,) -> 8340.848
A27: 22 | B27: 3413 | C27: Somerset Academy Boca | D27: ='3413'!G$135 -> H | E27: ='3413'!H$133 | F27: =-K27/I27 -> 0.012198363 | G27: =-K27/J27 -> 0.012819855 | I27: ='3413'!I$128 -> 3477233.1 | J27: =I27-'3413'!I$53 -> 3308660.7 | K27: ='3413'!I$135 -> -42416.55 | L27: =I27+K27 -> 3434816.5 | M27: ='3413'!I$145 -> 286550.08 | O27: ='3413'!E$30 -> 390.02 | Q27: =I27/O27 -> 8915.5251 | R27: =K27/O27 -> -108.75481 | S27: =L27/O27 -> 8806.7703 | U27: =IF(D27="H",S27,0) -> 8806.7703 | V27: =ROUND(IF(E27=1,S27,0),2) -> 0 | W27: =IF(AND(U27=0,V27=0),S27,) -> 0
A28: 23 | B28: 3421 | C28: Worthington High School | D28: ='3421'!G$135 -> 0 | E28: ='3421'!H$133 | F28: =-K28/I28 -> 0.024842896 | G28: =-K28/J28 -> 0.026086231 | I28: ='3421'!I$128 -> 3939523.4 | J28: =I28-'3421'!I$53 -> 3751755.9 | K28: ='3421'!I$135 -> -97869.17 | L28: =I28+K28 -> 3841654.3 | M28: ='3421'!I$145 -> 320269.78 | O28: ='3421'!E$30 -> 479.18 | Q28: =I28/O28 -> 8221.3853 | R28: =K28/O28 -> -204.24302 | S28: =L28/O28 -> 8017.1423 | U28: =IF(D28="H",S28,0) -> 0 | V28: =ROUND(IF(E28=1,S28,0),2) -> 0 | W28: =IF(AND(U28=0,V28=0),S28,) -> 8017.1423
A29: 24 | B29: 3431 | C29: Renaissance Charter School at WPB | D29: ='3431'!G$135 -> H | E29: ='3431'!H$133 | F29: =-K29/I29 -> 0.0046924041 | G29: =-K29/J29 -> 0.0049315506 | I29: ='3431'!I$128 -> 8883510.3 | J29: =I29-'3431'!I$53 -> 8452720.8 | K29: ='3431'!I$135 -> -41685.02 | L29: =I29+K29 -> 8841825.3 | M29: ='3431'!I$145 -> 737684.93 | O29: ='3431'!E$30 -> 1013.88 | Q29: =I29/O29 -> 8761.8952 | R29: =K29/O29 -> -41.114353 | S29: =L29/O29 -> 8720.7809 | U29: =IF(D29="H",S29,0) -> 8720.7809 | V29: =ROUND(IF(E29=1,S29,0),2) -> 0 | W29: =IF(AND(U29=0,V29=0),S29,) -> 0
A30: 25 | B30: 3441 | C30: South Tech Preparatory Academy (MS) | D30: ='3441'!G$135 -> 0 | E30: ='3441'!H$133 | F30: =-K30/I30 -> 0.022587325 | G30: =-K30/J30 -> 0.023692192 | I30: ='3441'!I$128 -> 4561332.1 | J30: =I30-'3441'!I$53 -> 4348617.9 | K30: ='3441'!I$135 -> -103028.29 | L30: =I30+K30 -> 4458303.8 | M30: ='3441'!I$145 -> 372113.82 | O30: ='3441'!E$30 -> 527.6 | Q30: =I30/O30 -> 8645.4361 | R30: =K30/O30 -> -195.27727 | S30: =L30/O30 -> 8450.1588 | U30: =IF(D30="H",S30,0) -> 0 | V30: =ROUND(IF(E30=1,S30,0),2) -> 0 | W30: =IF(AND(U30=0,V30=0),S30,) -> 8450.1588
A31: 26 | B31: 3924 | C31: Palm Beach Maritime Academy Secondary | D31: ='3924'!G$135 -> 0 | E31: ='3924'!H$133 | F31: =-K31/I31 -> 0.02725435 | G31: =-K31/J31 -> 0.028589726 | I31: ='3924'!I$128 -> 3796954.6 | J31: =I31-'3924'!I$53 -> 3619605.5 | K31: ='3924'!I$135 -> -103483.53 | L31: =I31+K31 -> 3693471.1 | M31: ='3924'!I$145 -> 308213.52 | O31: ='3924'!E$30 -> 437.22 | Q31: =I31/O31 -> 8684.3114 | R31: =K31/O31 -> -236.68526 | S31: =L31/O31 -> 8447.6261 | U31: =IF(D31="H",S31,0) -> 0 | V31: =ROUND(IF(E31=1,S31,0),2) -> 0 | W31: =IF(AND(U31=0,V31=0),S31,) -> 8447.6261
A32: 27 | B32: 3941 | C32: Ben Gamla Charter School | D32: ='3941'!G$135 -> H | E32: ='3941'!H$133 | F32: =-K32/I32 -> 0.019033025 | G32: =-K32/J32 -> 0.019999998 | I32: ='3941'!I$128 -> 2059442 | J32: =I32-'3941'!I$53 -> 1959870.6 | K32: ='3941'!I$135 -> -39197.41 | L32: =I32+K32 -> 2020244.6 | M32: ='3941'!I$145 -> 168521.9 | O32: ='3941'!E$30 -> 229 | Q32: =I32/O32 -> 8993.1964 | R32: =K32/O32 -> -171.16773 | S32: =L32/O32 -> 8822.0286 | U32: =IF(D32="H",S32,0) -> 8822.0286 | V32: =ROUND(IF(E32=1,S32,0),2) -> 0 | W32: =IF(AND(U32=0,V32=0),S32,) -> 0
A33: 28 | B33: 3961 | C33: Gardens School of Technology Arts | D33: ='3961'!G$135 -> 0 | E33: ='3961'!H$133
A34: 29 | B34: 3971 | C34: Palm Beach Preparatory Charter Academy | D34: ='3971'!G$135 -> 0 | E34: ='3971'!H$133 | F34: =-K34/I34 -> 0.018850287 | G34: =-K34/J34 -> 0.019807314 | I34: ='3971'!I$128 -> 5197180.2 | J34: =I34-'3971'!I$53 -> 4946068.8 | K34: ='3971'!I$135 -> -97968.34 | L34: =I34+K34 -> 5099211.8 | M34: ='3971'!I$145 -> 425546.45 | O34: ='3971'!E$30 -> 631.08 | Q34: =I34/O34 -> 8235.3746 | R34: =K34/O34 -> -155.23918 | S34: =L34/O34 -> 8080.1354 | U34: =IF(D34="H",S34,0) -> 0 | V34: =ROUND(IF(E34=1,S34,0),2) -> 0 | W34: =IF(AND(U34=0,V34=0),S34,) -> 8080.1354
A35: 30 | B35: 4001 | C35: Renaissance Charter School at Wellington | D35: ='4001'!G$135 -> 0 | E35: ='4001'!H$133 | F35: =-K35/I35 -> 0.017444106 | G35: =-K35/J35 -> 0.018328446 | I35: ='4001'!I$128 -> 6019584.4 | J35: =I35-'4001'!I$53 -> 5729142 | K35: ='4001'!I$135 -> -105006.27 | L35: =I35+K35 -> 5914578.1 | M35: ='4001'!I$145 -> 493503.39 | O35: ='4001'!E$30 -> 682 | Q35: =I35/O35 -> 8826.3701 | R35: =K35/O35 -> -153.96814 | S35: =L35/O35 -> 8672.402 | U35: =IF(D35="H",S35,0) -> 0 | V35: =ROUND(IF(E35=1,S35,0),2) -> 0 | W35: =IF(AND(U35=0,V35=0),S35,) -> 8672.402
A36: 31 | B36: 4002 | C36: Renaissance Charter School at Summit | D36: ='4002'!G$135 -> 0 | E36: ='4002'!H$133 | F36: =-K36/I36 -> 0.012079019 | G36: =-K36/J36 -> 0.012701187 | I36: ='4002'!I$128 -> 8679085.7 | J36: =I36-'4002'!I$53 -> 8253940.4 | K36: ='4002'!I$135 -> -104834.84 | L36: =I36+K36 -> 8574250.8 | M36: ='4002'!I$145 -> 715174.9 | O36: ='4002'!E$30 -> 984.16 | Q36: =I36/O36 -> 8818.7751 | R36: =K36/O36 -> -106.52215 | S36: =L36/O36 -> 8712.2529 | U36: =IF(D36="H",S36,0) -> 0 | V36: =ROUND(IF(E36=1,S36,0),2) -> 0 | W36: =IF(AND(U36=0,V36=0),S36,) -> 8712.2529
A37: 32 | B37: 4012 | C37: Somerset Academy Canyons Middle School | D37: ='4012'!G$135 -> H | E37: ='4012'!H$133 | F37: =-K37/I37 -> 0.0079801326 | G37: =-K37/J37 -> 0.0083870106 | I37: ='4012'!I$128 -> 4944226.1 | J37: =I37-'4012'!I$53 -> 4704367.5 | K37: ='4012'!I$135 -> -39455.58 | L37: =I37+K37 -> 4904770.5 | M37: ='4012'!I$145 -> 409405.4 | O37: ='4012'!E$30 -> 596.16 | Q37: =I37/O37 -> 8293.4549 | R37: =K37/O37 -> -66.18287 | S37: =L37/O37 -> 8227.2721 | U37: =IF(D37="H",S37,0) -> 8227.2721 | V37: =ROUND(IF(E37=1,S37,0),2) -> 0 | W37: =IF(AND(U37=0,V37=0),S37,) -> 0
A38: 33 | B38: 4013 | C38: Somerset Academy Canyons High School | D38: ='4013'!G$135 -> H | E38: ='4013'!H$133 | F38: =-K38/I38 -> 0.0046549209 | G38: =-K38/J38 -> 0.0048955296 | I38: ='4013'!I$128 -> 8157822.9 | J38: =I38-'4013'!I$53 -> 7756876.8 | K38: ='4013'!I$135 -> -37974.02 | L38: =I38+K38 -> 8119848.9 | M38: ='4013'!I$145 -> 677472.72 | O38: ='4013'!E$30 -> 1021.34 | Q38: =I38/O38 -> 7987.3724 | R38: =K38/O38 -> -37.180586 | S38: =L38/O38 -> 7950.1918 | U38: =IF(D38="H",S38,0) -> 7950.1918 | V38: =ROUND(IF(E38=1,S38,0),2) -> 0 | W38: =IF(AND(U38=0,V38=0),S38,) -> 0
A39: 34 | B39: 4020 | C39: Franklin Academy - Boynton Beach | D39: ='4020'!G$135 -> 0 | E39: ='4020'!H$133 | F39: =-K39/I39 -> 0.0095543749 | G39: =-K39/J39 -> 0.010036452 | I39: ='4020'!I$128 -> 10972109 | J39: =I39-'4020'!I$53 -> 10445089 | K39: ='4020'!I$135 -> -104831.64 | L39: =I39+K39 -> 10867277 | M39: ='4020'!I$145 -> 906770.45 | O39: ='4020'!E$30 -> 1245.46 | Q39: =I39/O39 -> 8809.6838 | R39: =K39/O39 -> -84.171021 | S39: =L39/O39 -> 8725.5128 | U39: =IF(D39="H",S39,0) -> 0 | V39: =ROUND(IF(E39=1,S39,0),2) -> 0 | W39: =IF(AND(U39=0,V39=0),S39,) -> 8725.5128
A40: 35 | B40: 4030 | C40: Olympus International Academy | D40: ='4030'!G$135 -> 0 | E40: ='4030'!H$133 | F40: =-K40/I40 -> 0.03907743 | G40: =-K40/J40 -> 0.041115716 | I40: ='4030'!I$128 -> 2725886 | J40: =I40-'4030'!I$53 -> 2590751.9 | K40: ='4030'!I$135 -> -106520.62 | L40: =I40+K40 -> 2619365.4 | M40: ='4030'!I$145 -> 218407.85 | O40: ='4030'!E$30 -> 304.02 | Q40: =I40/O40 -> 8966.1404 | R40: =K40/O40 -> -350.37373 | S40: =L40/O40 -> 8615.7667 | U40: =IF(D40="H",S40,0) -> 0 | V40: =ROUND(IF(E40=1,S40,0),2) -> 0 | W40: =IF(AND(U40=0,V40=0),S40,) -> 8615.7667
A41: 36 | B41: 4031 | C41: Somerset Academy Wellington | D41: ='4031'!G$135 -> 0 | E41: ='4031'!H$133 | F41: =-K41/I41 -> 0.025954394 | G41: =-K41/J41 -> 0.027284236 | I41: ='4031'!I$128 -> 4019129.9 | J41: =I41-'4031'!I$53 -> 3823236.2 | K41: ='4031'!I$135 -> -104314.08 | L41: =I41+K41 -> 3914815.9 | M41: ='4031'!I$145 -> 326575.68 | O41: ='4031'!E$30 -> 458.14 | Q41: =I41/O41 -> 8772.7112 | R41: =K41/O41 -> -227.6904 | S41: =L41/O41 -> 8545.0208 | U41: =IF(D41="H",S41,0) -> 0 | V41: =ROUND(IF(E41=1,S41,0),2) -> 0 | W41: =IF(AND(U41=0,V41=0),S41,) -> 8545.0208
A42: 37 | B42: 4041 | C42: Somerset Academy Boca Middle School | D42: ='4041'!G$135 -> H | E42: ='4041'!H$133 | F42: =-K42/I42 -> 0.019036233 | G42: =-K42/J42 -> 0.020000004 | I42: ='4041'!I$128 -> 791018.89 | J42: =I42-'4041'!I$53 -> 752900.84 | K42: ='4041'!I$135 -> -15058.02 | L42: =I42+K42 -> 775960.87 | M42: ='4041'!I$145 -> 64770.19 | O42: ='4041'!E$30 -> 94.7 | Q42: =I42/O42 -> 8352.8922 | R42: =K42/O42 -> -159.0076 | S42: =L42/O42 -> 8193.8846 | U42: =IF(D42="H",S42,0) -> 8193.8846 | V42: =ROUND(IF(E42=1,S42,0),2) -> 0 | W42: =IF(AND(U42=0,V42=0),S42,) -> 0
A43: 38 | B43: 4050 | C43: Renaissance Charter School at Cypress | D43: ='4050'!G$135 -> 0 | E43: ='4050'!H$133 | F43: =-K43/I43 -> 0.016343925 | G43: =-K43/J43 -> 0.017184966 | I43: ='4050'!I$128 -> 6331350.5 | J43: =I43-'4050'!I$53 -> 6021491.2 | K43: ='4050'!I$135 -> -103479.12 | L43: =I43+K43 -> 6227871.4 | M43: ='4050'!I$145 -> 519597.92 | O43: ='4050'!E$30 -> 727.38 | Q43: =I43/O43 -> 8704.3231 | R43: =K43/O43 -> -142.26281 | S43: =L43/O43 -> 8562.0603 | U43: =IF(D43="H",S43,0) -> 0 | V43: =ROUND(IF(E43=1,S43,0),2) -> 0 | W43: =IF(AND(U43=0,V43=0),S43,) -> 8562.0603
A44: 39 | B44: 4051 | C44: Renaissance Charter School at Central Palm | D44: ='4051'!G$135 -> 0 | E44: ='4051'!H$133 | F44: =-K44/I44 -> 0.015581453 | G44: =-K44/J44 -> 0.0163827 | I44: ='4051'!I$128 -> 6677947.3 | J44: =I44-'4051'!I$53 -> 6351341.5 | K44: ='4051'!I$135 -> -104052.12 | L44: =I44+K44 -> 6573895.2 | M44: ='4051'!I$145 -> 548429.27 | O44: ='4051'!E$30 -> 763 | Q44: =I44/O44 -> 8752.2245 | R44: =K44/O44 -> -136.37237 | S44: =L44/O44 -> 8615.8521 | U44: =IF(D44="H",S44,0) -> 0 | V44: =ROUND(IF(E44=1,S44,0),2) -> 0 | W44: =IF(AND(U44=0,V44=0),S44,) -> 8615.8521
A45: 40 | B45: 4061 | C45: Franklin Academy - Palm Beach Gardens | D45: ='4061'!G$135 -> 0 | E45: ='4061'!H$133 | F45: =-K45/I45 -> 0.012371884 | G45: =-K45/J45 -> 0.012996194 | I45: ='4061'!I$128 -> 8461582.2 | J45: =I45-'4061'!I$53 -> 8055105.2 | K45: ='4061'!I$135 -> -104685.71 | L45: =I45+K45 -> 8356896.5 | M45: ='4061'!I$145 -> 697323.13 | O45: ='4061'!E$30 -> 961.82 | Q45: =I45/O45 -> 8797.4695 | R45: =K45/O45 -> -108.84127 | S45: =L45/O45 -> 8688.6283 | U45: =IF(D45="H",S45,0) -> 0 | V45: =ROUND(IF(E45=1,S45,0),2) -> 0 | W45: =IF(AND(U45=0,V45=0),S45,) -> 8688.6283
A46: 41 | B46: 4080 | C46: University Preparatory Academy | D46: ='4080'!G$135 -> 0 | E46: ='4080'!H$133
A47: 42 | B47: 4081 | C47: Florida Futures Academy - North Campus | D47: ='4081'!G$135 -> 0 | E47: ='4081'!H$133 | F47: =-K47/I47 -> 0.047624134 | G47: =-K47/J47 -> 0.05 | I47: ='4081'!I$128 -> 1065650.2 | J47: =I47-'4081'!I$53 -> 1015013.4 | K47: ='4081'!I$135 -> -50750.67 | L47: =I47+K47 -> 1014899.6 | M47: ='4081'!I$145 -> 84667.61 | O47: ='4081'!E$30 -> 128.28 | Q47: =I47/O47 -> 8307.2205 | R47: =K47/O47 -> -395.62418 | S47: =L47/O47 -> 7911.5963 | U47: =IF(D47="H",S47,0) -> 0 | V47: =ROUND(IF(E47=1,S47,0),2) -> 0 | W47: =IF(AND(U47=0,V47=0),S47,) -> 7911.5963
A48: 43 | B48: 4090 | C48: Sports Leadership Academy (SLAM) | D48: ='4090'!G$135 -> 0 | E48: ='4090'!H$133 | F48: =-K48/I48 -> 0.042764863 | G48: =-K48/J48 -> 0.044960793 | I48: ='4090'!I$128 -> 2320068.2 | J48: =I48-'4090'!I$53 -> 2206753.8 | K48: ='4090'!I$135 -> -99217.4 | L48: =I48+K48 -> 2220850.8 | M48: ='4090'!I$145 -> 185341.43 | O48: ='4090'!E$30 -> 278.02 | Q48: =I48/O48 -> 8344.9689 | R48: =K48/O48 -> -356.87145 | S48: =L48/O48 -> 7988.0974 | U48: =IF(D48="H",S48,0) -> 0 | V48: =ROUND(IF(E48=1,S48,0),2) -> 0 | W48: =IF(AND(U48=0,V48=0),S48,) -> 7988.0974
A49: 44 | B49: 4091 | C49: Somerset Academy Lakes | D49: ='4091'!G$135 -> 0 | E49: ='4091'!H$133 | F49: =-K49/I49 -> 0.029796643 | G49: =-K49/J49 -> 0.031333032 | I49: ='4091'!I$128 -> 3570225.7 | J49: =I49-'4091'!I$53 -> 3395162.7 | K49: ='4091'!I$135 -> -106380.74 | L49: =I49+K49 -> 3463844.9 | M49: ='4091'!I$145 -> 288895.8 | O49: ='4091'!E$30 -> 398.94 | Q49: =I49/O49 -> 8949.2798 | R49: =K49/O49 -> -266.6585 | S49: =L49/O49 -> 8682.6213 | U49: =IF(D49="H",S49,0) -> 0 | V49: =ROUND(IF(E49=1,S49,0),2) -> 0 | W49: =IF(AND(U49=0,V49=0),S49,) -> 8682.6213
A50: 45 | B50: 4100 | C50: Connections Education Center of the PBs | D50: ='4100'!G$135 -> 0 | E50: ='4100'!H$133 -> 1 | F50: =-K50/I50 -> 0.01000549 | G50: =-K50/J50 -> 0.010543585 | I50: ='4100'!I$128 -> 3884034.6 | J50: =I50-'4100'!I$53 -> 3685812 | K50: ='4100'!I$135 -> -38861.67 | L50: =I50+K50 -> 3845173 | M50: ='4100'!I$145 -> 321124.13 | O50: ='4100'!E$30 -> 101 | Q50: =I50/O50 -> 38455.788 | R50: =K50/O50 -> -384.76901 | S50: =L50/O50 -> 38071.019 | U50: =IF(D50="H",S50,0) -> 0 | V50: =ROUND(IF(E50=1,S50,0),2) -> 38071.02 | W50: =IF(AND(U50=0,V50=0),S50,) -> 0
A51: 46 | B51: 4102 | C51: BridgePrep Academy of Palm Beach | D51: ='4102'!G$135 -> 0 | E51: ='4102'!H$133 | F51: =-K51/I51 -> 0.047516148 | G51: =-K51/J51 -> 0.05 | I51: ='4102'!I$128 -> 1227255.2 | J51: =I51-'4102'!I$53 -> 1166288.8 | K51: ='4102'!I$135 -> -58314.44 | L51: =I51+K51 -> 1168940.8 | M51: ='4102'!I$145 -> 97565.26 | O51: ='4102'!E$30 -> 144 | Q51: 0 | R51: 0 | S51: 0 | U51: =IF(D51="H",S51,0) -> 0 | V51: =ROUND(IF(E51=1,S51,0),2) -> 0 | W51: =IF(AND(U51=0,V51=0),S51,) -> 0
A52: 47 | B52: 4103 | C52: SLAM Boca | D52: ='4103'!G$135 -> 0 | E52: ='4103'!H$133 | F52: =IF(I52=0,0,-K52/I52) -> 0.012199623 | G52: =-K52/J52 -> 0.012826301 | I52: ='4103'!I$128 -> 8130367.8 | J52: =I52-'4103'!I$53 -> 7733127.3 | K52: ='4103'!I$135 -> -99187.42 | L52: =I52+K52 -> 8031180.3 | M52: ='4103'!I$145 -> 670046.88 | O52: ='4103'!E$30 -> 974.56 | Q52: =IF(O52=0,0,I52/O52) -> 8342.6036 | R52: =IF(O52=0,0,K52/O52) -> -101.77662 | S52: =IF(O52=0,0,L52/O52) -> 8240.827 | U52: =IF(D52="H",S52,0) -> 0 | V52: =ROUND(IF(E52=1,S52,0),2) -> 0 | W52: =IF(AND(U52=0,V52=0),S52,) -> 8240.827
A53: 48 | B53: 4111 | C53: SLAM HS Palm Beach | D53: ='4111'!G$135 -> 0 | E53: ='4111'!H$133 | F53: =IF(I53=0,0,-K53/I53) -> 0.038711384 | G53: =-K53/J53 -> 0.040711306 | I53: ='4111'!I$128 -> 2527203.1 | J53: =I53-'4111'!I$53 -> 2403055.5 | K53: ='4111'!I$135 -> -97831.53 | L53: =I53+K53 -> 2429371.6 | M53: ='4111'!I$145 -> 202649.33 | O53: ='4111'!E$30 -> 307.04 | Q53: =IF(O53=0,0,I53/O53) -> 8230.8595 | R53: =IF(O53=0,0,K53/O53) -> -318.62796 | S53: =IF(O53=0,0,L53/O53) -> 7912.2316 | U53: =IF(D53="H",S53,0) -> 0 | V53: =ROUND(IF(E53=1,S53,0),2) -> 0 | W53: =IF(AND(U53=0,V53=0),S53,) -> 7912.2316
A54: 49 | B54: 4131 | C54: Somerset Academy Wellington HS | D54: ='4103'!G$135 -> 0 | E54: ='4103'!H$133 | F54: =IF(I54=0,0,-K54/I54) -> 0.047563723 | G54: =-K54/J54 -> 0.050000004 | I54: ='4131'!I$128 -> 843977.03 | J54: =I54-'4131'!I$53 -> 802853.74 | K54: ='4131'!I$135 -> -40142.69 | L54: =I54+K54 -> 803834.34 | M54: ='4131'!I$145 -> 67065.63 | O54: ='4131'!E$30 -> 103.02 | Q54: =IF(O54=0,0,I54/O54) -> 8192.361 | R54: =IF(O54=0,0,K54/O54) -> -389.65919 | S54: =IF(O54=0,0,L54/O54) -> 7802.7018 | U54: =IF(D54="H",S54,0) -> 0 | V54: =ROUND(IF(E54=1,S54,0),2) -> 0 | W54: =IF(AND(U54=0,V54=0),S54,) -> 7802.7018
D56: =COUNTIF(D8:D55,"H") -> 11 | E56: =SUM(E8:E55) -> 9 | F56: =-K56/I56 -> 0.015318794 | G56: =-K56/J56 -> 0.016091338 | I56: =SUM(I6:I55) -> 2.0681496e+08 | J56: =SUM(J6:J55) -> 1.9688578e+08 | K56: =SUM(K6:K55) -> -3168155.8 | L56: =SUM(L6:L55) -> 2.0364681e+08 | M56: =SUM(M6:M55) -> 16991469 | O56: =SUM(O6:O55) -> 21402.56 | Q56: =SUM(Q6:Q55) -> 550532.84 | R56: =K56/O56 -> -148.02696 | S56: =L56/O56 -> 9515.0677 | U56: =AVERAGEIF(U8:U53,"<>0") -> 8506.3909 | V56: =AVERAGEIF(V8:V53,"<>0") -> 26446.58 | W56: =AVERAGEIF(W6:W54,"<>0") -> 9035.9053
O57: =O56-Consolidated!E32 -> 0
C58: Consolidated tab totals | I58: =Consolidated!I129 -> 2.0681496e+08 | J58: =Consolidated!I131 -> 1.9688578e+08 | K58: =Consolidated!I136 -> -3168155.8 | L58: =I58+K58 -> 2.0364681e+08 | M58: =Consolidated!I146 -> 16991469
C60: Difference | I60: =I58-I56 -> 0 | J60: =J58-J56 -> 0 | K60: =K58-K56 -> 0 | L60: =L58-L56 -> 0 | M60: =M58-M56 -> 0
L63: =L60+L58 -> 2.0364681e+08 | M63: Total above
L64: 166059.87 | M64: University Prep 1st payment - closed after that.
L65: =L63+L64 -> 2.0381287e+08 | M65: Ties to Cumulative Payment Tabs- Column D

Sheet Charter Schools
B1: Palm Beach County Charter Schools
B3: Sorted by School Number | E3: Sorted by School Name
B4: Dept # | C4: Charter School Name | E4: Dept # | F4: Charter School Name
A5: 1 | B5: 0040 | C5: PALM BEACH PREPARATORY ACADEMY MS | E5: 3400 | F5: Believers Academy
A6: 2 | B6: 0100 | C6: THE LEARNING CENTER HS | E6: 3941 | F6: Ben Gamla Charter School | I6: 3391 Seagull Academy for Independent Living and 2531 Potentials Charter School merged in FY 25 and changed their name to Bodwell Academy
A7: 3 | B7: 1461 | C7: Inlet Grove Community High School | E7: 4102 | F7: BridgePrep Academy of PB
A8: 4 | B8: 1571 | C8: South Tech Charter Academy | E8: 4100 | F8: Connections Education Center of the Palm Beaches
A9: 5 | B9: 2521 | C9: Ed Venture | E9: 2521 | F9: Ed Venture | I9: 3961 Garden School of Technology is closing for FY 26.
A10: 6 | B10: 2531 | C10: Bodwell Academy (formerly - Potentials Charter School) | E10: 3398 | F10: Everglades Preparatory Academy | I10: 4080 University Prep is closed for FY 26
A11: 7 | B11: 2791 | C11: The Learning Center at The Els Center of Excellence | E11: 4081 | F11: Florida Futures Academy - North Campus | I11: 3362 Somerset Avenir opened FY26
A12: 8 | B12: 2801 | C12: Palm Beach Maritime Academy Elementary | E12: 4020 | F12: Franklin Academy - Boynton Beach
A13: 9 | B13: 2911 | C13: Western Academy Charter School | E13: 4061 | F13: Franklin Academy - Palm Beach Gardens
A14: 10 | B14: 2941 | C14: Palm Beach School for Autism | E14: 3961 | F14: Gardens School of Technology Arts
A15: 11 | B15: 3083 | C15: The Learning Academy at The Els Center of Excellence | E15: 3382 | F15: Glades Academy
A16: 12 | B16: 3345 | C16: Career Academy of the Palm Beaches | E16: 3396 | F16: G-Star School of the Arts for Motion Pictures and Television
A17: 13 | B17: 3362 | C17: Somerset Avenir | E17: 3345 | F17: Career Academy of the Palm Beaches
A18: 14 | B18: 3381 | C18: Imagine Schools - Chancellor Campus | E18: 3381 | F18: Imagine Schools - Chancellor Campus
A19: 15 | B19: 3382 | C19: Glades Academy | E19: 1461 | F19: Inlet Grove Community High School
A20: 16 | B20: 3391 | C20: Seagull Academy for Independent Living | E20: 3394 | F20: Montessori Academy of Early Enrichment
A21: 17 | B21: 3394 | C21: Montessori Academy of Early Enrichment | E21: 4030 | F21: Olympus International Academy
A22: 18 | B22: 3395 | C22: Somerset Academy JFK Charter School | E22: 2801 | F22: Palm Beach Maritime Academy Elementary
A23: 19 | B23: 3396 | C23: G-Star School of the Arts for Motion Pictures and Television | E23: 3924 | F23: Palm Beach Maritime Academy Secondary
A24: 20 | B24: 3398 | C24: Everglades Preparatory Academy | E24: 3971 | F24: Palm Beach Preparatory Charter Academy
A25: 21 | B25: 3400 | C25: Believers Academy | E25: 0040 | F25: PALM BEACH PREPARATORY ACADEMY MS
A26: 22 | B26: 3401 | C26: Quantum High School | E26: 2941 | F26: Palm Beach School for Autism
A27: 23 | B27: 3413 | C27: Somerset Academy Boca | E27: 2531 | F27: Potentials Charter School
A28: 24 | B28: 3421 | C28: Worthington High School | E28: 3401 | F28: Quantum High School
A29: 25 | B29: 3431 | C29: Renaissance Charter School at WPB | E29: 4051 | F29: Renaissance Charter School at Central Palm
... A34: 30 | B34: 3971 | C34: Palm Beach Preparatory Charter Academy | E34: 3391 | F34: Seagull Academy for Independent Living
A35: 31 | B35: 4001 | C35: Renaissance Charter School at Wellington | E35: 4111 | F35: SLAM HS Palm Beach
A36: 32 | B36: 4002 | C36: Renaissance Charter School at Summit | E36: 3362 | F36: Somerset Avenir
A37: 33 | B37: 4012 | C37: Somerset Academy Canyons Middle School | E37: 3413 | F37: Somerset Academy Boca
A38: 34 | B38: 4013 | C38: Somerset Academy Canyons High School | E38: 4041 | F38: Somerset Academy Boca Middle School
A39: 35 | B39: 4020 | C39: Franklin Academy - Boynton Beach | E39: 4013 | F39: Somerset Academy Canyons High School
A40: 36 | B40: 4030 | C40: Olympus International Academy | E40: 4012 | F40: Somerset Academy Canyons Middle School
A41: 37 | B41: 4031 | C41: Somerset Academy Wellington | E41: 3395 | F41: Somerset Academy JFK Charter School
A42: 38 | B42: 4041 | C42: Somerset Academy Boca Middle School | E42: 4091 | F42: Somerset Academy Lakes
A43: 39 | B43: 4050 | C43: Renaissance Charter School at Cypress | E43: 4031 | F43: Somerset Academy Wellington
A44: 40 | B44: 4051 | C44: Renaissance Charter School at Central Palm | E44: 4131 | F44: Somerset Academy Wellington HS
A45: 41 | B45: 4061 | C45: Franklin Academy - Palm Beach Gardens | E45: 1571 | F45: South Tech Charter Academy
A46: 42 | B46: 4080 | C46: University Prep Palm Beach | E46: 3441 | F46: South Tech Preparatory Academy (Middle School)
A47: 43 | B47: 4081 | C47: Florida Futures Academy - North Campus | E47: 4090 | F47: Sports Leadership & Management (SLAM) MS
A48: 44 | B48: 4090 | C48: Sports Leadership & Management (SLAM) MS | E48: 4103 | F48: Sports Leadership Arts Management (SLAM) Acdemy MHS (Boca)
A49: 45 | B49: 4091 | C49: Somerset Academy Lakes | E49: 3083 | F49: The Learning Academy at The Els Center of Excellence
A50: 46 | B50: 4100 | C50: Connections Education Center of the Palm Beaches | E50: 0100 | F50: The Learning Center High School
A51: 47 | B51: 4102 | C51: BridgePrep Academy of PB | E51: 2791 | F51: The Learning Center at The Els Center of Excellence
A52: 48 | B52: 4103 | C52: Sports Leadership Arts Management (SLAM) Acdemy MHS (Boca) | E52: 4080 | F52: University Prep Palm Beach
A53: 49 | B53: 4111 | C53: SLAM HS Palm Beach | E53: 2911 | F53: Western Academy Charter School
A54: 50 | B54: 4131 | C54: Somerset Academy Wellington HS | E54: 3421 | F54: Worthington High School

Sheet Consolidated
B1: (Insert district number in cell A1, enter, then strike F9. Your district data then pulls from Calculation Detail Sheets)
A2: Revenue Estimate Worksheet: All Charter Schools (Consolidated Tab)
A3: ='1461'!A3 -> Based on the FLDOE 2025-26 FEFP Calculation
A4: School District: | C4: Palm Beach | F4: August 2025
A7: ='1461'!A7:I7 -> 1A. 2023-24 FEFP State and Local Funding
B8: Base Student Allocation: | C8: ='1461'!C8 -> 5372.6 | G8: District Cost Differential: | H8: ='1461'!H8 -> 1.0355
G9: Small District Factor: | H9: ='1461'!H9 -> 1
I10: ='1461'!I10 -> 2025-26
C11: ='1461'!C11 -> Oct 2024 | D11: ='1461'!D11 -> Feb 2025 | E11: Total | F11: Program | H11: Weighted FTE | I11: Base Funding
A12: Program | C12: ='1461'!C12 -> FTE | D12: ='1461'!D12 -> FTE | E12: FTE | F12: Cost Factor | H12: (2) x (3) | I12: (WFTE x BSA x CWF x SDF)
A13: (1) | E13: (2) | F13: (3) | H13: (4) | I13: (5)
A14: 101 Basic K-3 | C14: =SUM('0040:4131'!C14) -> 2036.52 | D14: =SUM('0040:4131'!D14) -> 0 | E14: =SUM('0040:4131'!E14) -> 4073.04 | F14: ='1461'!F14:G14 -> 1.108 | H14: =SUM('0040:4131'!H14) -> 4512.9283 | I14: =SUM('0040:4131'!I14) -> 25106897
A15: 111 Basic K-3 with ESE Services | C15: =SUM('0040:4131'!C15) -> 288 | D15: =SUM('0040:4131'!D15) -> 0 | E15: =SUM('0040:4131'!E15) -> 576 | F15: ='1461'!F15:G15 -> 1.108 | H15: =SUM('0040:4131'!H15) -> 638.208 | I15: =SUM('0040:4131'!I15) -> 3550560
A16: 102 Basic 4-8 | C16: =SUM('0040:4131'!C16) -> 3230.28 | D16: =SUM('0040:4131'!D16) -> 0 | E16: =SUM('0040:4131'!E16) -> 6460.56 | F16: ='1461'!F16:G16 -> 1 | H16: =SUM('0040:4131'!H16) -> 6460.56 | I16: =SUM('0040:4131'!I16) -> 35942210
A17: 112 Basic 4-8 with ESE Services | C17: =SUM('0040:4131'!C17) -> 580.06 | D17: =SUM('0040:4131'!D17) -> 0 | E17: =SUM('0040:4131'!E17) -> 1160.12 | F17: ='1461'!F17:G17 -> 1 | H17: =SUM('0040:4131'!H17) -> 1160.12 | I17: =SUM('0040:4131'!I17) -> 6454127.3
A18: 103 Basic 9-12 | C18: =SUM('0040:4131'!C18) -> 2242.3 | D18: =SUM('0040:4131'!D18) -> 0 | E18: =SUM('0040:4131'!E18) -> 4484.6 | F18: ='1461'!F18:G18 -> 0.972 | H18: =SUM('0040:4131'!H18) -> 4359.0313 | I18: =SUM('0040:4131'!I18) -> 24250718
A19: 113 Basic 9-12 with ESE Services | C19: =SUM('0040:4131'!C19) -> 626.99 | D19: =SUM('0040:4131'!D19) -> 0 | E19: =SUM('0040:4131'!E19) -> 1253.98 | F19: ='1461'!F19:G19 -> 0.972 | H19: =SUM('0040:4131'!H19) -> 1218.8686 | I19: =SUM('0040:4131'!I19) -> 6780965
A20: 254 ESE Level 4 (Grade Level PK-3) | C20: =SUM('0040:4131'!C20) -> 91.5 | D20: =SUM('0040:4131'!D20) -> 0 | E20: =SUM('0040:4131'!E20) -> 183 | F20: ='1461'!F20:G20 -> 3.609 | H20: =SUM('0040:4131'!H20) -> 660.447 | I20: =SUM('0040:4131'!I20) -> 3674282.8
A21: 254 ESE Level 4 (Grade Level 4-8) | C21: =SUM('0040:4131'!C21) -> 79 | D21: =SUM('0040:4131'!D21) -> 0 | E21: =SUM('0040:4131'!E21) -> 158 | F21: ='1461'!F21:G21 -> 3.609 | H21: =SUM('0040:4131'!H21) -> 570.222 | I21: =SUM('0040:4131'!I21) -> 3172331.6
A22: 254 ESE Level 4 (Grade Level 9-12) | C22: =SUM('0040:4131'!C22) -> 57.93 | D22: =SUM('0040:4131'!D22) -> 0 | E22: =SUM('0040:4131'!E22) -> 115.86 | F22: ='1461'!F22:G22 -> 3.609 | H22: =SUM('0040:4131'!H22) -> 418.1387 | I22: =SUM('0040:4131'!I22) -> 2326242.5
A23: 255 ESE Level 5 (Grade Level PK-3) | C23: =SUM('0040:4131'!C23) -> 50.5 | D23: =SUM('0040:4131'!D23) -> 0 | E23: =SUM('0040:4131'!E23) -> 101 | F23: ='1461'!F23:G23 -> 6.064 | H23: =SUM('0040:4131'!H23) -> 612.464 | I23: =SUM('0040:4131'!I23) -> 3407337.7
A24: 255 ESE Level 5 (Grade Level 4-8) | C24: =SUM('0040:4131'!C24) -> 50.5 | D24: =SUM('0040:4131'!D24) -> 0 | E24: =SUM('0040:4131'!E24) -> 101 | F24: ='1461'!F24:G24 -> 6.064 | H24: =SUM('0040:4131'!H24) -> 612.464 | I24: =SUM('0040:4131'!I24) -> 3407337.7
A25: 255 ESE Level 5 (Grade Level 9-12) | C25: =SUM('0040:4131'!C25) -> 40 | D25: =SUM('0040:4131'!D25) -> 0 | E25: =SUM('0040:4131'!E25) -> 80 | F25: ='1461'!F25:G25 -> 6.064 | H25: =SUM('0040:4131'!H25) -> 485.12 | I25: =SUM('0040:4131'!I25) -> 2698881.3
... A29: 300 Career Education (Grades 9-12) | C29: =SUM('0040:4131'!C29) -> 287.03 | D29: =SUM('0040:4131'!D29) -> 0 | E29: =SUM('0040:4131'!E29) -> 574.06 | F29: ='1461'!F29:G29 -> 1.081 | H29: =SUM('0040:4131'!H29) -> 620.5587 | I29: =SUM('0040:4131'!I29) -> 3452371.2
A30: Totals non-virtual schools | C30: =SUM(C14:C29) -> 10701.28 | D30: =SUM(D14:D29) -> 0 | E30: =SUM(E14:E29) -> 21402.56 | H30: =SUM(H14:H29) -> 24753.892 | I30: =SUM(I14:I29) -> 1.37714e+08
A31: Virtual schools ($5,476.28/FTE) | C31: =Virtual!E22 -> 0 | D31: =Virtual!E23 -> 0 | E31: =IF(D$30=0,C31*2,C31+D31) -> 0 | F31: 0.7 | H31: =ROUND(E31*F31,4) -> 0 | I31: =Virtual!E28 -> 0
A32: Totals all schools | C32: =SUM(C30:C31) -> 10701.28 | D32: =SUM(D30:D31) -> 0 | E32: =SUM(E30:E31) -> 21402.56 | I32: =SUM(I30:I31) -> 1.37714e+08
A34: Letters in Parentheses Refer to Notes at Bottom of Worksheet:
I36: 2018-19
C37: =C11 -> Oct 2024 | D37: =D11 -> Feb 2025 | E37: Total | I37: Base Funding
A38: Additional FTE (a) | C38: FTE | D38: FTE | E38: FTE | I38: (WFTE x BSA x DCD)
A39: Advanced Placement | C39: =SUM('1461:4111'!C38) -> 0 | D39: =SUM('1461:4111'!D38) -> 0 | E39: =SUM('1461:4111'!E38) -> 0 | I39: =SUM('1461:4111'!I38) -> 0
A40: International Baccalaureate | C40: =SUM('1461:4111'!C39) -> 0 | D40: =SUM('1461:4111'!D39) -> 0 | E40: =SUM('1461:4111'!E39) -> 0 | I40: =SUM('1461:4111'!I39) -> 0
A41: Advanced International Certificate | C41: =SUM('1461:4111'!C40) -> 0 | D41: =SUM('1461:4111'!D40) -> 0 | E41: =SUM('1461:4111'!E40) -> 0 | I41: =SUM('1461:4111'!I40) -> 0
A42: Industry Certified Career Education | C42: =SUM('1461:4111'!C41) -> 0 | D42: =SUM('1461:4111'!D41) -> 0 | E42: =SUM('1461:4111'!E41) -> 0 | I42: =SUM('1461:4111'!I41) -> 0
A43: Early High School Graduation | C43: =SUM('1461:4111'!C42) -> 0 | D43: =SUM('1461:4111'!D42) -> 0 | E43: =SUM('1461:4111'!E42) -> 0 | I43: =SUM('1461:4111'!I42) -> 0
A44: Small District ESE Supplement | C44: =SUM('1461:4111'!C43) -> 0 | D44: =SUM('1461:4111'!D43) -> 0 | E44: =SUM('1461:4111'!E43) -> 0 | I44: =SUM('1461:4111'!I43) -> 0
B45: Total Additional FTE | C45: =SUM(C39:C44) -> 0 | D45: =SUM(D39:D44) -> 0 | E45: =SUM(E39:E44) -> 0 | H45: Additional Base Funds | I45: =SUM(I39:I44) -> 0
B47: Total Funded Weighted FTE | E47: =H30+E45 -> 24753.892 | H47: Total Base Funding | I47: =SUM(I45,I32) -> 1.37714e+08
A50: 1B. Classroom Teacher & Other Instructional Personnel Salary Increase
A51: Maintenance and Growth Portions of the Salary Increase funds are part of the total Base Funding and are not treated as a separate allocation.
A52: Amounts are split out here for informative purposes and for the purposes of providing a total that may be used for calculating the adminstrative fee.
B53: Maintenance Portion (6.67% of Conference Funding) | E53: (g) (k) | F53: =SUM('0040:4131'!F51) -> 1.37714e+08 | G53: x | H53: ='1461'!H51 -> 0.0667 | I53: =SUM('0040:4131'!I51) -> 9185523.9 | K53: =F53*H53 -> 9185523.9
B54: Growth Portion (0.54% of Conference Funding) | E54: (g) (k) | F54: =SUM('0040:4131'!F52) -> 1.37714e+08 | G54: x | H54: ='1461'!H52 -> 0.0054 | I54: =SUM('0040:4131'!I52) -> 743655.58 | K54: =F54*0.0054 -> 743655.61
B55: Total Salary Increase | I55: =SUM(I53:I54) -> 9929179.5
C57: =C11 -> Oct 2024 | D57: =D11 -> Feb 2025 | E57: Total | F57: Grade | G57: Matrix | H57: Guarantee
A58: 2. ESE Guaranteed Allocation: | C58: =C12 -> FTE | D58: =D12 -> FTE | E58: FTE | F58: Level | G58: Level | H58: Per Student
A59: Additional Funding from the ESE Guaranteed Allocation. Enter the FTE from 111,112 and 113 by grade and matrix level. Students who do not have a matrix level should be considered 251. This total should equal all FTE from programs 111, 112 and 113 above. | C59: =SUM('0040:4131'!C57) -> 226 | D59: =SUM('0040:4131'!D57) -> 0 | E59: =SUM('0040:4131'!E57) -> 452 | F59: PK-3 | G59: 251 | H59: ='1461'!H57 -> 1047 | I59: =SUM('0040:4131'!I57) -> 473244
C60: =SUM('0040:4131'!C58) -> 45.5 | D60: =SUM('0040:4131'!D58) -> 0 | E60: =SUM('0040:4131'!E58) -> 91 | F60: PK-3 | G60: 252 | H60: ='1461'!H58 -> 3380 | I60: =SUM('0040:4131'!I58) -> 307580
C61: =SUM('0040:4131'!C59) -> 16.5 | D61: =SUM('0040:4131'!D59) -> 0 | E61: =SUM('0040:4131'!E59) -> 33 | F61: PK-3 | G61: 253 | H61: ='1461'!H59 -> 6896 | I61: =SUM('0040:4131'!I59) -> 227568
C62: =SUM('0040:4131'!C60) -> 504.01 | D62: =SUM('0040:4131'!D60) -> 0 | E62: =SUM('0040:4131'!E60) -> 1008.02 | F62: 4-8 | G62: 251 | H62: ='1461'!H60 -> 1173 | I62: =SUM('0040:4131'!I60) -> 1182407.5
C63: =SUM('0040:4131'!C61) -> 63.05 | D63: =SUM('0040:4131'!D61) -> 0 | E63: =SUM('0040:4131'!E61) -> 126.1 | F63: 4-8 | G63: 252 | H63: ='1461'!H61 -> 3506 | I63: =SUM('0040:4131'!I61) -> 442106.6
C64: =SUM('0040:4131'!C62) -> 13 | D64: =SUM('0040:4131'!D62) -> 0 | E64: =SUM('0040:4131'!E62) -> 26 | F64: 4-8 | G64: 253 | H64: ='1461'!H62 -> 7023 | I64: =SUM('0040:4131'!I62) -> 182598
C65: =SUM('0040:4131'!C63) -> 431.95 | D65: =SUM('0040:4131'!D63) -> 0 | E65: =SUM('0040:4131'!E63) -> 863.9 | F65: 9-12 | G65: 251 | H65: ='1461'!H63 -> 835 | I65: =SUM('0040:4131'!I63) -> 721356.5
C66: =SUM('0040:4131'!C64) -> 80.87 | D66: =SUM('0040:4131'!D64) -> 0 | E66: =SUM('0040:4131'!E64) -> 161.74 | F66: 9-12 | G66: 252 | H66: ='1461'!H64 -> 3168 | I66: =SUM('0040:4131'!I64) -> 512392.32
C67: =SUM('0040:4131'!C65) -> 114.17 | D67: =SUM('0040:4131'!D65) -> 0 | E67: =SUM('0040:4131'!E65) -> 228.34 | F67: 9-12 | G67: 253 | H67: ='1461'!H65 -> 6685 | I67: =SUM('0040:4131'!I65) -> 1526452.9
C68: =SUM(C59:C67) -> 1495.05 | D68: =SUM(D59:D67) -> 0 | E68: =SUM(E59:E67) -> 2990.1 | F68: Total ESE Guarantee | I68: =SUM(I59:I67) -> 5575705.8
A70: 3A. Divide school's Unweighted FTE (UFTE) total computed in Section 1, cell E30 above by the district's total UFTE to obtain school's
A71: UFTE share. CS UFTE: | C71: =SUM('0040:4131'!C69) -> 21402.56 | D71: ÷ District's total UFTE | H71: ='1461'!H69 -> 215320.92
G72: = | H72: =ROUND(C71/H71,6) -> 0.099398
A73: 3B. Divide school's Weighted FTE (WFTE) total computed in Section 1, cell H30 above by the district's total WFTE to obtain school's
A74: WFTE share. CS WFTE: | C74: =SUM('0040:4131'!C72) -> 24753.892 | D74: ÷ District's total WFTE | H74: ='1461'!H72 -> 229051.25
G75: = | H75: =ROUND(C74/H74,6) -> 0.108071
A76: 3C. Divide school's Unweighted FTE (UFTE) total computed in Section 1, cell E30 above by the District's total non-scholarship UFTE to obtain school's
A77: UFTE share. CS UFTE: | C77: =SUM('0040:4131'!C75) -> 21402.56 | D77: ÷ District's total non-scholarship UFTE | H77: ='1461'!H75 -> 186156.17
G78: = | H78: =ROUND(C77/H77,6) -> 0.114971
A79: 3D. Divide school's Unweighted FTE (UFTE) total computed in Section 1, cell E30 above by the District's total non-virtual UFTE to obtain school's
A80: UFTE share. CS UFTE: | C80: =SUM('0040:4131'!C78) -> 21402.56 | D80: ÷ District's total non-virtual UFTE | H80: ='1461'!H78 -> 215016.58
G81: = | H81: =ROUND(C80/H80,6) -> 0.099539
A82: 3E. Divide school's Unweighted FTE (UFTE) total computed in Section 1, cell E30 above by the district's total non-scholarship/virtual UFTE to obtain
A83: school's UFTE share. CS UFTE: | C83: =SUM('0040:4131'!C81) -> 21402.56 | D83: ÷ Dististict's total non-scholarship/virtual UFTE | H83: ='1461'!H81 -> 185851.83
G84: = | H84: =ROUND(C83/H83,6) -> 0.115159
A86: 4. Educational Enrichment Share (Non-virtual UFTE share) | E86: (e) | F86: ='1461'!F85 -> 47290747 | G86: x | H86: =H81 -> 0.099539 | I86: =SUM('0040:4131'!I85) -> 4707273.7 | K86: =F86*H86 -> 4707273.7 | L86: =I86-K86 -> 0.034367
A88: 5. Discretionary Millage Compression Allocation
A89: .748 Mills (UFTE share) | E89: (b) | F89: ='1461'!F88 -> 0 | G89: x | H89: =H72 -> 0.099398 | I89: =SUM('0040:4131'!I88) -> 0
A91: 6. Safe Schools Allocation (Non-scholarship/virtual UFTE share) | E91: (f) | F91: ='1461'!F90 -> 19167881 | G91: x | H91: =H84 -> 0.115159 | I91: =SUM('0040:4131'!I90) -> 2207315.7 | K91: =F91*H91 -> 2207354 | L91: =I91-K91 -> -38.348079
K92: =F92*H92 -> 0 | L92: =I92-K92 -> 0
A93: 7. Mental Health Assistance Allocation (Non-scholarship UFTE share) | E93: (b) | F93: ='1461'!F92 -> 11546889 | G93: x | H93: =H78 -> 0.114971 | I93: =SUM('0040:4131'!I92) -> 1327534.3 | K93: =F93*H93 -> 1327557.4 | L93: =I93-K93 -> -23.105219
K94: =F94*H94 -> 0 | L94: =I94-K94 -> 0
A95: 8. Discretionary Local Effort (WFTE share) | E95: (c) | F95: ='1461'!F94 -> 268816278 | G95: x | H95: =H75 -> 0.108071 | I95: =SUM('0040:4131'!I94) -> 29050706 | K95: =F95*H95 -> 29051244 | L95: =I95-K95 -> -537.64974
I96: =SUM('0040:4131'!I95) -> 0
A97: 9. Proration to Funds Available (WFTE share) | E97: (c) | F97: ='1461'!F96 -> 0 | G97: x | H97: =H75 -> 0.108071 | I97: =SUM('0040:4131'!I96) -> 0
A99: 10. Educational Enrollment Stabilization Program (UFTE Share) | E99: (b) | F99: ='1461'!F98 -> 0 | G99: x | H99: =H72 -> 0.099398 | I99: =SUM('0040:4131'!I98) -> 0
A102: 11. Class Size Reduction Funds:
C103: Weighted FTE | F103: Allocation
C104: (not including Add-On) | E104: X CWF X | F104: Factors
B105: PK - 3 | C105: =SUM('0040:4131'!C104) -> 7739.9148 | D105: =SUM('1461:4131'!D101) -> 0 | E105: ='1461'!E104 -> 1.0355 | F105: ='1461'!F104 -> 958.42 | G105: = | H105: =SUM('0040:4131'!H104) -> 7681431.3
B106: 4-8 | C106: =SUM('0040:4131'!C105) -> 9549.2456 | D106: =SUM('1461:4131'!D102) -> 0 | E106: ='1461'!E105 -> 1.0355 | F106: ='1461'!F105 -> 915.09 | G106: = | H106: =SUM('0040:4131'!H105) -> 9048633
B107: 9-12 | C107: =SUM('0040:4131'!C106) -> 7464.7313 | D107: =SUM('1461:4131'!D103) -> 0 | E107: ='1461'!E106 -> 1.0355 | F107: ='1461'!F106 -> 917.3 | G107: = | H107: =SUM('0040:4131'!H106) -> 7090480.7
B108: Total * | C108: =SUM(C105:C107) -> 24753.892 | H108: Total Class Size Reduction Funds | I108: =SUM('0040:4131'!I107) -> 23820545
A109: (*Total FTE should equal total in Section 1, column (4) and should not include any additional FTE from Section 1.)
A111: 12. Student Transportation | E111: (h)
C112: Oct 2024 | D112: Feb 2025 | E112: Average
C113: FTE | D113: FTE | E113: FTE
A114: All Adjusted Fundable Riders | C114: =SUM('0040:4131'!C113) -> 3861 | D114: =SUM('0040:4131'!D113) -> 3948 | E114: =SUM('0040:4131'!E113) -> 3904.5 | F114: x | G114: ='1461'!G113 -> 617 | I114: =SUM('0040:4131'!I113) -> 2409076.5
A115: All Adjusted ESE Riders (Member Cat L) | C115: =SUM('0040:4131'!C114) -> 2 | D115: =SUM('0040:4131'!D114) -> 1 | E115: =SUM('0040:4131'!E114) -> 1.5 | F115: x | G115: ='1461'!G114 -> 1870 | I115: =SUM('0040:4131'!I114) -> 2805
A118: 12. Federally Connected Student Supplement | E118: (i)
C119: Number of Students | H119: Impact Aide
C120: =C112 -> Oct 2024 | D120: =D112 -> Feb 2025 | E120: Total | F120: Exempt Property | H120: Student
A121: Impact Aid Student Type | C121: FTE | D121: FTE | E121: FTE | F121: Allocation | H121: Allocation | I121: Total
...

Sheet Cumulative Payments
A1: Cumulative Payments
D4: Net Revenue | E4: July | F4: August | G4: Sept | H4: Oct | I4: Nov | J4: Dec | K4: Jan | L4: Feb | M4: March | N4: April | O4: May | P4: June | Q4: Total | R4: Payments excluding current month
A5: 1 | B5: 0040 | C5: Palm Beach Preparatory Middle School | D5: 298028.78 | E5: 24451.48 | F5: 24870.66 | Q5: =SUM(E5:P5) -> 49322.14 | R5: 0
A6: 2 | B6: 0100 | C6: The Learning Center Highschool | D6: 267259.57 | E6: 22293.06 | F6: 22269.68 | Q6: =SUM(E6:P6) -> 44562.74 | R6: 0
A7: 3 | B7: 1461 | C7: Inlet Grove Community High School | D7: 5905730.7 | E7: 485398.34 | F7: 492757.49 | Q7: =SUM(E7:P7) -> 978155.83 | R7: 0
A8: 4 | B8: 1571 | C8: South Tech Charter Academy | D8: 9687740 | E8: 795164.86 | F8: 808415.92 | Q8: =SUM(E8:P8) -> 1603580.8 | R8: 0
A9: 5 | B9: 2521 | C9: Ed Venture | D9: 1350384.3 | E9: 112200.54 | F9: 112562.16 | Q9: =SUM(E9:P9) -> 224762.7 | R9: 0
A10: 6 | B10: 2531 | C10: Bodwell Academy | D10: 1583711.7 | E10: 128465.38 | F10: 132295.12 | Q10: =SUM(E10:P10) -> 260760.5 | R10: 0
A11: 7 | B11: 2791 | C11: The Learning Center @ The Els Center of Excl | D11: 5346468.2 | E11: 440248.86 | F11: 446019.94 | Q11: =SUM(E11:P11) -> 886268.8 | R11: 0
A12: 8 | B12: 2801 | C12: Palm Beach Maritime Academy Elementary | D12: 5255370.8 | E12: 433777.9 | F12: 438326.62 | Q12: =SUM(E12:P12) -> 872104.52 | R12: 0
A13: 9 | B13: 2911 | C13: Western Academy Charter School | D13: 6152950.2 | E13: 505265.93 | F13: 513425.85 | Q13: =SUM(E13:P13) -> 1018691.8 | R13: 0
A14: 10 | B14: 2941 | C14: Palm Beach School for Autism | D14: 10423410 | E14: 858865.25 | F14: 869504.11 | Q14: =SUM(E14:P14) -> 1728369.4 | R14: 0
A15: 11 | B15: 3083 | C15: The Learning Academy @ The Els Center of Excl | D15: 5952516.4 | E15: 484859.99 | F15: 497059.68 | Q15: =SUM(E15:P15) -> 981919.67 | R15: 0
A16: 12 | B16: 3345 | C16: Career Academy of the Palm Beaches | D16: 1095429.9 | E16: 90419.86 | F16: 91364.55 | Q16: =SUM(E16:P16) -> 181784.41 | R16: 0
... A18: 14 | B18: 3382 | C18: Glades Academy | D18: 2427071.4 | E18: 199480.37 | F18: 202508.28 | Q18: =SUM(E18:P18) -> 401988.65 | R18: 0
A19: 15 | B19: 3391 | C19: Seagull Academy for Independent Living | D19: 0 | F19: 0 | Q19: =SUM(E19:P19) -> 0 | R19: 0
A20: 16 | B20: 3394 | C20: Montessori Academy of Early Enrichment | D20: 1653077.9 | E20: 136646.84 | F20: 137857.37 | Q20: =SUM(E20:P20) -> 274504.21 | R20: 0
A21: 17 | B21: 3395 | C21: Somerset Academy Charter School | D21: 4417918.6 | E21: 363962.87 | F21: 368541.43 | Q21: =SUM(E21:P21) -> 732504.3 | R21: 0
A22: 18 | B22: 3396 | C22: G-Star School of the Arts | D22: 5867214.7 | E22: 481353.82 | F22: 489623.72 | Q22: =SUM(E22:P22) -> 970977.54 | R22: 0
A23: 19 | B23: 3398 | C23: Everglades Preparatory Academy | D23: 919769.33 | E23: 75370.15 | F23: 76763.56 | Q23: =SUM(E23:P23) -> 152133.71 | R23: 0
A24: 20 | B24: 3400 | C24: Believers Academy | D24: 1132579.8 | E24: 93540.76 | F24: 94458.1 | Q24: =SUM(E24:P24) -> 187998.86 | R24: 0
A25: 21 | B25: 3401 | C25: Quantum High School | D25: 3550532.2 | E25: 291401.55 | F25: 296284.6 | Q25: =SUM(E25:P25) -> 587686.15 | R25: 0
A26: 22 | B26: 3413 | C26: Somerset Academy Boca | D26: 3434816.5 | E26: 282765.64 | F26: 286550.08 | Q26: =SUM(E26:P26) -> 569315.72 | R26: 0
A27: 23 | B27: 3421 | C27: Worthington High School | D27: 3841654.3 | E27: 318686.65 | F27: 320269.78 | Q27: =SUM(E27:P27) -> 638956.43 | R27: 0
A28: 24 | B28: 3431 | C28: Renaissance Charter School at WPB | D28: 8841825.3 | E28: 727291.13 | F28: 737684.93 | Q28: =SUM(E28:P28) -> 1464976.1 | R28: 0
A29: 25 | B29: 3441 | C29: South Tech Preparatory Academy (MS) | D29: 4458303.8 | E29: 365051.77 | F29: 372113.82 | Q29: =SUM(E29:P29) -> 737165.59 | R29: 0
A30: 26 | B30: 3924 | C30: Palm Beach Maritime Academy Secondary | D30: 3693471.1 | E30: 303122.37 | F30: 308213.52 | Q30: =SUM(E30:P30) -> 611335.89 | R30: 0
A31: 27 | B31: 3941 | C31: Ben Gamla Charter School | D31: 2020244.6 | E31: 166503.7 | F31: 168521.9 | Q31: =SUM(E31:P31) -> 335025.6 | R31: 0
A32: 28 | B32: 3961 | C32: Gardens School of Technology Arts | D32: 0 | F32: 0 | Q32: =SUM(E32:P32) -> 0 | R32: 0
A33: 29 | B33: 3971 | C33: Palm Beach Perparatory Charter Academy | D33: 5099211.8 | E33: 418200.93 | F33: 425546.45 | Q33: =SUM(E33:P33) -> 843747.38 | R33: 0
A34: 30 | B34: 4001 | C34: Renaissance Charter School at Wellington | D34: 5914578.1 | E34: 486040.8 | F34: 493503.39 | Q34: =SUM(E34:P34) -> 979544.19 | R34: 0
A35: 31 | B35: 4002 | C35: Renaissance Charter School at Summit | D35: 8574250.8 | E35: 707326.89 | F35: 715174.9 | Q35: =SUM(E35:P35) -> 1422501.8 | R35: 0
A36: 32 | B36: 4012 | C36: Somerset Academy Canyons Middle School | D36: 4904770.5 | E36: 401311.12 | F36: 409405.4 | Q36: =SUM(E36:P36) -> 810716.52 | R36: 0
A37: 33 | B37: 4013 | C37: Somerset Academy Canyons High School | D37: 8119848.9 | E37: 667648.91 | F37: 677472.72 | Q37: =SUM(E37:P37) -> 1345121.6 | R37: 0
A38: 34 | B38: 4020 | C38: Franklin Academy - Boynton Beach | D38: 10867277 | E38: 892802.19 | F38: 906770.45 | Q38: =SUM(E38:P38) -> 1799572.6 | R38: 0
A39: 35 | B39: 4030 | C39: Olympus International Academy | D39: 2619365.4 | E39: 216879.02 | F39: 218407.85 | Q39: =SUM(E39:P39) -> 435286.87 | R39: 0
A40: 36 | B40: 4031 | C40: Somerset Academy Wellington | D40: 3914815.9 | E40: 322483.34 | F40: 326575.68 | Q40: =SUM(E40:P40) -> 649059.02 | R40: 0
A41: 37 | B41: 4041 | C41: Somerset Academy Boca Middle School | D41: 775960.87 | E41: 63488.77 | F41: 64770.19 | Q41: =SUM(E41:P41) -> 128258.96 | R41: 0
A42: 38 | B42: 4050 | C42: Renaissance Charter School at Cypress | D42: 6227871.4 | E42: 512294.34 | F42: 519597.92 | Q42: =SUM(E42:P42) -> 1031892.3 | R42: 0
A43: 39 | B43: 4051 | C43: Renaissance Charter School at Central Palm | D43: 6573895.2 | E43: 541173.16 | F43: 548429.27 | Q43: =SUM(E43:P43) -> 1089602.4 | R43: 0
A44: 40 | B44: 4061 | C44: Franklin Academy - Palm Beach Gardens | D44: 8356896.5 | E44: 686342 | F44: 697323.13 | Q44: =SUM(E44:P44) -> 1383665.1 | R44: 0
A45: 41 | B45: 4080 | C45: University Preparatory Academy | D45: 166059.87 | E45: 166059.87 | F45: 0 | Q45: =SUM(E45:P45) -> 166059.87 | R45: 0
A46: 42 | B46: 4081 | C46: Florida Futures Academy - North Campus | D46: 1014899.6 | E46: 83555.86 | F46: 84667.61 | Q46: =SUM(E46:P46) -> 168223.47 | R46: 0
... A53: 49 | B53: 4131 | C53: Somerset Academy Wellington HS | D53: 803834.34 | E53: 66112.4 | F53: 67065.63 | Q53: =SUM(E53:P53) -> 133178.03 | R53: 0
R54: =SUM(E54:E54) -> 0
D55: =SUM(D5:D54) -> 2.0381287e+08 | E55: =SUM(E5:E54) -> 16906713 | F55: =SUM(F5:F54) -> 16991469 | G55: =SUM(G7:G54) -> 0 | H55: =SUM(H5:H54) -> 0 | I55: =SUM(I5:I54) -> 0 | J55: =SUM(J5:J54) -> 0 | K55: =SUM(K5:K54) -> 0 | L55: =SUM(L5:L54) -> 0 | M55: =SUM(M5:M54) -> 0 | N55: =SUM(N5:N54) -> 0 | O55: =SUM(O5:O54) -> 0 | ... Q55: =SUM(Q5:Q54) -> 33898182 | R55: =SUM(E55:E55) -> 16906713
C57: Related to first payment (July 2025) to 4080 University Prep | I57: Net Revenue | J57: ='Annual Rev & Fees'!L63 -> 2.0364681e+08
I58: Net Revenue - Previous Pmts | J58: =D55-E55 -> 1.8690615e+08
I59: Calculated Current Payment | J59: =J58/11 -> 16991469
I60: Actual Current Payment | J60: =F55 -> 16991469
J61: =J59-J60 -> 0.030545462 | K61: rounding diff
N67: *Use this for each tab in worksheet, current month is excluded for calc.
D69: Net Revenue | E69: July | F69: August | G69: Sept | H69: Oct | I69: Nov | J69: Dec | K69: Jan | L69: Feb | M69: March | N69: April | O69: May | P69: June | Q69: Total | R69: Payments excluding current month
A70: 1 | B70: 0040 | C70: Palm Beach Preparatory Middle School | D70: 298028.78 | E70: 24451.48 | Q70: =SUM(E70:P70) -> 24451.48 | R70: =SUM(E70:E70) -> 24451.48
A71: 2 | B71: 0100 | C71: The Learning Center Highschool | D71: 267259.57 | E71: 22293.06 | Q71: =SUM(E71:P71) -> 22293.06 | R71: =SUM(E71:E71) -> 22293.06
A72: 3 | B72: 1461 | C72: Inlet Grove Community High School | D72: 5905730.7 | E72: 485398.34 | Q72: =SUM(E72:P72) -> 485398.34 | R72: =SUM(E72:E72) -> 485398.34
A73: 4 | B73: 1571 | C73: South Tech Charter Academy | D73: 9687740 | E73: 795164.86 | Q73: =SUM(E73:P73) -> 795164.86 | R73: =SUM(E73:E73) -> 795164.86
A74: 5 | B74: 2521 | C74: Ed Venture | D74: 1350384.3 | E74: 112200.54 | Q74: =SUM(E74:P74) -> 112200.54 | R74: =SUM(E74:E74) -> 112200.54
A75: 6 | B75: 2531 | C75: Potentials Charter School | D75: 1583711.7 | E75: 128465.38 | Q75: =SUM(E75:P75) -> 128465.38 | R75: =SUM(E75:E75) -> 128465.38
A76: 7 | B76: 2791 | C76: The Learning Center @ The Els Center of Excl | D76: 5346468.2 | E76: 440248.86 | Q76: =SUM(E76:P76) -> 440248.86 | R76: =SUM(E76:E76) -> 440248.86
A77: 8 | B77: 2801 | C77: Palm Beach Maritime Academy Elementary | D77: 5255370.8 | E77: 433777.9 | Q77: =SUM(E77:P77) -> 433777.9 | R77: =SUM(E77:E77) -> 433777.9
A78: 9 | B78: 2911 | C78: Western Academy Charter School | D78: 6152950.2 | E78: 505265.93 | Q78: =SUM(E78:P78) -> 505265.93 | R78: =SUM(E78:E78) -> 505265.93
A79: 10 | B79: 2941 | C79: Palm Beach School for Autism | D79: 10423112 | E79: 858865.25 | Q79: =SUM(E79:P79) -> 858865.25 | R79: =SUM(E79:E79) -> 858865.25
A80: 11 | B80: 3083 | C80: The Learning Academy @ The Els Center of Excl | D80: 5952516.4 | E80: 484859.99 | Q80: =SUM(E80:P80) -> 484859.99 | R80: =SUM(E80:E80) -> 484859.99
A81: 12 | B81: 3345 | C81: Career Academy of the Palm Beaches | D81: 1095429.9 | E81: 90419.86 | Q81: =SUM(E81:P81) -> 90419.86 | R81: =SUM(E81:E81) -> 90419.86
... A83: 14 | B83: 3382 | C83: Glades Academy | D83: 2427071.4 | E83: 199480.37 | Q83: =SUM(E83:P83) -> 199480.37 | R83: =SUM(E83:E83) -> 199480.37
A84: 15 | B84: 3391 | C84: Seagull Academy for Independent Living | D84: 0 | Q84: =SUM(E84:P84) -> 0 | R84: =SUM(E84:E84) -> 0
A85: 16 | B85: 3394 | C85: Montessori Academy of Early Enrichment | D85: 1653077.9 | E85: 136646.84 | Q85: =SUM(E85:P85) -> 136646.84 | R85: =SUM(E85:E85) -> 136646.84
A86: 17 | B86: 3395 | C86: Somerset Academy Charter School | D86: 4417918.6 | E86: 363962.87 | Q86: =SUM(E86:P86) -> 363962.87 | R86: =SUM(E86:E86) -> 363962.87
A87: 18 | B87: 3396 | C87: G-Star School of the Arts | D87: 5867214.7 | E87: 481353.82 | Q87: =SUM(E87:P87) -> 481353.82 | R87: =SUM(E87:E87) -> 481353.82
A88: 19 | B88: 3398 | C88: Everglades Preparatory Academy | D88: 919769.33 | E88: 75370.15 | Q88: =SUM(E88:P88) -> 75370.15 | R88: =SUM(E88:E88) -> 75370.15
A89: 20 | B89: 3400 | C89: Believers Academy | D89: 1132579.8 | E89: 93540.76 | Q89: =SUM(E89:P89) -> 93540.76 | R89: =SUM(E89:E89) -> 93540.76
A90: 21 | B90: 3401 | C90: Quantum High School | D90: 3550532.2 | E90: 291401.55 | Q90: =SUM(E90:P90) -> 291401.55 | R90: =SUM(E90:E90) -> 291401.55
A91: 22 | B91: 3413 | C91: Somerset Academy Boca | D91: 3434816.5 | E91: 282765.64 | Q91: =SUM(E91:P91) -> 282765.64 | R91: =SUM(E91:E91) -> 282765.64
A92: 23 | B92: 3421 | C92: Worthington High School | D92: 3841654.3 | E92: 318686.65 | Q92: =SUM(E92:P92) -> 318686.65 | R92: =SUM(E92:E92) -> 318686.65
A93: 24 | B93: 3431 | C93: Renaissance Charter School at WPB | D93: 8841825.3 | E93: 727291.13 | Q93: =SUM(E93:P93) -> 727291.13 | R93: =SUM(E93:E93) -> 727291.13
A94: 25 | B94: 3441 | C94: South Tech Preparatory Academy (MS) | D94: 4458303.8 | E94: 365051.77 | Q94: =SUM(E94:P94) -> 365051.77 | R94: =SUM(E94:E94) -> 365051.77
A95: 26 | B95: 3924 | C95: Palm Beach Maritime Academy Secondary | D95: 3693471.1 | E95: 303122.37 | Q95: =SUM(E95:P95) -> 303122.37 | R95: =SUM(E95:E95) -> 303122.37
A96: 27 | B96: 3941 | C96: Ben Gamla Charter School | D96: 2020244.6 | E96: 166503.7 | Q96: =SUM(E96:P96) -> 166503.7 | R96: =SUM(E96:E96) -> 166503.7
A97: 28 | B97: 3961 | C97: Gardens School of Technology Arts | D97: 0 | Q97: =SUM(E97:P97) -> 0
A98: 29 | B98: 3971 | C98: Palm Beach Perparatory Charter Academy | D98: 5099211.8 | E98: 418200.93 | Q98: =SUM(E98:P98) -> 418200.93 | R98: =SUM(E98:E98) -> 418200.93
A99: 30 | B99: 4001 | C99: Renaissance Charter School at Wellington | D99: 5914578.1 | E99: 486040.8 | Q99: =SUM(E99:P99) -> 486040.8 | R99: =SUM(E99:E99) -> 486040.8
A100: 31 | B100: 4002 | C100: Renaissance Charter School at Summit | D100: 8574250.8 | E100: 707326.89 | Q100: =SUM(E100:P100) -> 707326.89 | R100: =SUM(E100:E100) -> 707326.89
A101: 32 | B101: 4012 | C101: Somerset Academy Canyons Middle School | D101: 4904770.5 | E101: 401311.12 | Q101: =SUM(E101:P101) -> 401311.12 | R101: =SUM(E101:E101) -> 401311.12
A102: 33 | B102: 4013 | C102: Somerset Academy Canyons High School | D102: 8119848.9 | E102: 667648.91 | Q102: =SUM(E102:P102) -> 667648.91 | R102: =SUM(E102:E102) -> 667648.91
A103: 34 | B103: 4020 | C103: Franklin Academy - Boynton Beach | D103: 10867277 | E103: 892802.19 | Q103: =SUM(E103:P103) -> 892802.19 | R103: =SUM(E103:E103) -> 892802.19
A104: 35 | B104: 4030 | C104: Olympus International Academy | D104: 2619365.4 | E104: 216879.02 | Q104: =SUM(E104:P104) -> 216879.02 | R104: =SUM(E104:E104) -> 216879.02
A105: 36 | B105: 4031 | C105: Somerset Academy Wellington | D105: 3914815.9 | E105: 322483.34 | Q105: =SUM(E105:P105) -> 322483.34 | R105: =SUM(E105:E105) -> 322483.34
A106: 37 | B106: 4041 | C106: Somerset Academy Boca Middle School | D106: 775960.87 | E106: 63488.77 | Q106: =SUM(E106:P106) -> 63488.77 | R106: =SUM(E106:E106) -> 63488.77
A107: 38 | B107: 4050 | C107: Renaissance Charter School at Cypress | D107: 6227871.4 | E107: 512294.34 | Q107: =SUM(E107:P107) -> 512294.34 | R107: =SUM(E107:E107) -> 512294.34
A108: 39 | B108: 4051 | C108: Renaissance Charter School at Central Palm | D108: 6573895.2 | E108: 541173.16 | Q108: =SUM(E108:P108) -> 541173.16 | R108: =SUM(E108:E108) -> 541173.16
A109: 40 | B109: 4061 | C109: Franklin Academy - Palm Beach Gardens | D109: 8356896.5 | E109: 686342 | Q109: =SUM(E109:P109) -> 686342 | R109: =SUM(E109:E109) -> 686342
A110: 41 | B110: 4080 | C110: University Preparatory Academy | D110: 166059.87 | E110: 166059.87 | Q110: =SUM(E110:P110) -> 166059.87 | R110: =SUM(E110:E110) -> 166059.87
A111: 42 | B111: 4081 | C111: Florida Futures Academy - North Campus | D111: 1014899.6 | E111: 83555.86 | Q111: =SUM(E111:P111) -> 83555.86 | R111: =SUM(E111:E111) -> 83555.86
... A114: 45 | B114: 4100 | C114: Connections Education Center of the PBs | D114: 3845173 | E114: 312807.54 | Q114: =SUM(E114:P114) -> 312807.54 | R114: =SUM(E114:E114) -> 312807.54
A115: 46 | B115: 4102 | C115: BridgePrep Academy of Palm Beach | D115: 1168940.8 | E115: 95722.88 | F115: 0 | G115: 0 | H115: 0 | I115: 0 | J115: 0 | K115: 0 | L115: 0 | O115: 0 | P115: 0 | Q115: =SUM(E115:P115) -> 95722.88 | R115: =SUM(E115:E115) -> 95722.88
A116: 47 | B116: 4103 | C116: SLAM Boca | D116: 8031180.3 | E116: 660664.69 | Q116: =SUM(E116:P116) -> 660664.69 | R116: =SUM(E116:P116) -> 660664.69
A117: 48 | B117: 4111 | C117: SLAM HS Palm Beach | D117: 2429371.6 | E117: 200228.99 | Q117: =SUM(E117:P117) -> 200228.99 | R117: =SUM(E117:P117) -> 200228.99
A118: 49 | B118: 4131 | C118: Somerset Academy Wellington HS | D118: 803834.34 | E118: 66112.4 | Q118: =SUM(E118:P118) -> 66112.4 | R118: =SUM(E118:P118) -> 66112.4
D122: =SUM(D70:D119) -> 2.0381257e+08 | E122: =SUM(E70:E119) -> 16906713 | F122: =SUM(F72:F119) -> 0 | G122: =SUM(G72:G119) -> 0 | H122: =SUM(H70:H119) -> 0 | I122: =SUM(I70:I119) -> 0 | J122: =SUM(J72:J119) -> 0 | K122: =SUM(K72:K119) -> 0 | L122: =SUM(L70:L119) -> 0 | M122: =SUM(M70:M119) -> 0 | N122: =SUM(N70:N119) -> 0 | O122: =SUM(O70:O119) -> 0 | P122: =SUM(P70:P119) -> 0 | Q122: =SUM(Q70:Q119) -> 16906713 | R122: =SUM(R70:R119) -> 16906713
...

Sheet 0040
A1: 50 | B1: (Insert district number in cell A1, enter, then strike F9. Your district data then pulls from Calculation Detail Sheets) | N1: =A1 -> 50 | O1: (Insert district number in cell A1, enter, then strike F9. Your district data then pulls from Calculation Detail Sheets)
A2: Revenue Estimate Worksheet: Palm Beach Preparatory Middle School 0040 | N2: Revenue Estimate Worksheet for___________Charter School
A3: ='1461'!A3 -> Based on the FLDOE 2025-26 FEFP Calculation | N3: =A3 -> Based on the FLDOE 2025-26 FEFP Calculation
A4: School District: | C4: Palm Beach | F4: ='1461'!F4 -> August 2025 | N4: School District: | P4: =C4 -> Palm Beach
A7: 1A. 2023-24 FEFP State and Local Funding | N7: =A7 -> 1A. 2023-24 FEFP State and Local Funding
B8: Base Student Allocation: | C8: 5372.6 | G8: Comparable Wage Factor: | H8: ='1461'!H8 -> 1.0355 | N8: Base Student Allocation | P8: =C8 -> 5372.6 | R8: Comparable Wage Factor: | T8: =H8 -> 1.0355
G9: Small District Factor: | H9: ='1461'!H9 -> 1 | R9: Small District Factor: | T9: =H9 -> 1
I10: 2025-26 | U10: =I10 -> 2025-26
C11: Oct 2024 | D11: Feb 2025 | E11: Total | F11: Program | H11: Weighted FTE | I11: Base Funding | R11: Program | T11: Weighted FTE | U11: Base Funding
A12: Program | C12: FTE | D12: FTE | E12: FTE | F12: Cost Factor | H12: (2) x (3) | I12: (WFTE x BSA x CWF x SDF) | N12: Program | P12: Number of FTE | R12: Cost Factor | T12: (2) x (3) | U12: =I12 -> (WFTE x BSA x CWF x SDF)
A13: (1) | E13: (2) | F13: (3) | H13: (4) | I13: (5) | N13: (1) | P13: (2) | R13: (3) | T13: (4) | U13: (5)
A14: 101 Basic K-3 | D14: 0 | E14: =IF(D$30=0,C14*2,C14+D14) -> 0 | F14: 1.108 | H14: =ROUND(E14*F14,4) -> 0 | I14: =ROUND(ROUND(ROUND(H14*$C$8,4)*($H$8),2)*(MAX($H$9,1)),2) -> 0 | N14: 101 Basic K-3 | P14: =IF($H$133=1,E14,0) -> 0 | R14: 1 | T14: =ROUND(P14*R14,4) -> 0 | U14: =ROUND(ROUND(ROUND(T14*$C$8,4)*($H$8),2)*(MAX($H$9,1)),2) -> 0
A15: 111 Basic K-3 with ESE Services | D15: 0 | E15: =IF(D$30=0,C15*2,C15+D15) -> 0 | F15: 1.108 | H15: =ROUND(E15*F15,4) -> 0 | I15: =ROUND(ROUND(ROUND(H15*$C$8,4)*($H$8),2)*(MAX($H$9,1)),2) -> 0 | J15: =IF(ROUND(E15,2)=ROUND(SUM(E57:E59),2)," ","CHECK PK-3 LINES BELOW") | N15: 111 Basic K-3 with ESE Services | P15: =IF($H$133=1,E15,0) -> 0 | R15: 1 | T15: =ROUND(P15*R15,4) -> 0 | U15: =ROUND(ROUND(ROUND(T15*$C$8,4)*($H$8),2)*(MAX($H$9,1)),2) -> 0
A16: 102 Basic 4-8 | C16: 10.5 | D16: 0 | E16: =IF(D$30=0,C16*2,C16+D16) -> 21 | F16: 1 | H16: =ROUND(E16*F16,4) -> 21 | I16: =ROUND(ROUND(ROUND(H16*$C$8,4)*($H$8),2)*(MAX($H$9,1)),2) -> 116829.87 | N16: 102 Basic 4-8 | P16: =IF($H$133=1,E16,0) -> 0 | R16: 1 | T16: =ROUND(P16*R16,4) -> 0 | U16: =ROUND(ROUND(ROUND(T16*$C$8,4)*($H$8),2)*(MAX($H$9,1)),2) -> 0
A17: 112 Basic 4-8 with ESE Services | C17: 5 | D17: 0 | E17: =IF(D$30=0,C17*2,C17+D17) -> 10 | F17: 1 | H17: =ROUND(E17*F17,4) -> 10 | I17: =ROUND(ROUND(ROUND(H17*$C$8,4)*($H$8),2)*(MAX($H$9,1)),2) -> 55633.27 | J17: =IF(ROUND(E17,2)=ROUND(SUM(E60:E62),2)," ","CHECK 4-8 LINES BELOW") | N17: 112 Basic 4-8 with ESE Services | P17: =IF($H$133=1,E17,0) -> 0 | R17: 1 | T17: =ROUND(P17*R17,4) -> 0 | U17: =ROUND(ROUND(ROUND(T17*$C$8,4)*($H$8),2)*(MAX($H$9,1)),2) -> 0
A18: 103 Basic 9-12 | D18: 0 | E18: =IF(D$30=0,C18*2,C18+D18) -> 0 | F18: 0.972 | H18: =ROUND(E18*F18,4) -> 0 | I18: =ROUND(ROUND(ROUND(H18*$C$8,4)*($H$8),2)*(MAX($H$9,1)),2) -> 0 | N18: 103 Basic 9-12 | P18: =IF($H$133=1,E18,0) -> 0 | R18: 1 | T18: =ROUND(P18*R18,4) -> 0 | U18: =ROUND(ROUND(ROUND(T18*$C$8,4)*($H$8),2)*(MAX($H$9,1)),2) -> 0
A19: 113 Basic 9-12 with ESE Services | D19: 0 | E19: =IF(D$30=0,C19*2,C19+D19) -> 0 | F19: 0.972 | H19: =ROUND(E19*F19,4) -> 0 | I19: =ROUND(ROUND(ROUND(H19*$C$8,4)*($H$8),2)*(MAX($H$9,1)),2) -> 0 | J19: =IF(ROUND(E19,2)=ROUND(SUM(E63:E65),2)," ","CHECK 4-8 LINES BELOW") | N19: 113 Basic 9-12 with ESE Services | P19: =IF($H$133=1,E19,0) -> 0 | R19: 1 | T19: =ROUND(P19*R19,4) -> 0 | U19: =ROUND(ROUND(ROUND(T19*$C$8,4)*($H$8),2)*(MAX($H$9,1)),2) -> 0
A20: 254 ESE Level 4 (Grade Level PK-3) | D20: 0 | E20: =IF(D$30=0,C20*2,C20+D20) -> 0 | F20: 3.609 | H20: =ROUND(E20*F20,4) -> 0 | I20: =ROUND(ROUND(ROUND(H20*$C$8,4)*($H$8),2)*(MAX($H$9,1)),2) -> 0 | N20: 254 ESE Level 4 (Grade Level PK-3) | P20: =IF($H$133=1,E20,0) -> 0 | R20: 1 | T20: =ROUND(P20*R20,4) -> 0 | U20: =ROUND(ROUND(ROUND(T20*$C$8,4)*($H$8),2)*(MAX($H$9,1)),2) -> 0
A21: 254 ESE Level 4 (Grade Level 4-8) | D21: 0 | E21: =IF(D$30=0,C21*2,C21+D21) -> 0 | F21: 3.609 | H21: =ROUND(E21*F21,4) -> 0 | I21: =ROUND(ROUND(ROUND(H21*$C$8,4)*($H$8),2)*(MAX($H$9,1)),2) -> 0 | N21: 254 ESE Level 4 (Grade Level 4-8) | P21: =IF($H$133=1,E21,0) -> 0 | R21: 1 | T21: =ROUND(P21*R21,4) -> 0 | U21: =ROUND(ROUND(ROUND(T21*$C$8,4)*($H$8),2)*(MAX($H$9,1)),2) -> 0
A22: 254 ESE Level 4 (Grade Level 9-12) | E22: =IF(D$30=0,C22*2,C22+D22) -> 0 | F22: 3.609 | H22: =ROUND(E22*F22,4) -> 0 | I22: =ROUND(ROUND(ROUND(H22*$C$8,4)*($H$8),2)*(MAX($H$9,1)),2) -> 0 | N22: 254 ESE Level 4 (Grade Level 9-12) | P22: =IF($H$133=1,E22,0) -> 0 | R22: 1 | T22: =ROUND(P22*R22,4) -> 0 | U22: =ROUND(ROUND(ROUND(T22*$C$8,4)*($H$8),2)*(MAX($H$9,1)),2) -> 0
A23: 255 ESE Level 5 (Grade Level PK-3) | D23: 0 | E23: =IF(D$30=0,C23*2,C23+D23) -> 0 | F23: 6.064 | H23: =ROUND(E23*F23,4) -> 0 | I23: =ROUND(ROUND(ROUND(H23*$C$8,4)*($H$8),2)*(MAX($H$9,1)),2) -> 0 | N23: 255 ESE Level 5 (Grade Level PK-3) | P23: =IF($H$133=1,E23,0) -> 0 | R23: 1 | T23: =ROUND(P23*R23,4) -> 0 | U23: =ROUND(ROUND(ROUND(T23*$C$8,4)*($H$8),2)*(MAX($H$9,1)),2) -> 0
A24: 255 ESE Level 5 (Grade Level 4-8) | D24: 0 | E24: =IF(D$30=0,C24*2,C24+D24) -> 0 | F24: 6.064 | H24: =ROUND(E24*F24,4) -> 0 | I24: =ROUND(ROUND(ROUND(H24*$C$8,4)*($H$8),2)*(MAX($H$9,1)),2) -> 0 | N24: 255 ESE Level 5 (Grade Level 4-8) | P24: =IF($H$133=1,E24,0) -> 0 | R24: 1 | T24: =ROUND(P24*R24,4) -> 0 | U24: =ROUND(ROUND(ROUND(T24*$C$8,4)*($H$8),2)*(MAX($H$9,1)),2) -> 0
A25: 255 ESE Level 5 (Grade Level 9-12) | E25: =IF(D$30=0,C25*2,C25+D25) -> 0 | F25: 6.064 | H25: =ROUND(E25*F25,4) -> 0 | I25: =ROUND(ROUND(ROUND(H25*$C$8,4)*($H$8),2)*(MAX($H$9,1)),2) -> 0 | N25: 255 ESE Level 5 (Grade Level 9-12) | P25: =IF($H$133=1,E25,0) -> 0 | R25: 1 | T25: =ROUND(P25*R25,4) -> 0 | U25: =ROUND(ROUND(ROUND(T25*$C$8,4)*($H$8),2)*(MAX($H$9,1)),2) -> 0
A26: 130 ESOL (Grade Level PK-3) | D26: 0 | E26: =IF(D$30=0,C26*2,C26+D26) -> 0 | F26: 1.165 | H26: =ROUND(E26*F26,4) -> 0 | I26: =ROUND(ROUND(ROUND(H26*$C$8,4)*($H$8),2)*(MAX($H$9,1)),2) -> 0 | N26: 130 ESOL (Grade Level PK-3) | P26: =IF($H$133=1,E26,0) -> 0 | R26: 1 | T26: =ROUND(P26*R26,4) -> 0 | U26: =ROUND(ROUND(ROUND(T26*$C$8,4)*($H$8),2)*(MAX($H$9,1)),2) -> 0
A27: 130 ESOL (Grade Level 4-8) | C27: 2.5 | D27: 0 | E27: =IF(D$30=0,C27*2,C27+D27) -> 5 | F27: 1.165 | H27: =ROUND(E27*F27,4) -> 5.825 | I27: =ROUND(ROUND(ROUND(H27*$C$8,4)*($H$8),2)*(MAX($H$9,1)),2) -> 32406.38 | N27: 130 ESOL (Grade Level 4-8) | P27: =IF($H$133=1,E27,0) -> 0 | R27: 1 | T27: =ROUND(P27*R27,4) -> 0 | U27: =ROUND(ROUND(ROUND(T27*$C$8,4)*($H$8),2)*(MAX($H$9,1)),2) -> 0
A28: 130 ESOL (Grade Level 9-12) | D28: 0 | E28: =IF(D$30=0,C28*2,C28+D28) -> 0 | F28: 1.165 | H28: =ROUND(E28*F28,4) -> 0 | I28: =ROUND(ROUND(ROUND(H28*$C$8,4)*($H$8),2)*(MAX($H$9,1)),2) -> 0 | N28: 130 ESOL (Grade Level 9-12) | P28: =IF($H$133=1,E28,0) -> 0 | R28: 1 | T28: =ROUND(P28*R28,4) -> 0 | U28: =ROUND(ROUND(ROUND(T28*$C$8,4)*($H$8),2)*(MAX($H$9,1)),2) -> 0
A29: 300 Career Education (Grades 9-12) | D29: 0 | E29: =IF(D$30=0,C29*2,C29+D29) -> 0 | F29: 1.081 | H29: =ROUND(E29*F29,4) -> 0 | I29: =ROUND(ROUND(ROUND(H29*$C$8,4)*($H$8),2)*(MAX($H$9,1)),2) -> 0 | N29: 300 Career Education (Grades 9-12) | P29: =IF($H$133=1,E29,0) -> 0 | R29: 1 | T29: =ROUND(P29*R29,4) -> 0 | U29: =ROUND(ROUND(ROUND(T29*$C$8,4)*($H$8),2)*(MAX($H$9,1)),2) -> 0
A30: Totals | C30: =SUM(C14:C29) -> 18 | D30: =SUM(D14:D29) -> 0 | E30: =SUM(E14:E29) -> 36 | H30: =SUM(H14:H29) -> 36.825 | I30: =SUM(I14:I29) -> 204869.52 | N30: Totals | P30: =SUM(P14:P29) -> 0 | T30: =SUM(T14:T29) -> 0 | U30: =SUM(U14:U29) -> 0
A32: Letters in Parentheses Refer to Notes at Bottom of Worksheet
F34: Charter schools should contact their school district sponsor regarding eligible FTE. Please note that “Number of FTE” is NOT equivalent to number of students enrolled in these courses or programs. Please refer to footnote (a) below.
I35: =I10 -> 2025-26 | N35: Letters Refer to Notes At Bottom: | U35: =I35 -> 2025-26
C36: Projected | E36: Total | I36: Base Funding | U36: Base Funding
A37: Additional FTE (a) | C37: FTE | E37: FTE | I37: (WFTE x BSA x CWF x SDF) | N37: Additional FTE (a) | P37: Number of FTE | U37: =I37 -> (WFTE x BSA x CWF x SDF)
A38: Advanced Placement | C38: 0 | D38: 0 | E38: =IF(D$44=0,C38*2,C38+D38) -> 0 | I38: =ROUND(ROUND(ROUND(E38*$C$8,4)*($H$8),2)*(MAX($H$9,1)),2) -> 0 | N38: Advanced Placement | P38: =IF($H$133=1,E38,0) -> 0 | U38: =ROUND(ROUND(ROUND(P38*$C$8,4)*($H$8),2)*(MAX($H$9,1)),2) -> 0
A39: International Baccalaureate | C39: 0 | D39: 0 | E39: =IF(D$44=0,C39*2,C39+D39) -> 0 | I39: =ROUND(ROUND(ROUND(E39*$C$8,4)*($H$8),2)*(MAX($H$9,1)),2) -> 0 | N39: International Baccalaureate | P39: =IF($H$133=1,E39,0) -> 0 | U39: =ROUND(ROUND(ROUND(P39*$C$8,4)*($H$8),2)*(MAX($H$9,1)),2) -> 0
A40: Advanced International Certificate | C40: 0 | D40: 0 | E40: =IF(D$44=0,C40*2,C40+D40) -> 0 | I40: =ROUND(ROUND(ROUND(E40*$C$8,4)*($H$8),2)*(MAX($H$9,1)),2) -> 0 | N40: Advanced International Certificate | P40: =IF($H$133=1,E40,0) -> 0 | U40: =ROUND(ROUND(ROUND(P40*$C$8,4)*($H$8),2)*(MAX($H$9,1)),2) -> 0
A41: Industry Certified Career Education | C41: 0 | D41: 0 | E41: =IF(D$44=0,C41*2,C41+D41) -> 0 | I41: =ROUND(ROUND(ROUND(E41*$C$8,4)*($H$8),2)*(MAX($H$9,1)),2) -> 0 | N41: Industry Certified Career Education | P41: =IF($H$133=1,E41,0) -> 0 | U41: =ROUND(ROUND(ROUND(P41*$C$8,4)*($H$8),2)*(MAX($H$9,1)),2) -> 0
A42: Early High School Graduation | C42: 0 | D42: 0 | E42: =IF(D$44=0,C42*2,C42+D42) -> 0 | I42: =ROUND(ROUND(ROUND(E42*$C$8,4)*($H$8),2)*(MAX($H$9,1)),2) -> 0 | N42: Early High School Graduation | P42: =IF($H$133=1,E42,0) -> 0 | U42: =ROUND(ROUND(ROUND(P42*$C$8,4)*($H$8),2)*(MAX($H$9,1)),2) -> 0
A43: Small District ESE Supplement | C43: 0 | D43: 0 | E43: =IF(D$44=0,C43*2,C43+D43) -> 0 | I43: =ROUND(ROUND(ROUND(E43*$C$8,4)*($H$8),2)*(MAX($H$9,1)),2) -> 0 | N43: Small District ESE Supplement | P43: =IF($H$133=1,E43,0) -> 0 | U43: =ROUND(ROUND(ROUND(P43*$C$8,4)*($H$8),2)*(MAX($H$9,1)),2) -> 0
B44: Total Additional FTE | C44: =SUM(C38:C43) -> 0 | D44: =SUM(D38:D43) -> 0 | E44: =SUM(E38:E43) -> 0 | H44: Additional Base Funds | I44: =SUM(I38:I43) -> 0 | N44: Total Additional FTE | R44: =SUM(P38:R43) -> 0 | S44: Additional Base Funds | U44: =SUM(U38:U43) -> 0
B46: Total Funded Weighted FTE | E46: =H30+E44 -> 36.825 | H46: Total Base Funding | I46: =SUM(I44,I30) -> 204869.52 | N46: Total Funded Weighted FTE | R46: =R44+T30 -> 0 | S46: Total Base Funding | U46: =SUM(U44,U30) -> 0
A48: 1B. Classroom Teacher & Other Instructional Personnel Salary Increase | N48: 1B. Classroom Teacher & Other Instructional Personnel Salary Increase
A49: Maintenance and Growth Portions of the Salary Increase funds are part of the total Base Funding and are not treated as a separate allocation. | N49: Maintenance and Growth Portions of the Salary Increase funds are part of the total Base Funding and are not treated as a separate allocation.
A50: Amounts are split out here for informative purposes and for the purposes of providing a total that may be used for calculating the adminstrative fee. | N50: Amounts are split out here for informative purposes and for the purposes of providing a total that may be used for calculating the adminstrative fee.
B51: Maintenance Portion (6.67% of Conference Funding) | E51: (g) (k) | F51: 204869.52 | G51: x | H51: 0.0667 | I51: =ROUND(F51*H51,2) -> 13664.8 | O51: Maintenance Portion (6.67% of Conference Funding) | Q51: (g) (k) | R51: =U30 -> 0 | S51: x | T51: 0.0667 | U51: =ROUND(R51*T51,2) -> 0
B52: Growth Portion (0.54% of Conference Funding) | E52: (g) (k) | F52: 204869.52 | G52: x | H52: 0.0054 | I52: =ROUND(F52*H52,2) -> 1106.3 | O52: Growth Portion (0.54% of Conference Funding) | Q52: (g) (k) | R52: =U30 -> 0 | S52: x | T52: 0.0054 | U52: =ROUND(R52*T52,2) -> 0
B53: Total Salary Increase | I53: =SUM(I51:I52) -> 14771.1 | O53: Total Salary Increase | U53: =SUM(U51:U52) -> 0
C55: Oct 2024 | D55: Feb 2025 | E55: Total | F55: Grade | G55: Matrix | H55: Guarantee | S55: Matrix | T55: Guarantee
A56: 2. ESE Guaranteed Allocation: | C56: FTE | D56: FTE | E56: FTE | F56: Level | G56: Level | H56: Per Student | N56: 2. ESE Guaranteed Allocation: | P56: FTE | R56: Grade Level | S56: Level | T56: Per Student
A57: Additional Funding from the ESE Guaranteed Allocation. Enter the FTE from 111,112 and 113 by grade and matrix level. Students who do not have a matrix level should be considered 251. This total should equal all FTE from programs 111, 112 and 113 above, less any 113 gifted FTE. | C57: 0 | D57: 0 | E57: =IF(D$72=0,C57*2,C57+D57) -> 0 | F57: PK-3 | G57: 251 | H57: 1047 | I57: =ROUND(E57*H57,2) -> 0 | N57: Additional Funding from the ESE Guaranteed Allocation. Enter the FTE from 111,112 and 113 by grade and matrix level. Students who do not have a matrix level should be considered 251. This total should equal all FTE from programs 111, 112 and 113 above. | R57: PK-3 | S57: 251 | T57: =H57 -> 1047 | U57: =ROUND(P57*T57,2) -> 0
C58: 0 | D58: 0 | E58: =IF(D$72=0,C58*2,C58+D58) -> 0 | F58: PK-3 | G58: 252 | H58: 3380 | I58: =ROUND(E58*H58,2) -> 0 | R58: PK-3 | S58: 252 | T58: =H58 -> 3380 | U58: =ROUND(P58*T58,2) -> 0
C59: 0 | D59: 0 | E59: =IF(D$72=0,C59*2,C59+D59) -> 0 | F59: PK-3 | G59: 253 | H59: 6896 | I59: =ROUND(E59*H59,2) -> 0 | R59: PK-3 | S59: 253 | T59: =H59 -> 6896 | U59: =ROUND(P59*T59,2) -> 0
C60: 5 | D60: 0 | E60: =IF(D$66=0,C60*2,C60+D60) -> 10 | F60: 4-8 | G60: 251 | H60: 1173 | I60: =ROUND(E60*H60,2) -> 11730 | R60: 4-8 | S60: 251 | T60: =H60 -> 1173 | U60: =ROUND(P60*T60,2) -> 0
C61: 0 | D61: 0 | E61: =IF(D$66=0,C61*2,C61+D61) -> 0 | F61: 4-8 | G61: 252 | H61: 3506 | I61: =ROUND(E61*H61,2) -> 0 | R61: 4-8 | S61: 252 | T61: =H61 -> 3506 | U61: =ROUND(P61*T61,2) -> 0
C62: 0 | D62: 0 | E62: =IF(D$66=0,C62*2,C62+D62) -> 0 | F62: 4-8 | G62: 253 | H62: 7023 | I62: =ROUND(E62*H62,2) -> 0 | R62: 4-8 | S62: 253 | T62: =H62 -> 7023 | U62: =ROUND(P62*T62,2) -> 0
C63: 0 | D63: 0 | E63: =IF(D$66=0,C63*2,C63+D63) -> 0 | F63: 9-12 | G63: 251 | H63: 835 | I63: =ROUND(E63*H63,2) -> 0 | R63: 9-12 | S63: 251 | T63: =H63 -> 835 | U63: =ROUND(P63*T63,2) -> 0
C64: 0 | D64: 0 | E64: =IF(D$66=0,C64*2,C64+D64) -> 0 | F64: 9-12 | G64: 252 | H64: 3168 | I64: =ROUND(E64*H64,2) -> 0 | R64: 9-12 | S64: 252 | T64: =H64 -> 3168 | U64: =ROUND(P64*T64,2) -> 0
C65: 0 | D65: 0 | E65: =IF(D$66=0,C65*2,C65+D65) -> 0 | F65: 9-12 | G65: 253 | H65: 6685 | I65: =ROUND(E65*H65,2) -> 0 | R65: 9-12 | S65: 253 | T65: =H65 -> 6685 | U65: =ROUND(P65*T65,2) -> 0
C66: =SUM(C57:C65) -> 5 | D66: =SUM(D57:D65) -> 0 | E66: =SUM(E57:E65) -> 10 | F66: Total ESE Guarantee | I66: =SUM(I57:I65) -> 11730 | P66: =SUM(P57:P65) -> 0 | R66: Total ESE Guarantee | U66: =SUM(U57:U65) -> 0
A68: 3A. Divide school's Unweighted FTE (UFTE) total computed in Section 1, cell E30 above by the district's total UFTE to obtain school's | N68: 3A. Divide school's Unweighted FTE (UFTE) total computed in Section 1, cell E30 above by the District's total UFTE to obtain
A69: UFTE share. CS UFTE: | C69: =E30 -> 36 | D69: ÷ District's total UFTE | H69: 215320.92 | N69: school's UFTE share. CS UFTE: | P69: =P30 -> 0 | Q69: / District's total UFTE: | T69: =H69 -> 215320.92
G70: = | H70: =ROUND(C69/H69,6) -> 0.000167 | T70: =ROUND(P69/T69,6) -> 0
A71: 3B. Divide school's Weighted FTE (WFTE) total computed in Section 1, cell H30 above by the district's total WFTE to obtain school's | N71: 3B. Divide school's Weighted FTE (WFTE) total computed in Section 1, cell H30 above by the District's total WFTE to obtain
A72: WFTE share. CS WFTE: | C72: =H30 -> 36.825 | D72: ÷ District's total WFTE | H72: 229051.25 | N72: school's WFTE share. CS WFTE: | P72: =T30 -> 0 | Q72: / District's total WFTE: | T72: =H72 -> 229051.25
G73: = | H73: =ROUND(C72/H72,6) -> 0.000161 | T73: =ROUND(P72/T72,6) -> 0
A74: 3C. Divide school's Unweighted FTE (UFTE) total computed in Section 1, cell E30 above by the District's total non-scholarship UFTE to obtain school's | N74: 3C. Divide school's Unweighted FTE (UFTE) total computed in Section 1, cell E30 above by the District's total non-scholarship UFTE to obtain
A75: UFTE share. CS UFTE: | C75: =E30 -> 36 | D75: ÷ District's total non-scholarship UFTE | H75: 186156.17 | N75: school's UFTE share. CS UFTE: | P75: =P30 -> 0 | Q75: / District's total non-scholarship UFTE: | T75: =H75 -> 186156.17
G76: = | H76: =ROUND(C75/H75,6) -> 0.000193 | T76: =ROUND(P75/T75,6) -> 0
A77: 3D. Divide school's Unweighted FTE (UFTE) total computed in Section 1, cell E30 above by the District's total non-virtual UFTE to obtain school's | N77: 3D. Divide school's Unweighted FTE (UFTE) total computed in Section 1, cell E30 above by the District's total non-virtual UFTE to obtain
A78: UFTE share. CS UFTE: | C78: =E30 -> 36 | D78: ÷ District's total non-virtual UFTE | H78: 215016.58 | N78: school's UFTE share. CS UFTE: | P78: =P30 -> 0 | Q78: / by district's total non-virtual UFTE: | T78: =H78 -> 215016.58
G79: = | H79: =ROUND(C78/H78,6) -> 0.000167 | T79: =ROUND(P78/T78,6) -> 0
A80: 3E. Divide school's Unweighted FTE (UFTE) total computed in Section 1, cell E30 above by the district's total non-scholarship/virtual UFTE to obtain | N80: 3E. Divide school's Unweighted FTE (UFTE) total computed in Section 1, cell E30 above by the District's total non-scholarship/virtual UFTE to
A81: school's UFTE share. CS UFTE: | C81: =E30 -> 36 | D81: ÷ Dististict's total non-scholarship/virtual UFTE | H81: 185851.83 | N81: obtain school's UFTE share. CS UFTE: | P81: =P30 -> 0 | Q81: / Dist total non-scholarship/virtual UFTE: | T81: =H81 -> 185851.83
G82: = | H82: =ROUND(C81/H81,6) -> 0.000194 | T82: =ROUND(P81/T81,6) -> 0
A85: 4. Educational Enrichment Share (Non-virtual UFTE share) | E85: (e) | F85: 47290747 | G85: x | H85: =H79 -> 0.000167 | I85: =ROUND(F85*H85,2) -> 7897.55 | N85: 4. Educational Enrichment Share (Non-virtual UFTE share) | R85: =F85 -> 47290747 | S85: x | T85: =T79 -> 0 | U85: =ROUND(R85*T85,2) -> 0
A87: 5. Discretionary Millage Compression Allocation | N87: 5. Discretionary Millage Compression Allocation (UFTE share)
A88: .748 Mills (UFTE share) | E88: (b) | F88: 0 | G88: x | H88: =H70 -> 0.000167 | I88: =ROUND(F88*H88,2) -> 0 | N88: .748 Mills (UFTE share) | R88: =F88 -> 0 | S88: x | T88: =T70 -> 0 | U88: =ROUND(R88*T88,2) -> 0
A90: 6. Safe Schools Allocation (Non-scholarship/virtual UFTE share) | E90: (f) | F90: 19167881 | G90: x | H90: =H82 -> 0.000194 | I90: =ROUND(F90*H90,2) -> 3718.57 | N90: 6. Safe Schools Allocation (Non-scholarship/virtual UFTE share) | R90: =F90 -> 19167881 | S90: x | T90: =T82 -> 0 | U90: =ROUND(R90*T90,2) -> 0
A92: 7. Mental Health Assistance Allocation (Non-scholarship UFTE share) | E92: (d) | F92: 11546889 | G92: x | H92: =H76 -> 0.000193 | I92: =ROUND(F92*H92,2) -> 2228.55 | N92: 7. Mental Health Assistance Allocation (Non-scholarship UFTE share) | R92: =F92 -> 11546889 | S92: x | T92: =T76 -> 0 | U92: =ROUND(R92*T92,2) -> 0
A94: 8. Discretionary Local Effort (WFTE share) | E94: (c) | F94: 268816278 | G94: x | H94: =H73 -> 0.000161 | I94: =ROUND(F94*H94,2) -> 43279.42 | N94: 8. Discretionary Local Effort (WFTE share) | R94: =F94 -> 268816278 | S94: x | T94: =T73 -> 0 | U94: =ROUND(R94*T94,2) -> 0
A96: 9. Proration to Funds Available (WFTE share) | E96: (c) | F96: 0 | G96: x | H96: =H73 -> 0.000161 | I96: =ROUND(F96*H96,2) -> 0 | N96: 9. Proration to Funds Available (WFTE share) | R96: =F96 -> 0 | S96: x | T96: =T73 -> 0 | U96: =ROUND(R96*T96,2) -> 0
A98: 10. Educational Enrollment Stabilization Program (UFTE Share) | E98: (b) | F98: 0 | G98: x | H98: =H70 -> 0.000167 | I98: =ROUND(F98*H98,2) -> 0 | N98: 10. Educational Enrollment Stabilization Program (UFTE Share) | R98: =F98 -> 0 | S98: x | T98: =T70 -> 0 | U98: =ROUND(R98*T98,2) -> 0
A101: 11. Class Size Reduction Funds: | N101: 11. Class Size Reduction Funds:
C102: Weighted FTE | F102: Allocation
C103: (not including Add-On) | E103: X CWF X | F103: Factors | N103: Weighted FTE (not including Add-On) | P103: X CWF X | R103: Allocation factors
B104: PK - 3 | C104: =H14+H15+H20+H23+H26 -> 0 | E104: =H8 -> 1.0355 | F104: 958.42 | G104: = | H104: =ROUND(C104*E104*F104,2) -> 0 | N104: PK - 3 | O104: =T14+T15+T20+T23+T26 -> 0 | P104: =T8 -> 1.0355 | R104: =F104 -> 958.42 | S104: = | T104: =ROUND(O104*P104*R104,2) -> 0
B105: 4-8 | C105: =H16+H17+H21+H24+H27 -> 36.825 | E105: =H8 -> 1.0355 | F105: 915.09 | G105: = | H105: =ROUND(C105*E105*F105,2) -> 34894.47 | N105: 4-8 | O105: =T16+T17+T21+T24+T27 -> 0 | P105: =T8 -> 1.0355 | R105: =F105 -> 915.09 | S105: = | T105: =ROUND(O105*P105*R105,2) -> 0
B106: 9-12 | C106: =H18+H19+H22+H25+H28+H29 -> 0 | E106: =H8 -> 1.0355 | F106: 917.3 | G106: = | H106: =ROUND(C106*E106*F106,2) -> 0 | N106: 9-12 | O106: =T18+T19+T22+T25+T28+T29 -> 0 | P106: =T8 -> 1.0355 | R106: =F106 -> 917.3 | S106: = | T106: =ROUND(O106*P106*R106,2) -> 0
B107: Total * | C107: =SUM(C104:C106) -> 36.825 | H107: Total Class Size Reduction Funds | I107: =IF(A1=75,0,H106+H105+H104) -> 34894.47 | N107: Total * | O107: =SUM(O104:O106) -> 0 | P107: Total Class Size Reduction Funds | U107: =IF(N1=75,0,T106+T105+T104) -> 0
A108: (*Total FTE should equal total in Section 1, column (4) and should not include any additional FTE from Section 1.) | N108: (*Total FTE should equal total in Section 1, column (4) and should not include any additional FTE from Section 1.)
A110: 12. Student Transportation | E110: (h) | N110: 12. Student Transportation
C111: Oct 2024 | D111: Feb 2025 | E111: Average
C112: FTE | D112: FTE | E112: FTE
A113: All Adjusted Fundable Riders | C113: 7 | D113: 7 | E113: =(C113+D113)/2 -> 7 | F113: x | G113: 617 | I113: =ROUND(G113*E113,2) -> 4319 | N113: Enter All Adjusted Fundable Riders | P113: =IF(H133=1,E113,0) -> 0 | S113: x | T113: =G113 -> 617 | U113: =ROUND(T113*P113,2) -> 0
A114: All Adjusted ESE Riders (Member Cat L) | C114: 0 | D114: 0 | E114: =(C114+D114)/2 -> 0 | F114: x | G114: 1870 | I114: =ROUND(G114*E114,2) -> 0 | N114: Enter All Adjusted ESE Riders | S114: x | T114: =G114 -> 1870 | U114: =ROUND(T114*P114,2) -> 0
A117: 13. Federally Connected Student Supplement | E117: (i) | N117: 13. Federally Connected Student Supplement (i)
C118: Number of Students | H118: Impact Aide
C119: Oct 2018 | D119: Feb 2018 | E119: Total | F119: Exempt Property | H119: Student
A120: Impact Aid Student Type | C120: FTE | D120: FTE | E120: FTE | F120: Allocation | H120: Allocation | I120: Total | N120: Impact Aide Student Type | P120: Number of Students | R120: Exempt Property Allocation | T120: Impact Aide Student Allocation | U120: Total
A121: Military and Indian Lands | C121: 0 | D121: 0 | E121: =IF(D30=0,C121*2,C121+D121) -> 0 | F121: 0 | H121: =IF(C121=0,0,125) -> 0 | I121: =ROUND((H121+F121)*E121,2) -> 0 | N121: Military and Indian Lands | P121: =IF(H$133=1,C121,0) -> 0 | R121: =F121 -> 0 | T121: =H121 -> 0 | U121: =ROUND((T121+R121)*P121,0) -> 0
...

Sheet 0100
A1: 50 | B1: (Insert district number in cell A1, enter, then strike F9. Your district data then pulls from Calculation Detail Sheets) | N1: =A1 -> 50 | O1: (Insert district number in cell A1, enter, then strike F9. Your district data then pulls from Calculation Detail Sheets)
A2: Revenue Estimate Worksheet: The Learning Center Highschool | N2: Revenue Estimate Worksheet for___________Charter School
A3: ='1461'!A3 -> Based on the FLDOE 2025-26 FEFP Calculation | N3: =A3 -> Based on the FLDOE 2025-26 FEFP Calculation
A4: School District: | C4: Palm Beach | F4: ='1461'!F4 -> August 2025 | N4: School District: | P4: =C4 -> Palm Beach
A7: 1A. 2023-24 FEFP State and Local Funding | N7: =A7 -> 1A. 2023-24 FEFP State and Local Funding
B8: Base Student Allocation: | C8: 5372.6 | G8: Comparable Wage Factor: | H8: ='1461'!H8 -> 1.0355 | N8: Base Student Allocation | P8: =C8 -> 5372.6 | R8: Comparable Wage Factor: | T8: =H8 -> 1.0355
G9: Small District Factor: | H9: ='1461'!H9 -> 1 | R9: Small District Factor: | T9: =H9 -> 1
I10: 2025-26 | U10: =I10 -> 2025-26
C11: Oct 2024 | D11: Feb 2025 | E11: Total | F11: Program | H11: Weighted FTE | I11: Base Funding | R11: Program | T11: Weighted FTE | U11: Base Funding
A12: Program | C12: FTE | D12: FTE | E12: FTE | F12: Cost Factor | H12: (2) x (3) | I12: (WFTE x BSA x CWF x SDF) | N12: Program | P12: Number of FTE | R12: Cost Factor | T12: (2) x (3) | U12: =I12 -> (WFTE x BSA x CWF x SDF)
A13: (1) | E13: (2) | F13: (3) | H13: (4) | I13: (5) | N13: (1) | P13: (2) | R13: (3) | T13: (4) | U13: (5)
A14: 101 Basic K-3 | C14: 0 | D14: 0 | E14: =IF(D$30=0,C14*2,C14+D14) -> 0 | F14: 1.108 | H14: =ROUND(E14*F14,4) -> 0 | I14: =ROUND(ROUND(ROUND(H14*$C$8,4)*($H$8),2)*(MAX($H$9,1)),2) -> 0 | N14: 101 Basic K-3 | P14: =IF($H$133=1,E14,0) -> 0 | R14: 1 | T14: =ROUND(P14*R14,4) -> 0 | U14: =ROUND(ROUND(ROUND(T14*$C$8,4)*($H$8),2)*(MAX($H$9,1)),2) -> 0
A15: 111 Basic K-3 with ESE Services | C15: 0 | D15: 0 | E15: =IF(D$30=0,C15*2,C15+D15) -> 0 | F15: 1.108 | H15: =ROUND(E15*F15,4) -> 0 | I15: =ROUND(ROUND(ROUND(H15*$C$8,4)*($H$8),2)*(MAX($H$9,1)),2) -> 0 | J15: =IF(ROUND(E15,2)=ROUND(SUM(E57:E59),2)," ","CHECK PK-3 LINES BELOW") | N15: 111 Basic K-3 with ESE Services | P15: =IF($H$133=1,E15,0) -> 0 | R15: 1 | T15: =ROUND(P15*R15,4) -> 0 | U15: =ROUND(ROUND(ROUND(T15*$C$8,4)*($H$8),2)*(MAX($H$9,1)),2) -> 0
A16: 102 Basic 4-8 | C16: 0 | D16: 0 | E16: =IF(D$30=0,C16*2,C16+D16) -> 0 | F16: 1 | H16: =ROUND(E16*F16,4) -> 0 | I16: =ROUND(ROUND(ROUND(H16*$C$8,4)*($H$8),2)*(MAX($H$9,1)),2) -> 0 | N16: 102 Basic 4-8 | P16: =IF($H$133=1,E16,0) -> 0 | R16: 1 | T16: =ROUND(P16*R16,4) -> 0 | U16: =ROUND(ROUND(ROUND(T16*$C$8,4)*($H$8),2)*(MAX($H$9,1)),2) -> 0
A17: 112 Basic 4-8 with ESE Services | C17: 0 | D17: 0 | E17: =IF(D$30=0,C17*2,C17+D17) -> 0 | F17: 1 | H17: =ROUND(E17*F17,4) -> 0 | I17: =ROUND(ROUND(ROUND(H17*$C$8,4)*($H$8),2)*(MAX($H$9,1)),2) -> 0 | J17: =IF(ROUND(E17,2)=ROUND(SUM(E60:E62),2)," ","CHECK 4-8 LINES BELOW") | N17: 112 Basic 4-8 with ESE Services | P17: =IF($H$133=1,E17,0) -> 0 | R17: 1 | T17: =ROUND(P17*R17,4) -> 0 | U17: =ROUND(ROUND(ROUND(T17*$C$8,4)*($H$8),2)*(MAX($H$9,1)),2) -> 0
A18: 103 Basic 9-12 | C18: 0 | D18: 0 | E18: =IF(D$30=0,C18*2,C18+D18) -> 0 | F18: 0.972 | H18: =ROUND(E18*F18,4) -> 0 | I18: =ROUND(ROUND(ROUND(H18*$C$8,4)*($H$8),2)*(MAX($H$9,1)),2) -> 0 | N18: 103 Basic 9-12 | P18: =IF($H$133=1,E18,0) -> 0 | R18: 1 | T18: =ROUND(P18*R18,4) -> 0 | U18: =ROUND(ROUND(ROUND(T18*$C$8,4)*($H$8),2)*(MAX($H$9,1)),2) -> 0
A19: 113 Basic 9-12 with ESE Services | C19: 1 | D19: 0 | E19: =IF(D$30=0,C19*2,C19+D19) -> 2 | F19: 0.972 | H19: =ROUND(E19*F19,4) -> 1.944 | I19: =ROUND(ROUND(ROUND(H19*$C$8,4)*($H$8),2)*(MAX($H$9,1)),2) -> 10815.11 | J19: =IF(ROUND(E19,2)=ROUND(SUM(E63:E65),2)," ","CHECK 4-8 LINES BELOW") | N19: 113 Basic 9-12 with ESE Services | P19: =IF($H$133=1,E19,0) -> 2 | R19: 1 | T19: =ROUND(P19*R19,4) -> 2 | U19: =ROUND(ROUND(ROUND(T19*$C$8,4)*($H$8),2)*(MAX($H$9,1)),2) -> 11126.65
A20: 254 ESE Level 4 (Grade Level PK-3) | C20: 3.5 | D20: 0 | E20: =IF(D$30=0,C20*2,C20+D20) -> 7 | F20: 3.609 | H20: =ROUND(E20*F20,4) -> 25.263 | I20: =ROUND(ROUND(ROUND(H20*$C$8,4)*($H$8),2)*(MAX($H$9,1)),2) -> 140546.34 | N20: 254 ESE Level 4 (Grade Level PK-3) | P20: =IF($H$133=1,E20,0) -> 7 | R20: 1 | T20: =ROUND(P20*R20,4) -> 7 | U20: =ROUND(ROUND(ROUND(T20*$C$8,4)*($H$8),2)*(MAX($H$9,1)),2) -> 38943.29
A21: 254 ESE Level 4 (Grade Level 4-8) | C21: 1 | D21: 0 | E21: =IF(D$30=0,C21*2,C21+D21) -> 2 | F21: 3.609 | H21: =ROUND(E21*F21,4) -> 7.218 | I21: =ROUND(ROUND(ROUND(H21*$C$8,4)*($H$8),2)*(MAX($H$9,1)),2) -> 40156.1 | N21: 254 ESE Level 4 (Grade Level 4-8) | P21: =IF($H$133=1,E21,0) -> 2 | R21: 1 | T21: =ROUND(P21*R21,4) -> 2 | U21: =ROUND(ROUND(ROUND(T21*$C$8,4)*($H$8),2)*(MAX($H$9,1)),2) -> 11126.65
A22: 254 ESE Level 4 (Grade Level 9-12) | C22: 0 | D22: 0 | E22: =IF(D$30=0,C22*2,C22+D22) -> 0 | F22: 3.609 | H22: =ROUND(E22*F22,4) -> 0 | I22: =ROUND(ROUND(ROUND(H22*$C$8,4)*($H$8),2)*(MAX($H$9,1)),2) -> 0 | N22: 254 ESE Level 4 (Grade Level 9-12) | P22: =IF($H$133=1,E22,0) -> 0 | R22: 1 | T22: =ROUND(P22*R22,4) -> 0 | U22: =ROUND(ROUND(ROUND(T22*$C$8,4)*($H$8),2)*(MAX($H$9,1)),2) -> 0
A23: 255 ESE Level 5 (Grade Level PK-3) | C23: 0 | D23: 0 | E23: =IF(D$30=0,C23*2,C23+D23) -> 0 | F23: 6.064 | H23: =ROUND(E23*F23,4) -> 0 | I23: =ROUND(ROUND(ROUND(H23*$C$8,4)*($H$8),2)*(MAX($H$9,1)),2) -> 0 | N23: 255 ESE Level 5 (Grade Level PK-3) | P23: =IF($H$133=1,E23,0) -> 0 | R23: 1 | T23: =ROUND(P23*R23,4) -> 0 | U23: =ROUND(ROUND(ROUND(T23*$C$8,4)*($H$8),2)*(MAX($H$9,1)),2) -> 0
A24: 255 ESE Level 5 (Grade Level 4-8) | C24: 0 | D24: 0 | E24: =IF(D$30=0,C24*2,C24+D24) -> 0 | F24: 6.064 | H24: =ROUND(E24*F24,4) -> 0 | I24: =ROUND(ROUND(ROUND(H24*$C$8,4)*($H$8),2)*(MAX($H$9,1)),2) -> 0 | N24: 255 ESE Level 5 (Grade Level 4-8) | P24: =IF($H$133=1,E24,0) -> 0 | R24: 1 | T24: =ROUND(P24*R24,4) -> 0 | U24: =ROUND(ROUND(ROUND(T24*$C$8,4)*($H$8),2)*(MAX($H$9,1)),2) -> 0
A25: 255 ESE Level 5 (Grade Level 9-12) | C25: 0 | D25: 0 | E25: =IF(D$30=0,C25*2,C25+D25) -> 0 | F25: 6.064 | H25: =ROUND(E25*F25,4) -> 0 | I25: =ROUND(ROUND(ROUND(H25*$C$8,4)*($H$8),2)*(MAX($H$9,1)),2) -> 0 | N25: 255 ESE Level 5 (Grade Level 9-12) | P25: =IF($H$133=1,E25,0) -> 0 | R25: 1 | T25: =ROUND(P25*R25,4) -> 0 | U25: =ROUND(ROUND(ROUND(T25*$C$8,4)*($H$8),2)*(MAX($H$9,1)),2) -> 0
A26: 130 ESOL (Grade Level PK-3) | C26: 0 | D26: 0 | E26: =IF(D$30=0,C26*2,C26+D26) -> 0 | F26: 1.165 | H26: =ROUND(E26*F26,4) -> 0 | I26: =ROUND(ROUND(ROUND(H26*$C$8,4)*($H$8),2)*(MAX($H$9,1)),2) -> 0 | N26: 130 ESOL (Grade Level PK-3) | P26: =IF($H$133=1,E26,0) -> 0 | R26: 1 | T26: =ROUND(P26*R26,4) -> 0 | U26: =ROUND(ROUND(ROUND(T26*$C$8,4)*($H$8),2)*(MAX($H$9,1)),2) -> 0
A27: 130 ESOL (Grade Level 4-8) | C27: 0 | D27: 0 | E27: =IF(D$30=0,C27*2,C27+D27) -> 0 | F27: 1.165 | H27: =ROUND(E27*F27,4) -> 0 | I27: =ROUND(ROUND(ROUND(H27*$C$8,4)*($H$8),2)*(MAX($H$9,1)),2) -> 0 | N27: 130 ESOL (Grade Level 4-8) | P27: =IF($H$133=1,E27,0) -> 0 | R27: 1 | T27: =ROUND(P27*R27,4) -> 0 | U27: =ROUND(ROUND(ROUND(T27*$C$8,4)*($H$8),2)*(MAX($H$9,1)),2) -> 0
A28: 130 ESOL (Grade Level 9-12) | C28: 0 | D28: 0 | E28: =IF(D$30=0,C28*2,C28+D28) -> 0 | F28: 1.165 | H28: =ROUND(E28*F28,4) -> 0 | I28: =ROUND(ROUND(ROUND(H28*$C$8,4)*($H$8),2)*(MAX($H$9,1)),2) -> 0 | N28: 130 ESOL (Grade Level 9-12) | P28: =IF($H$133=1,E28,0) -> 0 | R28: 1 | T28: =ROUND(P28*R28,4) -> 0 | U28: =ROUND(ROUND(ROUND(T28*$C$8,4)*($H$8),2)*(MAX($H$9,1)),2) -> 0
A29: 300 Career Education (Grades 9-12) | C29: 0 | D29: 0 | E29: =IF(D$30=0,C29*2,C29+D29) -> 0 | F29: 1.081 | H29: =ROUND(E29*F29,4) -> 0 | I29: =ROUND(ROUND(ROUND(H29*$C$8,4)*($H$8),2)*(MAX($H$9,1)),2) -> 0 | N29: 300 Career Education (Grades 9-12) | P29: =IF($H$133=1,E29,0) -> 0 | R29: 1 | T29: =ROUND(P29*R29,4) -> 0 | U29: =ROUND(ROUND(ROUND(T29*$C$8,4)*($H$8),2)*(MAX($H$9,1)),2) -> 0
A30: Totals | C30: =SUM(C14:C29) -> 5.5 | D30: =SUM(D14:D29) -> 0 | E30: =SUM(E14:E29) -> 11 | H30: =SUM(H14:H29) -> 34.425 | I30: =SUM(I14:I29) -> 191517.55 | N30: Totals | P30: =SUM(P14:P29) -> 11 | T30: =SUM(T14:T29) -> 11 | U30: =SUM(U14:U29) -> 61196.59
A32: Letters in Parentheses Refer to Notes at Bottom of Worksheet
F34: Charter schools should contact their school district sponsor regarding eligible FTE. Please note that “Number of FTE” is NOT equivalent to number of students enrolled in these courses or programs. Please refer to footnote (a) below.
I35: =I10 -> 2025-26 | N35: Letters Refer to Notes At Bottom: | U35: =I35 -> 2025-26
C36: Projected | E36: Total | I36: Base Funding | U36: Base Funding
A37: Additional FTE (a) | C37: FTE | E37: FTE | I37: (WFTE x BSA x CWF x SDF) | N37: Additional FTE (a) | P37: Number of FTE | U37: =I37 -> (WFTE x BSA x CWF x SDF)
A38: Advanced Placement | C38: 0 | D38: 0 | E38: =IF(D$44=0,C38*2,C38+D38) -> 0 | I38: =ROUND(ROUND(ROUND(E38*$C$8,4)*($H$8),2)*(MAX($H$9,1)),2) -> 0 | N38: Advanced Placement | P38: =IF($H$133=1,E38,0) -> 0 | U38: =ROUND(ROUND(ROUND(P38*$C$8,4)*($H$8),2)*(MAX($H$9,1)),2) -> 0
A39: International Baccalaureate | C39: 0 | D39: 0 | E39: =IF(D$44=0,C39*2,C39+D39) -> 0 | I39: =ROUND(ROUND(ROUND(E39*$C$8,4)*($H$8),2)*(MAX($H$9,1)),2) -> 0 | N39: International Baccalaureate | P39: =IF($H$133=1,E39,0) -> 0 | U39: =ROUND(ROUND(ROUND(P39*$C$8,4)*($H$8),2)*(MAX($H$9,1)),2) -> 0
A40: Advanced International Certificate | C40: 0 | D40: 0 | E40: =IF(D$44=0,C40*2,C40+D40) -> 0 | I40: =ROUND(ROUND(ROUND(E40*$C$8,4)*($H$8),2)*(MAX($H$9,1)),2) -> 0 | N40: Advanced International Certificate | P40: =IF($H$133=1,E40,0) -> 0 | U40: =ROUND(ROUND(ROUND(P40*$C$8,4)*($H$8),2)*(MAX($H$9,1)),2) -> 0
A41: Industry Certified Career Education | C41: 0 | D41: 0 | E41: =IF(D$44=0,C41*2,C41+D41) -> 0 | I41: =ROUND(ROUND(ROUND(E41*$C$8,4)*($H$8),2)*(MAX($H$9,1)),2) -> 0 | N41: Industry Certified Career Education | P41: =IF($H$133=1,E41,0) -> 0 | U41: =ROUND(ROUND(ROUND(P41*$C$8,4)*($H$8),2)*(MAX($H$9,1)),2) -> 0
A42: Early High School Graduation | C42: 0 | D42: 0 | E42: =IF(D$44=0,C42*2,C42+D42) -> 0 | I42: =ROUND(ROUND(ROUND(E42*$C$8,4)*($H$8),2)*(MAX($H$9,1)),2) -> 0 | N42: Early High School Graduation | P42: =IF($H$133=1,E42,0) -> 0 | U42: =ROUND(ROUND(ROUND(P42*$C$8,4)*($H$8),2)*(MAX($H$9,1)),2) -> 0
A43: Small District ESE Supplement | C43: 0 | D43: 0 | E43: =IF(D$44=0,C43*2,C43+D43) -> 0 | I43: =ROUND(ROUND(ROUND(E43*$C$8,4)*($H$8),2)*(MAX($H$9,1)),2) -> 0 | N43: Small District ESE Supplement | P43: =IF($H$133=1,E43,0) -> 0 | U43: =ROUND(ROUND(ROUND(P43*$C$8,4)*($H$8),2)*(MAX($H$9,1)),2) -> 0
B44: Total Additional FTE | C44: =SUM(C38:C43) -> 0 | D44: =SUM(D38:D43) -> 0 | E44: =SUM(E38:E43) -> 0 | H44: Additional Base Funds | I44: =SUM(I38:I43) -> 0 | N44: Total Additional FTE | R44: =SUM(P38:R43) -> 0 | S44: Additional Base Funds | U44: =SUM(U38:U43) -> 0
B46: Total Funded Weighted FTE | E46: =H30+E44 -> 34.425 | H46: Total Base Funding | I46: =SUM(I44,I30) -> 191517.55 | N46: Total Funded Weighted FTE | R46: =R44+T30 -> 11 | S46: Total Base Funding | U46: =SUM(U44,U30) -> 61196.59
A48: 1B. Classroom Teacher & Other Instructional Personnel Salary Increase | N48: 1B. Classroom Teacher & Other Instructional Personnel Salary Increase
A49: Maintenance and Growth Portions of the Salary Increase funds are part of the total Base Funding and are not treated as a separate allocation. | N49: Maintenance and Growth Portions of the Salary Increase funds are part of the total Base Funding and are not treated as a separate allocation.
A50: Amounts are split out here for informative purposes and for the purposes of providing a total that may be used for calculating the administrative fee. | N50: Amounts are split out here for informative purposes and for the purposes of providing a total that may be used for calculating the administrative fee.
B51: Maintenance Portion (6.67% of Conference Funding) | E51: (g) (k) | F51: 191517.55 | G51: x | H51: 0.0667 | I51: =ROUND(F51*H51,2) -> 12774.22 | O51: Maintenance Portion (6.67% of Conference Funding) | Q51: (g) (k) | R51: =U30 -> 61196.59 | S51: x | T51: 0.0667 | U51: =ROUND(R51*T51,2) -> 4081.81
B52: Growth Portion (0.54% of Conference Funding) | E52: (g) (k) | F52: 191517.55 | G52: x | H52: 0.0054 | I52: =ROUND(F52*H52,2) -> 1034.19 | O52: Growth Portion (0.54% of Conference Funding) | Q52: (g) (k) | R52: =U30 -> 61196.59 | S52: x | T52: 0.0054 | U52: =ROUND(R52*T52,2) -> 330.46
B53: Total Salary Increase | I53: =SUM(I51:I52) -> 13808.41 | O53: Total Salary Increase | U53: =SUM(U51:U52) -> 4412.27
C55: Oct 2024 | D55: Feb 2025 | E55: Total | F55: Grade | G55: Matrix | H55: Guarantee | S55: Matrix | T55: Guarantee
A56: 2. ESE Guaranteed Allocation: | C56: FTE | D56: FTE | E56: FTE | F56: Level | G56: Level | H56: Per Student | N56: 2. ESE Guaranteed Allocation: | P56: FTE | R56: Grade Level | S56: Level | T56: Per Student
A57: Additional Funding from the ESE Guaranteed Allocation. Enter the FTE from 111,112 and 113 by grade and matrix level. Students who do not have a matrix level should be considered 251. This total should equal all FTE from programs 111, 112 and 113 above, less any 113 gifted FTE. | C57: 0 | D57: 0 | E57: =IF(D$72=0,C57*2,C57+D57) -> 0 | F57: PK-3 | G57: 251 | H57: 1047 | I57: =ROUND(E57*H57,2) -> 0 | N57: Additional Funding from the ESE Guaranteed Allocation. Enter the FTE from 111,112 and 113 by grade and matrix level. Students who do not have a matrix level should be considered 251. This total should equal all FTE from programs 111, 112 and 113 above. | R57: PK-3 | S57: 251 | T57: =H57 -> 1047 | U57: =ROUND(P57*T57,2) -> 0
C58: 0 | D58: 0 | E58: =IF(D$72=0,C58*2,C58+D58) -> 0 | F58: PK-3 | G58: 252 | H58: 3380 | I58: =ROUND(E58*H58,2) -> 0 | R58: PK-3 | S58: 252 | T58: =H58 -> 3380 | U58: =ROUND(P58*T58,2) -> 0
C59: 0 | D59: 0 | E59: =IF(D$72=0,C59*2,C59+D59) -> 0 | F59: PK-3 | G59: 253 | H59: 6896 | I59: =ROUND(E59*H59,2) -> 0 | R59: PK-3 | S59: 253 | T59: =H59 -> 6896 | U59: =ROUND(P59*T59,2) -> 0
C60: 0 | D60: 0 | E60: =IF(D$66=0,C60*2,C60+D60) -> 0 | F60: 4-8 | G60: 251 | H60: 1173 | I60: =ROUND(E60*H60,2) -> 0 | R60: 4-8 | S60: 251 | T60: =H60 -> 1173 | U60: =ROUND(P60*T60,2) -> 0
C61: 0 | D61: 0 | E61: =IF(D$66=0,C61*2,C61+D61) -> 0 | F61: 4-8 | G61: 252 | H61: 3506 | I61: =ROUND(E61*H61,2) -> 0 | R61: 4-8 | S61: 252 | T61: =H61 -> 3506 | U61: =ROUND(P61*T61,2) -> 0
C62: 0 | D62: 0 | E62: =IF(D$66=0,C62*2,C62+D62) -> 0 | F62: 4-8 | G62: 253 | H62: 7023 | I62: =ROUND(E62*H62,2) -> 0 | R62: 4-8 | S62: 253 | T62: =H62 -> 7023 | U62: =ROUND(P62*T62,2) -> 0
C63: 1 | D63: 0 | E63: =IF(D$66=0,C63*2,C63+D63) -> 2 | F63: 9-12 | G63: 251 | H63: 835 | I63: =ROUND(E63*H63,2) -> 1670 | R63: 9-12 | S63: 251 | T63: =H63 -> 835 | U63: =ROUND(P63*T63,2) -> 0
C64: 0 | D64: 0 | E64: =IF(D$66=0,C64*2,C64+D64) -> 0 | F64: 9-12 | G64: 252 | H64: 3168 | I64: =ROUND(E64*H64,2) -> 0 | R64: 9-12 | S64: 252 | T64: =H64 -> 3168 | U64: =ROUND(P64*T64,2) -> 0
C65: 0 | D65: 0 | E65: =IF(D$66=0,C65*2,C65+D65) -> 0 | F65: 9-12 | G65: 253 | H65: 6685 | I65: =ROUND(E65*H65,2) -> 0 | R65: 9-12 | S65: 253 | T65: =H65 -> 6685 | U65: =ROUND(P65*T65,2) -> 0
C66: =SUM(C57:C65) -> 1 | D66: =SUM(D57:D65) -> 0 | E66: =SUM(E57:E65) -> 2 | F66: Total ESE Guarantee | I66: =SUM(I57:I65) -> 1670 | P66: =SUM(P57:P65) -> 0 | R66: Total ESE Guarantee | U66: =SUM(U57:U65) -> 0
A68: 3A. Divide school's Unweighted FTE (UFTE) total computed in Section 1, cell E30 above by the district's total UFTE to obtain school's | N68: 3A. Divide school's Unweighted FTE (UFTE) total computed in Section 1, cell E30 above by the District's total UFTE to obtain
A69: UFTE share. CS UFTE: | C69: =E30 -> 11 | D69: ÷ District's total UFTE | H69: 215320.92 | N69: school's UFTE share. CS UFTE: | P69: =P30 -> 11 | Q69: / District's total UFTE: | T69: =H69 -> 215320.92
G70: = | H70: =ROUND(C69/H69,6) -> 5.1e-05 | T70: =ROUND(P69/T69,6) -> 5.1e-05
A71: 3B. Divide school's Weighted FTE (WFTE) total computed in Section 1, cell H30 above by the district's total WFTE to obtain school's | N71: 3B. Divide school's Weighted FTE (WFTE) total computed in Section 1, cell H30 above by the District's total WFTE to obtain
A72: WFTE share. CS WFTE: | C72: =H30 -> 34.425 | D72: ÷ District's total WFTE | H72: 229051.25 | N72: school's WFTE share. CS WFTE: | P72: =T30 -> 11 | Q72: / District's total WFTE: | T72: =H72 -> 229051.25
G73: = | H73: =ROUND(C72/H72,6) -> 0.00015 | T73: =ROUND(P72/T72,6) -> 4.8e-05
A74: 3C. Divide school's Unweighted FTE (UFTE) total computed in Section 1, cell E30 above by the District's total non-scholarship UFTE to obtain school's | N74: 3C. Divide school's Unweighted FTE (UFTE) total computed in Section 1, cell E30 above by the District's total non-scholarship UFTE to obtain
A75: UFTE share. CS UFTE: | C75: =E30 -> 11 | D75: ÷ District's total non-scholarship UFTE | H75: 186156.17 | N75: school's UFTE share. CS UFTE: | P75: =P30 -> 11 | Q75: / District's total non-scholarship UFTE: | T75: =H75 -> 186156.17
G76: = | H76: =ROUND(C75/H75,6) -> 5.9e-05 | T76: =ROUND(P75/T75,6) -> 5.9e-05
A77: 3D. Divide school's Unweighted FTE (UFTE) total computed in Section 1, cell E30 above by the District's total non-virtual UFTE to obtain school's | N77: 3D. Divide school's Unweighted FTE (UFTE) total computed in Section 1, cell E30 above by the District's total non-virtual UFTE to obtain
A78: UFTE share. CS UFTE: | C78: =E30 -> 11 | D78: ÷ District's total non-virtual UFTE | H78: 215016.58 | N78: school's UFTE share. CS UFTE: | P78: =P30 -> 11 | Q78: / by district's total non-virtual UFTE: | T78: =H78 -> 215016.58
G79: = | H79: =ROUND(C78/H78,6) -> 5.1e-05 | T79: =ROUND(P78/T78,6) -> 5.1e-05
A80: 3E. Divide school's Unweighted FTE (UFTE) total computed in Section 1, cell E30 above by the district's total non-scholarship/virtual UFTE to obtain | N80: 3E. Divide school's Unweighted FTE (UFTE) total computed in Section 1, cell E30 above by the District's total non-scholarship/virtual UFTE to
A81: school's UFTE share. CS UFTE: | C81: =E30 -> 11 | D81: ÷ Dististict's total non-scholarship/virtual UFTE | H81: 185851.83 | N81: obtain school's UFTE share. CS UFTE: | P81: =P30 -> 11 | Q81: / Dist total non-scholarship/virtual UFTE: | T81: =H81 -> 185851.83
G82: = | H82: =ROUND(C81/H81,6) -> 5.9e-05 | T82: =ROUND(P81/T81,6) -> 5.9e-05
A85: 4. Educational Enrichment Share (Non-virtual UFTE share) | E85: (e) | F85: 47290747 | G85: x | H85: =H79 -> 5.1e-05 | I85: =ROUND(F85*H85,2) -> 2411.83 | N85: 4. Educational Enrichment Share (Non-virtual UFTE share) | R85: =F85 -> 47290747 | S85: x | T85: =T79 -> 5.1e-05 | U85: =ROUND(R85*T85,2) -> 2411.83
A87: 5. Discretionary Millage Compression Allocation | N87: 5. Discretionary Millage Compression Allocation (UFTE share)
A88: .748 Mills (UFTE share) | E88: (b) | F88: 0 | G88: x | H88: =H70 -> 5.1e-05 | I88: =ROUND(F88*H88,2) -> 0 | N88: .748 Mills (UFTE share) | R88: =F88 -> 0 | S88: x | T88: =T70 -> 5.1e-05 | U88: =ROUND(R88*T88,2) -> 0
A90: 6. Safe Schools Allocation (Non-scholarship/virtual UFTE share) | E90: (f) | F90: 19167881 | G90: x | H90: =H82 -> 5.9e-05 | I90: =ROUND(F90*H90,2) -> 1130.9 | N90: 6. Safe Schools Allocation (Non-scholarship/virtual UFTE share) | R90: =F90 -> 19167881 | S90: x | T90: =T82 -> 5.9e-05 | U90: =ROUND(R90*T90,2) -> 1130.9
A92: 7. Mental Health Assistance Allocation (Non-scholarship UFTE share) | E92: (b) | F92: 11546889 | G92: x | H92: =H76 -> 5.9e-05 | I92: =ROUND(F92*H92,2) -> 681.27 | N92: 7. Mental Health Assistance Allocation (Non-scholarship UFTE share) | R92: =F92 -> 11546889 | S92: x | T92: =T76 -> 5.9e-05 | U92: =ROUND(R92*T92,2) -> 681.27
A94: 8. Discretionary Local Effort (WFTE share) | E94: (c) | F94: 268816278 | G94: x | H94: =H73 -> 0.00015 | I94: =ROUND(F94*H94,2) -> 40322.44 | N94: 8. Discretionary Local Effort (WFTE share) | R94: =F94 -> 268816278 | S94: x | T94: =T73 -> 4.8e-05 | U94: =ROUND(R94*T94,2) -> 12903.18
A96: 9. Proration to Funds Available (WFTE share) | E96: (c) | F96: 0 | G96: x | H96: =H73 -> 0.00015 | I96: =ROUND(F96*H96,2) -> 0 | N96: 9. Proration to Funds Available (WFTE share) | R96: =F96 -> 0 | S96: x | T96: =T73 -> 4.8e-05 | U96: =ROUND(R96*T96,2) -> 0
A98: 10. Educational Enrollment Stabilization Program (UFTE Share) | E98: (b) | F98: 0 | G98: x | H98: =H70 -> 5.1e-05 | I98: =ROUND(F98*H98,2) -> 0 | N98: 10. Educational Enrollment Stabilization Program (UFTE Share) | R98: =F98 -> 0 | S98: x | T98: =T70 -> 5.1e-05 | U98: =ROUND(R98*T98,2) -> 0
A101: 11. Class Size Reduction Funds: | N101: 11. Class Size Reduction Funds:
C102: Weighted FTE | F102: Allocation
C103: (not including Add-On) | E103: X CWF X | F103: Factors | N103: Weighted FTE (not including Add-On) | P103: X CWF X | R103: Allocation factors
B104: PK - 3 | C104: =H14+H15+H20+H23+H26 -> 25.263 | E104: =H8 -> 1.0355 | F104: 958.42 | G104: = | H104: =ROUND(C104*E104*F104,2) -> 25072.11 | N104: PK - 3 | O104: =T14+T15+T20+T23+T26 -> 7 | P104: =T8 -> 1.0355 | R104: =F104 -> 958.42 | S104: = | T104: =ROUND(O104*P104*R104,2) -> 6947.11
B105: 4-8 | C105: =H16+H17+H21+H24+H27 -> 7.218 | E105: =H8 -> 1.0355 | F105: 915.09 | G105: = | H105: =ROUND(C105*E105*F105,2) -> 6839.6 | N105: 4-8 | O105: =T16+T17+T21+T24+T27 -> 2 | P105: =T8 -> 1.0355 | R105: =F105 -> 915.09 | S105: = | T105: =ROUND(O105*P105*R105,2) -> 1895.15
B106: 9-12 | C106: =H18+H19+H22+H25+H28+H29 -> 1.944 | E106: =H8 -> 1.0355 | F106: 917.3 | G106: = | H106: =ROUND(C106*E106*F106,2) -> 1846.54 | N106: 9-12 | O106: =T18+T19+T22+T25+T28+T29 -> 2 | P106: =T8 -> 1.0355 | R106: =F106 -> 917.3 | S106: = | T106: =ROUND(O106*P106*R106,2) -> 1899.73
B107: Total * | C107: =SUM(C104:C106) -> 34.425 | H107: Total Class Size Reduction Funds | I107: =IF(A1=75,0,H106+H105+H104) -> 33758.25 | N107: Total * | O107: =SUM(O104:O106) -> 11 | P107: Total Class Size Reduction Funds | U107: =IF(N1=75,0,T106+T105+T104) -> 10741.99
A108: (*Total FTE should equal total in Section 1, column (4) and should not include any additional FTE from Section 1.) | N108: (*Total FTE should equal total in Section 1, column (4) and should not include any additional FTE from Section 1.)
A110: 12. Student Transportation | E110: (h) | N110: 12. Student Transportation
C111: Oct 2024 | D111: Feb 2025 | E111: Average
C112: FTE | D112: FTE | E112: FTE
A113: All Adjusted Fundable Riders | C113: 0 | D113: 0 | E113: =(C113+D113)/2 -> 0 | F113: x | G113: 617 | I113: =ROUND(G113*E113,2) -> 0 | N113: Enter All Adjusted Fundable Riders | P113: =IF(H133=1,E113,0) -> 0 | S113: x | T113: =G113 -> 617 | U113: =ROUND(T113*P113,2) -> 0
A114: All Adjusted ESE Riders (Member Cat L) | C114: 0 | D114: 0 | E114: =(C114+D114)/2 -> 0 | F114: x | G114: 1870 | I114: =ROUND(G114*E114,2) -> 0 | N114: Enter All Adjusted ESE Riders | S114: x | T114: =G114 -> 1870 | U114: =ROUND(T114*P114,2) -> 0
A117: 13. Federally Connected Student Supplement | E117: (i) | N117: 13. Federally Connected Student Supplement (i)
C118: Number of Students | H118: Impact Aide
C119: Oct 2018 | D119: Feb 2018 | E119: Total | F119: Exempt Property | H119: Student
A120: Impact Aid Student Type | C120: FTE | D120: FTE | E120: FTE | F120: Allocation | H120: Allocation | I120: Total | N120: Impact Aide Student Type | P120: Number of Students | R120: Exempt Property Allocation | T120: Impact Aide Student Allocation | U120: Total
A121: Military and Indian Lands | C121: 0 | D121: 0 | E121: =IF(D30=0,C121*2,C121+D121) -> 0 | F121: 0 | H121: =IF(C121=0,0,125) -> 0 | I121: =ROUND((H121+F121)*E121,2) -> 0 | N121: Military and Indian Lands | P121: =IF(H$133=1,C121,0) -> 0 | R121: =F121 -> 0 | T121: =H121 -> 0 | U121: =ROUND((T121+R121)*P121,0) -> 0
...

Sheet 1461
A1: 50 | B1: (Insert district number in cell A1, enter, then strike F9. Your district data then pulls from Calculation Detail Sheets) | N1: =A1 -> 50 | O1: (Insert district number in cell A1, enter, then strike F9. Your district data then pulls from Calculation Detail Sheets)
A2: Revenue Estimate Worksheet: Inlet Grove Community High School - 1461 | N2: Revenue Estimate Worksheet for___________Charter School
A3: Based on the FLDOE 2025-26 FEFP Calculation | N3: =A3 -> Based on the FLDOE 2025-26 FEFP Calculation
A4: School District: | C4: Palm Beach | F4: August 2025 | N4: School District: | P4: =C4 -> Palm Beach
A7: 1A. 2023-24 FEFP State and Local Funding | N7: =A7 -> 1A. 2023-24 FEFP State and Local Funding
B8: Base Student Allocation: | C8: 5372.6 | G8: Comparable Wage Factor: | H8: 1.0355 | N8: Base Student Allocation | P8: =C8 -> 5372.6 | R8: Comparable Wage Factor: | T8: =H8 -> 1.0355
G9: Small District Factor: | H9: 1 | R9: Small District Factor: | T9: =H9 -> 1
I10: 2025-26 | U10: =I10 -> 2025-26
C11: Oct 2024 | D11: Feb 2025 | E11: Total | F11: Program | H11: Weighted FTE | I11: Base Funding | R11: Program | T11: Weighted FTE | U11: Base Funding
A12: Program | C12: FTE | D12: FTE | E12: FTE | F12: Cost Factor | H12: (2) x (3) | I12: (WFTE x BSA x CWF x SDF) | N12: Program | P12: Number of FTE | R12: Cost Factor | T12: (2) x (3) | U12: =I12 -> (WFTE x BSA x CWF x SDF)
A13: (1) | E13: (2) | F13: (3) | H13: (4) | I13: (5) | N13: (1) | P13: (2) | R13: (3) | T13: (4) | U13: (5)
A14: 101 Basic K-3 | C14: 0 | D14: 0 | E14: =IF(D$30=0,C14*2,C14+D14) -> 0 | F14: 1.108 | H14: =ROUND(E14*F14,4) -> 0 | I14: =ROUND(ROUND(ROUND(H14*$C$8,4)*($H$8),2)*(MAX($H$9,1)),2) -> 0 | N14: 101 Basic K-3 | P14: =IF($H$133=1,E14,0) -> 0 | R14: 1 | T14: =ROUND(P14*R14,4) -> 0 | U14: =ROUND(ROUND(ROUND(T14*$C$8,4)*($H$8),2)*(MAX($H$9,1)),2) -> 0
A15: 111 Basic K-3 with ESE Services | C15: 0 | D15: 0 | E15: =IF(D$30=0,C15*2,C15+D15) -> 0 | F15: 1.108 | H15: =ROUND(E15*F15,4) -> 0 | I15: =ROUND(ROUND(ROUND(H15*$C$8,4)*($H$8),2)*(MAX($H$9,1)),2) -> 0 | J15: =IF(ROUND(E15,2)=ROUND(SUM(E57:E59),2)," ","CHECK PK-3 LINES BELOW") | N15: 111 Basic K-3 with ESE Services | P15: =IF($H$133=1,E15,0) -> 0 | R15: 1 | T15: =ROUND(P15*R15,4) -> 0 | U15: =ROUND(ROUND(ROUND(T15*$C$8,4)*($H$8),2)*(MAX($H$9,1)),2) -> 0
A16: 102 Basic 4-8 | C16: 0 | D16: 0 | E16: =IF(D$30=0,C16*2,C16+D16) -> 0 | F16: 1 | H16: =ROUND(E16*F16,4) -> 0 | I16: =ROUND(ROUND(ROUND(H16*$C$8,4)*($H$8),2)*(MAX($H$9,1)),2) -> 0 | N16: 102 Basic 4-8 | P16: =IF($H$133=1,E16,0) -> 0 | R16: 1 | T16: =ROUND(P16*R16,4) -> 0 | U16: =ROUND(ROUND(ROUND(T16*$C$8,4)*($H$8),2)*(MAX($H$9,1)),2) -> 0
A17: 112 Basic 4-8 with ESE Services | C17: 0 | D17: 0 | E17: =IF(D$30=0,C17*2,C17+D17) -> 0 | F17: 1 | H17: =ROUND(E17*F17,4) -> 0 | I17: =ROUND(ROUND(ROUND(H17*$C$8,4)*($H$8),2)*(MAX($H$9,1)),2) -> 0 | J17: =IF(ROUND(E17,2)=ROUND(SUM(E60:E62),2)," ","CHECK 4-8 LINES BELOW") | N17: 112 Basic 4-8 with ESE Services | P17: =IF($H$133=1,E17,0) -> 0 | R17: 1 | T17: =ROUND(P17*R17,4) -> 0 | U17: =ROUND(ROUND(ROUND(T17*$C$8,4)*($H$8),2)*(MAX($H$9,1)),2) -> 0
A18: 103 Basic 9-12 | C18: 226.89 | D18: 0 | E18: =IF(D$30=0,C18*2,C18+D18) -> 453.78 | F18: 0.972 | H18: =ROUND(E18*F18,4) -> 441.0742 | I18: =ROUND(ROUND(ROUND(H18*$C$8,4)*($H$8),2)*(MAX($H$9,1)),2) -> 2453840.1 | N18: 103 Basic 9-12 | P18: =IF($H$133=1,E18,0) -> 0 | R18: 1 | T18: =ROUND(P18*R18,4) -> 0 | U18: =ROUND(ROUND(ROUND(T18*$C$8,4)*($H$8),2)*(MAX($H$9,1)),2) -> 0
A19: 113 Basic 9-12 with ESE Services | C19: 40.8 | D19: 0 | E19: =IF(D$30=0,C19*2,C19+D19) -> 81.6 | F19: 0.972 | H19: =ROUND(E19*F19,4) -> 79.3152 | I19: =ROUND(ROUND(ROUND(H19*$C$8,4)*($H$8),2)*(MAX($H$9,1)),2) -> 441256.42 | J19: =IF(ROUND(E19,2)=ROUND(SUM(E63:E65),2)," ","CHECK 4-8 LINES BELOW") | N19: 113 Basic 9-12 with ESE Services | P19: =IF($H$133=1,E19,0) -> 0 | R19: 1 | T19: =ROUND(P19*R19,4) -> 0 | U19: =ROUND(ROUND(ROUND(T19*$C$8,4)*($H$8),2)*(MAX($H$9,1)),2) -> 0
A20: 254 ESE Level 4 (Grade Level PK-3) | C20: 0 | D20: 0 | E20: =IF(D$30=0,C20*2,C20+D20) -> 0 | F20: 3.609 | H20: =ROUND(E20*F20,4) -> 0 | I20: =ROUND(ROUND(ROUND(H20*$C$8,4)*($H$8),2)*(MAX($H$9,1)),2) -> 0 | N20: 254 ESE Level 4 (Grade Level PK-3) | P20: =IF($H$133=1,E20,0) -> 0 | R20: 1 | T20: =ROUND(P20*R20,4) -> 0 | U20: =ROUND(ROUND(ROUND(T20*$C$8,4)*($H$8),2)*(MAX($H$9,1)),2) -> 0
A21: 254 ESE Level 4 (Grade Level 4-8) | C21: 0 | D21: 0 | E21: =IF(D$30=0,C21*2,C21+D21) -> 0 | F21: 3.609 | H21: =ROUND(E21*F21,4) -> 0 | I21: =ROUND(ROUND(ROUND(H21*$C$8,4)*($H$8),2)*(MAX($H$9,1)),2) -> 0 | N21: 254 ESE Level 4 (Grade Level 4-8) | P21: =IF($H$133=1,E21,0) -> 0 | R21: 1 | T21: =ROUND(P21*R21,4) -> 0 | U21: =ROUND(ROUND(ROUND(T21*$C$8,4)*($H$8),2)*(MAX($H$9,1)),2) -> 0
A22: 254 ESE Level 4 (Grade Level 9-12) | C22: 0 | D22: 0 | E22: =IF(D$30=0,C22*2,C22+D22) -> 0 | F22: 3.609 | H22: =ROUND(E22*F22,4) -> 0 | I22: =ROUND(ROUND(ROUND(H22*$C$8,4)*($H$8),2)*(MAX($H$9,1)),2) -> 0 | N22: 254 ESE Level 4 (Grade Level 9-12) | P22: =IF($H$133=1,E22,0) -> 0 | R22: 1 | T22: =ROUND(P22*R22,4) -> 0 | U22: =ROUND(ROUND(ROUND(T22*$C$8,4)*($H$8),2)*(MAX($H$9,1)),2) -> 0
A23: 255 ESE Level 5 (Grade Level PK-3) | C23: 0 | D23: 0 | E23: =IF(D$30=0,C23*2,C23+D23) -> 0 | F23: 6.064 | H23: =ROUND(E23*F23,4) -> 0 | I23: =ROUND(ROUND(ROUND(H23*$C$8,4)*($H$8),2)*(MAX($H$9,1)),2) -> 0 | N23: 255 ESE Level 5 (Grade Level PK-3) | P23: =IF($H$133=1,E23,0) -> 0 | R23: 1 | T23: =ROUND(P23*R23,4) -> 0 | U23: =ROUND(ROUND(ROUND(T23*$C$8,4)*($H$8),2)*(MAX($H$9,1)),2) -> 0
A24: 255 ESE Level 5 (Grade Level 4-8) | C24: 0 | D24: 0 | E24: =IF(D$30=0,C24*2,C24+D24) -> 0 | F24: 6.064 | H24: =ROUND(E24*F24,4) -> 0 | I24: =ROUND(ROUND(ROUND(H24*$C$8,4)*($H$8),2)*(MAX($H$9,1)),2) -> 0 | N24: 255 ESE Level 5 (Grade Level 4-8) | P24: =IF($H$133=1,E24,0) -> 0 | R24: 1 | T24: =ROUND(P24*R24,4) -> 0 | U24: =ROUND(ROUND(ROUND(T24*$C$8,4)*($H$8),2)*(MAX($H$9,1)),2) -> 0
A25: 255 ESE Level 5 (Grade Level 9-12) | C25: 0 | D25: 0 | E25: =IF(D$30=0,C25*2,C25+D25) -> 0 | F25: 6.064 | H25: =ROUND(E25*F25,4) -> 0 | I25: =ROUND(ROUND(ROUND(H25*$C$8,4)*($H$8),2)*(MAX($H$9,1)),2) -> 0 | N25: 255 ESE Level 5 (Grade Level 9-12) | P25: =IF($H$133=1,E25,0) -> 0 | R25: 1 | T25: =ROUND(P25*R25,4) -> 0 | U25: =ROUND(ROUND(ROUND(T25*$C$8,4)*($H$8),2)*(MAX($H$9,1)),2) -> 0
A26: 130 ESOL (Grade Level PK-3) | C26: 0 | D26: 0 | E26: =IF(D$30=0,C26*2,C26+D26) -> 0 | F26: 1.165 | H26: =ROUND(E26*F26,4) -> 0 | I26: =ROUND(ROUND(ROUND(H26*$C$8,4)*($H$8),2)*(MAX($H$9,1)),2) -> 0 | N26: 130 ESOL (Grade Level PK-3) | P26: =IF($H$133=1,E26,0) -> 0 | R26: 1 | T26: =ROUND(P26*R26,4) -> 0 | U26: =ROUND(ROUND(ROUND(T26*$C$8,4)*($H$8),2)*(MAX($H$9,1)),2) -> 0
A27: 130 ESOL (Grade Level 4-8) | C27: 0 | D27: 0 | E27: =IF(D$30=0,C27*2,C27+D27) -> 0 | F27: 1.165 | H27: =ROUND(E27*F27,4) -> 0 | I27: =ROUND(ROUND(ROUND(H27*$C$8,4)*($H$8),2)*(MAX($H$9,1)),2) -> 0 | N27: 130 ESOL (Grade Level 4-8) | P27: =IF($H$133=1,E27,0) -> 0 | R27: 1 | T27: =ROUND(P27*R27,4) -> 0 | U27: =ROUND(ROUND(ROUND(T27*$C$8,4)*($H$8),2)*(MAX($H$9,1)),2) -> 0
A28: 130 ESOL (Grade Level 9-12) | C28: 3.44 | D28: 0 | E28: =IF(D$30=0,C28*2,C28+D28) -> 6.88 | F28: 1.165 | H28: =ROUND(E28*F28,4) -> 8.0152 | I28: =ROUND(ROUND(ROUND(H28*$C$8,4)*($H$8),2)*(MAX($H$9,1)),2) -> 44591.18 | N28: 130 ESOL (Grade Level 9-12) | P28: =IF($H$133=1,E28,0) -> 0 | R28: 1 | T28: =ROUND(P28*R28,4) -> 0 | U28: =ROUND(ROUND(ROUND(T28*$C$8,4)*($H$8),2)*(MAX($H$9,1)),2) -> 0
A29: 300 Career Education (Grades 9-12) | C29: 78.56 | D29: 0 | E29: =IF(D$30=0,C29*2,C29+D29) -> 157.12 | F29: 1.081 | H29: =ROUND(E29*F29,4) -> 169.8467 | I29: =ROUND(ROUND(ROUND(H29*$C$8,4)*($H$8),2)*(MAX($H$9,1)),2) -> 944912.78 | N29: 300 Career Education (Grades 9-12) | P29: =IF($H$133=1,E29,0) -> 0 | R29: 1 | T29: =ROUND(P29*R29,4) -> 0 | U29: =ROUND(ROUND(ROUND(T29*$C$8,4)*($H$8),2)*(MAX($H$9,1)),2) -> 0
A30: Totals | C30: =SUM(C14:C29) -> 349.69 | D30: =SUM(D14:D29) -> 0 | E30: =SUM(E14:E29) -> 699.38 | H30: =SUM(H14:H29) -> 698.2513 | I30: =SUM(I14:I29) -> 3884600.5 | N30: Totals | P30: =SUM(P14:P29) -> 0 | T30: =SUM(T14:T29) -> 0 | U30: =SUM(U14:U29) -> 0
A32: Letters in Parentheses Refer to Notes at Bottom of Worksheet
F34: Charter schools should contact their school district sponsor regarding eligible FTE. Please note that “Number of FTE” is NOT equivalent to number of students enrolled in these courses or programs. Please refer to footnote (a) below.
I35: =I10 -> 2025-26 | N35: Letters Refer to Notes At Bottom: | U35: =I35 -> 2025-26
C36: Projected | E36: Total | I36: Base Funding | U36: Base Funding
A37: Additional FTE (a) | C37: FTE | E37: FTE | I37: (WFTE x BSA x CWF x SDF) | N37: Additional FTE (a) | P37: Number of FTE | U37: =I37 -> (WFTE x BSA x CWF x SDF)
A38: Advanced Placement | C38: 0 | D38: 0 | E38: =IF(D$44=0,C38*2,C38+D38) -> 0 | I38: =ROUND(ROUND(ROUND(E38*$C$8,4)*($H$8),2)*(MAX($H$9,1)),2) -> 0 | N38: Advanced Placement | P38: =IF($H$133=1,E38,0) -> 0 | U38: =ROUND(ROUND(ROUND(P38*$C$8,4)*($H$8),2)*(MAX($H$9,1)),2) -> 0
A39: International Baccalaureate | C39: 0 | D39: 0 | E39: =IF(D$44=0,C39*2,C39+D39) -> 0 | I39: =ROUND(ROUND(ROUND(E39*$C$8,4)*($H$8),2)*(MAX($H$9,1)),2) -> 0 | N39: International Baccalaureate | P39: =IF($H$133=1,E39,0) -> 0 | U39: =ROUND(ROUND(ROUND(P39*$C$8,4)*($H$8),2)*(MAX($H$9,1)),2) -> 0
A40: Advanced International Certificate | C40: 0 | D40: 0 | E40: =IF(D$44=0,C40*2,C40+D40) -> 0 | I40: =ROUND(ROUND(ROUND(E40*$C$8,4)*($H$8),2)*(MAX($H$9,1)),2) -> 0 | N40: Advanced International Certificate | P40: =IF($H$133=1,E40,0) -> 0 | U40: =ROUND(ROUND(ROUND(P40*$C$8,4)*($H$8),2)*(MAX($H$9,1)),2) -> 0
A41: Industry Certified Career Education | C41: 0 | D41: 0 | E41: =IF(D$44=0,C41*2,C41+D41) -> 0 | I41: =ROUND(ROUND(ROUND(E41*$C$8,4)*($H$8),2)*(MAX($H$9,1)),2) -> 0 | N41: Industry Certified Career Education | P41: =IF($H$133=1,E41,0) -> 0 | U41: =ROUND(ROUND(ROUND(P41*$C$8,4)*($H$8),2)*(MAX($H$9,1)),2) -> 0
A42: Early High School Graduation | C42: 0 | D42: 0 | E42: =IF(D$44=0,C42*2,C42+D42) -> 0 | I42: =ROUND(ROUND(ROUND(E42*$C$8,4)*($H$8),2)*(MAX($H$9,1)),2) -> 0 | N42: Early High School Graduation | P42: =IF($H$133=1,E42,0) -> 0 | U42: =ROUND(ROUND(ROUND(P42*$C$8,4)*($H$8),2)*(MAX($H$9,1)),2) -> 0
A43: Small District ESE Supplement | C43: 0 | D43: 0 | E43: =IF(D$44=0,C43*2,C43+D43) -> 0 | I43: =ROUND(ROUND(ROUND(E43*$C$8,4)*($H$8),2)*(MAX($H$9,1)),2) -> 0 | N43: Small District ESE Supplement | P43: =IF($H$133=1,E43,0) -> 0 | U43: =ROUND(ROUND(ROUND(P43*$C$8,4)*($H$8),2)*(MAX($H$9,1)),2) -> 0
B44: Total Additional FTE | C44: =SUM(C38:C43) -> 0 | D44: =SUM(D38:D43) -> 0 | E44: =SUM(E38:E43) -> 0 | H44: Additional Base Funds | I44: =SUM(I38:I43) -> 0 | N44: Total Additional FTE | R44: =SUM(P38:R43) -> 0 | S44: Additional Base Funds | U44: =SUM(U38:U43) -> 0
B46: Total Funded Weighted FTE | E46: =H30+E44 -> 698.2513 | H46: Total Base Funding | I46: =SUM(I44,I30) -> 3884600.5 | N46: Total Funded Weighted FTE | R46: =R44+T30 -> 0 | S46: Total Base Funding | U46: =SUM(U44,U30) -> 0
A48: 1B. Classroom Teacher & Other Instructional Personnel Salary Increase | N48: 1B. Classroom Teacher & Other Instructional Personnel Salary Increase
A49: Maintenance and Growth Portions of the Salary Increase funds are part of the total Base Funding and are not treated as a separate allocation. | N49: Maintenance and Growth Portions of the Salary Increase funds are part of the total Base Funding and are not treated as a separate allocation.
A50: Amounts are split out here for informative purposes and for the purposes of providing a total that may be used for calculating the adminstrative fee. | N50: Amounts are split out here for informative purposes and for the purposes of providing a total that may be used for calculating the adminstrative fee.
B51: Maintenance Portion (6.67% of Conference Funding) | E51: (g) (k) | F51: 3884600.5 | G51: x | H51: 0.0667 | I51: =ROUND(F51*H51,2) -> 259102.85 | O51: Maintenance Portion (6.67% of Conference Funding) | Q51: (g) (k) | R51: =U30 -> 0 | S51: x | T51: 0.0667 | U51: =ROUND(R51*T51,2) -> 0
B52: Growth Portion (0.54% of Conference Funding) | E52: (g) (k) | F52: 3884600.5 | G52: x | H52: 0.0054 | I52: =ROUND(F52*H52,2) -> 20976.84 | O52: Growth Portion (0.54% of Conference Funding) | Q52: (g) (k) | R52: =U30 -> 0 | S52: x | T52: 0.0054 | U52: =ROUND(R52*T52,2) -> 0
B53: Total Salary Increase | I53: =SUM(I51:I52) -> 280079.69 | O53: Total Salary Increase | U53: =SUM(U51:U52) -> 0
C55: Oct 2024 | D55: Feb 2025 | E55: Total | F55: Grade | G55: Matrix | H55: Guarantee | S55: Matrix | T55: Guarantee
A56: 2. ESE Guaranteed Allocation: | C56: FTE | D56: FTE | E56: FTE | F56: Level | G56: Level | H56: Per Student | N56: 2. ESE Guaranteed Allocation: | P56: FTE | R56: Grade Level | S56: Level | T56: Per Student
A57: Additional Funding from the ESE Guaranteed Allocation. Enter the FTE from 111,112 and 113 by grade and matrix level. Students who do not have a matrix level should be considered 251. This total should equal all FTE from programs 111, 112 and 113 above, less any 113 gifted FTE. | C57: 0 | D57: 0 | E57: =IF(D$72=0,C57*2,C57+D57) -> 0 | F57: PK-3 | G57: 251 | H57: 1047 | I57: =ROUND(E57*H57,2) -> 0 | N57: Additional Funding from the ESE Guaranteed Allocation. Enter the FTE from 111,112 and 113 by grade and matrix level. Students who do not have a matrix level should be considered 251. This total should equal all FTE from programs 111, 112 and 113 above. | R57: PK-3 | S57: 251 | T57: =H57 -> 1047 | U57: =ROUND(P57*T57,2) -> 0
C58: 0 | D58: 0 | E58: =IF(D$72=0,C58*2,C58+D58) -> 0 | F58: PK-3 | G58: 252 | H58: 3380 | I58: =ROUND(E58*H58,2) -> 0 | R58: PK-3 | S58: 252 | T58: =H58 -> 3380 | U58: =ROUND(P58*T58,2) -> 0
C59: 0 | D59: 0 | E59: =IF(D$72=0,C59*2,C59+D59) -> 0 | F59: PK-3 | G59: 253 | H59: 6896 | I59: =ROUND(E59*H59,2) -> 0 | R59: PK-3 | S59: 253 | T59: =H59 -> 6896 | U59: =ROUND(P59*T59,2) -> 0
C60: 0 | D60: 0 | E60: =IF(D$72=0,C60*2,C60+D60) -> 0 | F60: 4-8 | G60: 251 | H60: 1173 | I60: =ROUND(E60*H60,2) -> 0 | R60: 4-8 | S60: 251 | T60: =H60 -> 1173 | U60: =ROUND(P60*T60,2) -> 0
C61: 0 | D61: 0 | E61: =IF(D$72=0,C61*2,C61+D61) -> 0 | F61: 4-8 | G61: 252 | H61: 3506 | I61: =ROUND(E61*H61,2) -> 0 | R61: 4-8 | S61: 252 | T61: =H61 -> 3506 | U61: =ROUND(P61*T61,2) -> 0
C62: 0 | D62: 0 | E62: =IF(D$72=0,C62*2,C62+D62) -> 0 | F62: 4-8 | G62: 253 | H62: 7023 | I62: =ROUND(E62*H62,2) -> 0 | R62: 4-8 | S62: 253 | T62: =H62 -> 7023 | U62: =ROUND(P62*T62,2) -> 0
C63: 37.89 | D63: 0 | E63: =IF(D$66=0,C63*2,C63+D63) -> 75.78 | F63: 9-12 | G63: 251 | H63: 835 | I63: =ROUND(E63*H63,2) -> 63276.3 | R63: 9-12 | S63: 251 | T63: =H63 -> 835 | U63: =ROUND(P63*T63,2) -> 0
C64: 2.91 | D64: 0 | E64: =IF(D$66=0,C64*2,C64+D64) -> 5.82 | F64: 9-12 | G64: 252 | H64: 3168 | I64: =ROUND(E64*H64,2) -> 18437.76 | R64: 9-12 | S64: 252 | T64: =H64 -> 3168 | U64: =ROUND(P64*T64,2) -> 0
C65: 0 | D65: 0 | E65: =IF(D$66=0,C65*2,C65+D65) -> 0 | F65: 9-12 | G65: 253 | H65: 6685 | I65: =ROUND(E65*H65,2) -> 0 | R65: 9-12 | S65: 253 | T65: =H65 -> 6685 | U65: =ROUND(P65*T65,2) -> 0
C66: =SUM(C57:C65) -> 40.8 | D66: =SUM(D57:D65) -> 0 | E66: =SUM(E57:E65) -> 81.6 | F66: Total ESE Guarantee | I66: =SUM(I57:I65) -> 81714.06 | P66: =SUM(P57:P65) -> 0 | R66: Total ESE Guarantee | U66: =SUM(U57:U65) -> 0
A68: 3A. Divide school's Unweighted FTE (UFTE) total computed in Section 1, cell E30 above by the district's total UFTE to obtain school's | N68: 3A. Divide school's Unweighted FTE (UFTE) total computed in Section 1, cell E30 above by the District's total UFTE to obtain
A69: UFTE share. CS UFTE: | C69: =E30 -> 699.38 | D69: ÷ District's total UFTE | H69: 215320.92 | N69: school's UFTE share. CS UFTE: | P69: =P30 -> 0 | Q69: / District's total UFTE: | T69: =H69 -> 215320.92
G70: = | H70: =ROUND(C69/H69,6) -> 0.003248 | T70: =ROUND(P69/T69,6) -> 0
A71: 3B. Divide school's Weighted FTE (WFTE) total computed in Section 1, cell H30 above by the district's total WFTE to obtain school's | N71: 3B. Divide school's Weighted FTE (WFTE) total computed in Section 1, cell H30 above by the District's total WFTE to obtain
A72: WFTE share. CS WFTE: | C72: =H30 -> 698.2513 | D72: ÷ District's total WFTE | H72: 229051.25 | N72: school's WFTE share. CS WFTE: | P72: =T30 -> 0 | Q72: / District's total WFTE: | T72: =H72 -> 229051.25
G73: = | H73: =ROUND(C72/H72,6) -> 0.003048 | T73: =ROUND(P72/T72,6) -> 0
A74: 3C. Divide school's Unweighted FTE (UFTE) total computed in Section 1, cell E30 above by the District's total non-scholarship UFTE to obtain school's | N74: 3C. Divide school's Unweighted FTE (UFTE) total computed in Section 1, cell E30 above by the District's total non-scholarship UFTE to obtain
A75: UFTE share. CS UFTE: | C75: =E30 -> 699.38 | D75: ÷ District's total non-scholarship UFTE | H75: 186156.17 | N75: school's UFTE share. CS UFTE: | P75: =P30 -> 0 | Q75: / District's total non-scholarship UFTE: | T75: =H75 -> 186156.17
G76: = | H76: =ROUND(C75/H75,6) -> 0.003757 | T76: =ROUND(P75/T75,6) -> 0
A77: 3D. Divide school's Unweighted FTE (UFTE) total computed in Section 1, cell E30 above by the District's total non-virtual UFTE to obtain school's | N77: 3D. Divide school's Unweighted FTE (UFTE) total computed in Section 1, cell E30 above by the District's total non-virtual UFTE to obtain
A78: UFTE share. CS UFTE: | C78: =E30 -> 699.38 | D78: ÷ District's total non-virtual UFTE | H78: 215016.58 | N78: school's UFTE share. CS UFTE: | P78: =P30 -> 0 | Q78: / by district's total non-virtual UFTE: | T78: =H78 -> 215016.58
G79: = | H79: =ROUND(C78/H78,6) -> 0.003253 | T79: =ROUND(P78/T78,6) -> 0
A80: 3E. Divide school's Unweighted FTE (UFTE) total computed in Section 1, cell E30 above by the district's total non-scholarship/virtual UFTE to obtain | N80: 3E. Divide school's Unweighted FTE (UFTE) total computed in Section 1, cell E30 above by the District's total non-scholarship/virtual UFTE to
A81: school's UFTE share. CS UFTE: | C81: =E30 -> 699.38 | D81: ÷ Dististict's total non-scholarship/virtual UFTE | H81: 185851.83 | N81: obtain school's UFTE share. CS UFTE: | P81: =P30 -> 0 | Q81: / Dist total non-scholarship/virtual UFTE: | T81: =H81 -> 185851.83
G82: = | H82: =ROUND(C81/H81,6) -> 0.003763 | T82: =ROUND(P81/T81,6) -> 0
A85: 4. Educational Enrichment Share (Non-virtual UFTE share) | E85: (e) | F85: 47290747 | G85: x | H85: =H79 -> 0.003253 | I85: =ROUND(F85*H85,2) -> 153836.8 | N85: 4. Educational Enrichment Share (Non-virtual UFTE share) | R85: =F85 -> 47290747 | S85: x | T85: =T79 -> 0 | U85: =ROUND(R85*T85,2) -> 0
A87: 5. Discretionary Millage Compression Allocation | N87: 5. Discretionary Millage Compression Allocation (UFTE share)
A88: .748 Mills (UFTE share) | E88: (b) | F88: 0 | G88: x | H88: =H70 -> 0.003248 | I88: =ROUND(F88*H88,2) -> 0 | N88: .748 Mills (UFTE share) | R88: =F88 -> 0 | S88: x | T88: =T70 -> 0 | U88: =ROUND(R88*T88,2) -> 0
A90: 6. Safe Schools Allocation (Non-scholarship/virtual UFTE share) | E90: (f) | F90: 19167881 | G90: x | H90: =H82 -> 0.003763 | I90: =ROUND(F90*H90,2) -> 72128.74 | N90: 6. Safe Schools Allocation (Non-scholarship/virtual UFTE share) | R90: =F90 -> 19167881 | S90: x | T90: =T82 -> 0 | U90: =ROUND(R90*T90,2) -> 0
A92: 7. Mental Health Assistance Allocation (Non-scholarship UFTE share) | E92: (b) | F92: 11546889 | G92: x | H92: =H76 -> 0.003757 | I92: =ROUND(F92*H92,2) -> 43381.66 | N92: 7. Mental Health Assistance Allocation (Non-scholarship UFTE share) | R92: =F92 -> 11546889 | S92: x | T92: =T76 -> 0 | U92: =ROUND(R92*T92,2) -> 0
A94: 8. Discretionary Local Effort (WFTE share) | E94: (c) | F94: 268816278 | G94: x | H94: =H73 -> 0.003048 | I94: =ROUND(F94*H94,2) -> 819352.02 | N94: 8. Discretionary Local Effort (WFTE share) | R94: =F94 -> 268816278 | S94: x | T94: =T73 -> 0 | U94: =ROUND(R94*T94,2) -> 0
A96: 9. Proration to Funds Available (WFTE share) | E96: (c) | F96: 0 | G96: x | H96: =H73 -> 0.003048 | I96: =ROUND(F96*H96,2) -> 0 | N96: 9. Proration to Funds Available (WFTE share) | R96: =F96 -> 0 | S96: x | T96: =T73 -> 0 | U96: =ROUND(R96*T96,2) -> 0
A98: 10. Educational Enrollment Stabilization Program (UFTE Share) | E98: (b) | F98: 0 | G98: x | H98: =H70 -> 0.003248 | I98: =ROUND(F98*H98,2) -> 0 | N98: 10. Educational Enrollment Stabilization Program (UFTE Share) | R98: =F98 -> 0 | S98: x | T98: =T70 -> 0 | U98: =ROUND(R98*T98,2) -> 0
A101: 11. Class Size Reduction Funds: | N101: 11. Class Size Reduction Funds:
C102: Weighted FTE | F102: Allocation
C103: (not including Add-On) | E103: X CWF X | F103: Factors | N103: Weighted FTE (not including Add-On) | P103: X CWF X | R103: Allocation factors
B104: PK - 3 | C104: =H14+H15+H20+H23+H26 -> 0 | E104: =H8 -> 1.0355 | F104: 958.42 | G104: = | H104: =ROUND(C104*E104*F104,2) -> 0 | N104: PK - 3 | O104: =T14+T15+T20+T23+T26 -> 0 | P104: =T8 -> 1.0355 | R104: =F104 -> 958.42 | S104: = | T104: =ROUND(O104*P104*R104,2) -> 0
B105: 4-8 | C105: =H16+H17+H21+H24+H27 -> 0 | E105: =H8 -> 1.0355 | F105: 915.09 | G105: = | H105: =ROUND(C105*E105*F105,2) -> 0 | N105: 4-8 | O105: =T16+T17+T21+T24+T27 -> 0 | P105: =T8 -> 1.0355 | R105: =F105 -> 915.09 | S105: = | T105: =ROUND(O105*P105*R105,2) -> 0
B106: 9-12 | C106: =H18+H19+H22+H25+H28+H29 -> 698.2513 | E106: =H8 -> 1.0355 | F106: 917.3 | G106: = | H106: =ROUND(C106*E106*F106,2) -> 663243.88 | N106: 9-12 | O106: =T18+T19+T22+T25+T28+T29 -> 0 | P106: =T8 -> 1.0355 | R106: =F106 -> 917.3 | S106: = | T106: =ROUND(O106*P106*R106,2) -> 0
B107: Total * | C107: =SUM(C104:C106) -> 698.2513 | H107: Total Class Size Reduction Funds | I107: =IF(A1=75,0,H106+H105+H104) -> 663243.88 | N107: Total * | O107: =SUM(O104:O106) -> 0 | P107: Total Class Size Reduction Funds | U107: =IF(N1=75,0,T106+T105+T104) -> 0
A108: (*Total FTE should equal total in Section 1, column (4) and should not include any additional FTE from Section 1.) | N108: (*Total FTE should equal total in Section 1, column (4) and should not include any additional FTE from Section 1.)
A110: 12. Student Transportation | E110: (h) | N110: 12. Student Transportation
C111: Oct 2024 | D111: Feb 2025 | E111: Average
C112: FTE | D112: FTE | E112: FTE
A113: All Adjusted Fundable Riders | C113: 380 | D113: 359 | E113: =(C113+D113)/2 -> 369.5 | F113: x | G113: 617 | I113: =ROUND(G113*E113,2) -> 227981.5 | N113: Enter All Adjusted Fundable Riders | P113: =IF(H133=1,E113,0) -> 0 | S113: x | T113: =G113 -> 617 | U113: =ROUND(T113*P113,2) -> 0
A114: All Adjusted ESE Riders (Member Cat L) | C114: 0 | D114: 0 | E114: =(C114+D114)/2 -> 0 | F114: x | G114: 1870 | I114: =ROUND(G114*E114,2) -> 0 | N114: Enter All Adjusted ESE Riders | S114: x | T114: =G114 -> 1870 | U114: =ROUND(T114*P114,2) -> 0
A117: 13. Federally Connected Student Supplement | E117: (i) | N117: 13. Federally Connected Student Supplement (i)
C118: Number of Students | H118: Impact Aide
C119: Oct 2018 | D119: Feb 2018 | E119: Total | F119: Exempt Property | H119: Student
A120: Impact Aid Student Type | C120: FTE | D120: FTE | E120: FTE | F120: Allocation | H120: Allocation | I120: Total | N120: Impact Aide Student Type | P120: Number of Students | R120: Exempt Property Allocation | T120: Impact Aide Student Allocation | U120: Total
A121: Military and Indian Lands | C121: 0 | D121: 0 | E121: =IF(D30=0,C121*2,C121+D121) -> 0 | F121: 0 | H121: =IF(C121=0,0,125) -> 0 | I121: =ROUND((H121+F121)*E121,2) -> 0 | N121: Military and Indian Lands | P121: =IF(H$133=1,C121,0) -> 0 | R121: =F121 -> 0 | T121: =H121 -> 0 | U121: =ROUND((T121+R121)*P121,0) -> 0
...

Sheet 1571
A1: 50 | B1: (Insert district number in cell A1, enter, then strike F9. Your district data then pulls from Calculation Detail Sheets) | N1: =A1 -> 50 | O1: (Insert district number in cell A1, enter, then strike F9. Your district data then pulls from Calculation Detail Sheets)
A2: Revenue Estimate Worksheet: South Tech Charter Academy - 1571 | N2: Revenue Estimate Worksheet for___________Charter School
A3: ='1461'!A3 -> Based on the FLDOE 2025-26 FEFP Calculation | N3: =A3 -> Based on the FLDOE 2025-26 FEFP Calculation
A4: School District: | C4: Palm Beach | F4: ='1461'!F4 -> August 2025 | N4: School District: | P4: =C4 -> Palm Beach
A7: 1A. 2023-24 FEFP State and Local Funding | N7: =A7 -> 1A. 2023-24 FEFP State and Local Funding
B8: Base Student Allocation: | C8: ='1461'!C8 -> 5372.6 | G8: Comparable Wage Factor: | H8: ='1461'!H8 -> 1.0355 | N8: Base Student Allocation | P8: =C8 -> 5372.6 | R8: Comparable Wage Factor: | T8: =H8 -> 1.0355
G9: Small District Factor: | H9: ='1461'!H9 -> 1 | R9: Small District Factor: | T9: =H9 -> 1
C10: ='1461'!C10 | D10: ='1461'!D10 | I10: ='1461'!I10 -> 2025-26 | U10: =I10 -> 2025-26
C11: ='1461'!C11 -> Oct 2024 | D11: ='1461'!D11 -> Feb 2025 | E11: Total | F11: Program | H11: Weighted FTE | I11: Base Funding | R11: Program | T11: Weighted FTE | U11: Base Funding
A12: Program | C12: ='1461'!C12 -> FTE | D12: ='1461'!D12 -> FTE | E12: FTE | F12: Cost Factor | H12: (2) x (3) | I12: (WFTE x BSA x CWF x SDF) | N12: Program | P12: Number of FTE | R12: Cost Factor | T12: (2) x (3) | U12: =I12 -> (WFTE x BSA x CWF x SDF)
A13: (1) | E13: (2) | F13: (3) | H13: (4) | I13: (5) | N13: (1) | P13: (2) | R13: (3) | T13: (4) | U13: (5)
A14: 101 Basic K-3 | C14: 0 | D14: 0 | E14: =IF(D$30=0,C14*2,C14+D14) -> 0 | F14: ='1461'!F14:G14 -> 1.108 | H14: =ROUND(E14*F14,4) -> 0 | I14: =ROUND(ROUND(ROUND(H14*$C$8,4)*($H$8),2)*(MAX($H$9,1)),2) -> 0 | N14: 101 Basic K-3 | P14: =IF($H$133=1,E14,0) -> 0 | R14: 1 | T14: =ROUND(P14*R14,4) -> 0 | U14: =ROUND(ROUND(ROUND(T14*$C$8,4)*($H$8),2)*(MAX($H$9,1)),2) -> 0
A15: 111 Basic K-3 with ESE Services | C15: 0 | D15: 0 | E15: =IF(D$30=0,C15*2,C15+D15) -> 0 | F15: ='1461'!F15:G15 -> 1.108 | H15: =ROUND(E15*F15,4) -> 0 | I15: =ROUND(ROUND(ROUND(H15*$C$8,4)*($H$8),2)*(MAX($H$9,1)),2) -> 0 | J15: =IF(ROUND(E15,2)=ROUND(SUM(E57:E59),2)," ","CHECK PK-3 LINES BELOW") | N15: 111 Basic K-3 with ESE Services | P15: =IF($H$133=1,E15,0) -> 0 | R15: 1 | T15: =ROUND(P15*R15,4) -> 0 | U15: =ROUND(ROUND(ROUND(T15*$C$8,4)*($H$8),2)*(MAX($H$9,1)),2) -> 0
A16: 102 Basic 4-8 | C16: 0 | D16: 0 | E16: =IF(D$30=0,C16*2,C16+D16) -> 0 | F16: ='1461'!F16:G16 -> 1 | H16: =ROUND(E16*F16,4) -> 0 | I16: =ROUND(ROUND(ROUND(H16*$C$8,4)*($H$8),2)*(MAX($H$9,1)),2) -> 0 | N16: 102 Basic 4-8 | P16: =IF($H$133=1,E16,0) -> 0 | R16: 1 | T16: =ROUND(P16*R16,4) -> 0 | U16: =ROUND(ROUND(ROUND(T16*$C$8,4)*($H$8),2)*(MAX($H$9,1)),2) -> 0
A17: 112 Basic 4-8 with ESE Services | C17: 0 | D17: 0 | E17: =IF(D$30=0,C17*2,C17+D17) -> 0 | F17: ='1461'!F17:G17 -> 1 | H17: =ROUND(E17*F17,4) -> 0 | I17: =ROUND(ROUND(ROUND(H17*$C$8,4)*($H$8),2)*(MAX($H$9,1)),2) -> 0 | J17: =IF(ROUND(E17,2)=ROUND(SUM(E60:E62),2)," ","CHECK 4-8 LINES BELOW") | N17: 112 Basic 4-8 with ESE Services | P17: =IF($H$133=1,E17,0) -> 0 | R17: 1 | T17: =ROUND(P17*R17,4) -> 0 | U17: =ROUND(ROUND(ROUND(T17*$C$8,4)*($H$8),2)*(MAX($H$9,1)),2) -> 0
A18: 103 Basic 9-12 | C18: 302.67 | D18: 0 | E18: =IF(D$30=0,C18*2,C18+D18) -> 605.34 | F18: ='1461'!F18:G18 -> 0.972 | H18: =ROUND(E18*F18,4) -> 588.3905 | I18: =ROUND(ROUND(ROUND(H18*$C$8,4)*($H$8),2)*(MAX($H$9,1)),2) -> 3273408.9 | N18: 103 Basic 9-12 | P18: =IF($H$133=1,E18,0) -> 0 | R18: 1 | T18: =ROUND(P18*R18,4) -> 0 | U18: =ROUND(ROUND(ROUND(T18*$C$8,4)*($H$8),2)*(MAX($H$9,1)),2) -> 0
A19: 113 Basic 9-12 with ESE Services | C19: 131.2 | D19: 0 | E19: =IF(D$30=0,C19*2,C19+D19) -> 262.4 | F19: ='1461'!F19:G19 -> 0.972 | H19: =ROUND(E19*F19,4) -> 255.0528 | I19: =ROUND(ROUND(ROUND(H19*$C$8,4)*($H$8),2)*(MAX($H$9,1)),2) -> 1418942.2 | J19: =IF(ROUND(E19,2)=ROUND(SUM(E63:E65),2)," ","CHECK 4-8 LINES BELOW") | N19: 113 Basic 9-12 with ESE Services | P19: =IF($H$133=1,E19,0) -> 0 | R19: 1 | T19: =ROUND(P19*R19,4) -> 0 | U19: =ROUND(ROUND(ROUND(T19*$C$8,4)*($H$8),2)*(MAX($H$9,1)),2) -> 0
A20: 254 ESE Level 4 (Grade Level PK-3) | C20: 0 | D20: 0 | E20: =IF(D$30=0,C20*2,C20+D20) -> 0 | F20: ='1461'!F20:G20 -> 3.609 | H20: =ROUND(E20*F20,4) -> 0 | I20: =ROUND(ROUND(ROUND(H20*$C$8,4)*($H$8),2)*(MAX($H$9,1)),2) -> 0 | N20: 254 ESE Level 4 (Grade Level PK-3) | P20: =IF($H$133=1,E20,0) -> 0 | R20: 1 | T20: =ROUND(P20*R20,4) -> 0 | U20: =ROUND(ROUND(ROUND(T20*$C$8,4)*($H$8),2)*(MAX($H$9,1)),2) -> 0
A21: 254 ESE Level 4 (Grade Level 4-8) | C21: 0 | D21: 0 | E21: =IF(D$30=0,C21*2,C21+D21) -> 0 | F21: ='1461'!F21:G21 -> 3.609 | H21: =ROUND(E21*F21,4) -> 0 | I21: =ROUND(ROUND(ROUND(H21*$C$8,4)*($H$8),2)*(MAX($H$9,1)),2) -> 0 | N21: 254 ESE Level 4 (Grade Level 4-8) | P21: =IF($H$133=1,E21,0) -> 0 | R21: 1 | T21: =ROUND(P21*R21,4) -> 0 | U21: =ROUND(ROUND(ROUND(T21*$C$8,4)*($H$8),2)*(MAX($H$9,1)),2) -> 0
A22: 254 ESE Level 4 (Grade Level 9-12) | C22: 0 | D22: 0 | E22: =IF(D$30=0,C22*2,C22+D22) -> 0 | F22: ='1461'!F22:G22 -> 3.609 | H22: =ROUND(E22*F22,4) -> 0 | I22: =ROUND(ROUND(ROUND(H22*$C$8,4)*($H$8),2)*(MAX($H$9,1)),2) -> 0 | N22: 254 ESE Level 4 (Grade Level 9-12) | P22: =IF($H$133=1,E22,0) -> 0 | R22: 1 | T22: =ROUND(P22*R22,4) -> 0 | U22: =ROUND(ROUND(ROUND(T22*$C$8,4)*($H$8),2)*(MAX($H$9,1)),2) -> 0
A23: 255 ESE Level 5 (Grade Level PK-3) | C23: 0 | D23: 0 | E23: =IF(D$30=0,C23*2,C23+D23) -> 0 | F23: ='1461'!F23:G23 -> 6.064 | H23: =ROUND(E23*F23,4) -> 0 | I23: =ROUND(ROUND(ROUND(H23*$C$8,4)*($H$8),2)*(MAX($H$9,1)),2) -> 0 | N23: 255 ESE Level 5 (Grade Level PK-3) | P23: =IF($H$133=1,E23,0) -> 0 | R23: 1 | T23: =ROUND(P23*R23,4) -> 0 | U23: =ROUND(ROUND(ROUND(T23*$C$8,4)*($H$8),2)*(MAX($H$9,1)),2) -> 0
A24: 255 ESE Level 5 (Grade Level 4-8) | C24: 0 | D24: 0 | E24: =IF(D$30=0,C24*2,C24+D24) -> 0 | F24: ='1461'!F24:G24 -> 6.064 | H24: =ROUND(E24*F24,4) -> 0 | I24: =ROUND(ROUND(ROUND(H24*$C$8,4)*($H$8),2)*(MAX($H$9,1)),2) -> 0 | N24: 255 ESE Level 5 (Grade Level 4-8) | P24: =IF($H$133=1,E24,0) -> 0 | R24: 1 | T24: =ROUND(P24*R24,4) -> 0 | U24: =ROUND(ROUND(ROUND(T24*$C$8,4)*($H$8),2)*(MAX($H$9,1)),2) -> 0
A25: 255 ESE Level 5 (Grade Level 9-12) | C25: 0 | D25: 0 | E25: =IF(D$30=0,C25*2,C25+D25) -> 0 | F25: ='1461'!F25:G25 -> 6.064 | H25: =ROUND(E25*F25,4) -> 0 | I25: =ROUND(ROUND(ROUND(H25*$C$8,4)*($H$8),2)*(MAX($H$9,1)),2) -> 0 | N25: 255 ESE Level 5 (Grade Level 9-12) | P25: =IF($H$133=1,E25,0) -> 0 | R25: 1 | T25: =ROUND(P25*R25,4) -> 0 | U25: =ROUND(ROUND(ROUND(T25*$C$8,4)*($H$8),2)*(MAX($H$9,1)),2) -> 0
A26: 130 ESOL (Grade Level PK-3) | C26: 0 | D26: 0 | E26: =IF(D$30=0,C26*2,C26+D26) -> 0 | F26: ='1461'!F26:G26 -> 1.165 | H26: =ROUND(E26*F26,4) -> 0 | I26: =ROUND(ROUND(ROUND(H26*$C$8,4)*($H$8),2)*(MAX($H$9,1)),2) -> 0 | N26: 130 ESOL (Grade Level PK-3) | P26: =IF($H$133=1,E26,0) -> 0 | R26: 1 | T26: =ROUND(P26*R26,4) -> 0 | U26: =ROUND(ROUND(ROUND(T26*$C$8,4)*($H$8),2)*(MAX($H$9,1)),2) -> 0
A27: 130 ESOL (Grade Level 4-8) | C27: 0 | D27: 0 | E27: =IF(D$30=0,C27*2,C27+D27) -> 0 | F27: ='1461'!F27:G27 -> 1.165 | H27: =ROUND(E27*F27,4) -> 0 | I27: =ROUND(ROUND(ROUND(H27*$C$8,4)*($H$8),2)*(MAX($H$9,1)),2) -> 0 | N27: 130 ESOL (Grade Level 4-8) | P27: =IF($H$133=1,E27,0) -> 0 | R27: 1 | T27: =ROUND(P27*R27,4) -> 0 | U27: =ROUND(ROUND(ROUND(T27*$C$8,4)*($H$8),2)*(MAX($H$9,1)),2) -> 0
A28: 130 ESOL (Grade Level 9-12) | C28: 2.44 | D28: 0 | E28: =IF(D$30=0,C28*2,C28+D28) -> 4.88 | F28: ='1461'!F28:G28 -> 1.165 | H28: =ROUND(E28*F28,4) -> 5.6852 | I28: =ROUND(ROUND(ROUND(H28*$C$8,4)*($H$8),2)*(MAX($H$9,1)),2) -> 31628.63 | N28: 130 ESOL (Grade Level 9-12) | P28: =IF($H$133=1,E28,0) -> 0 | R28: 1 | T28: =ROUND(P28*R28,4) -> 0 | U28: =ROUND(ROUND(ROUND(T28*$C$8,4)*($H$8),2)*(MAX($H$9,1)),2) -> 0
A29: 300 Career Education (Grades 9-12) | C29: 121.01 | D29: 0 | E29: =IF(D$30=0,C29*2,C29+D29) -> 242.02 | F29: ='1461'!F29:G29 -> 1.081 | H29: =ROUND(E29*F29,4) -> 261.6236 | I29: =ROUND(ROUND(ROUND(H29*$C$8,4)*($H$8),2)*(MAX($H$9,1)),2) -> 1455497.7 | N29: 300 Career Education (Grades 9-12) | P29: =IF($H$133=1,E29,0) -> 0 | R29: 1 | T29: =ROUND(P29*R29,4) -> 0 | U29: =ROUND(ROUND(ROUND(T29*$C$8,4)*($H$8),2)*(MAX($H$9,1)),2) -> 0
A30: Totals | C30: =SUM(C14:C29) -> 557.32 | D30: =SUM(D14:D29) -> 0 | E30: =SUM(E14:E29) -> 1114.64 | H30: =SUM(H14:H29) -> 1110.7521 | I30: =SUM(I14:I29) -> 6179477.5 | N30: Totals | P30: =SUM(P14:P29) -> 0 | T30: =SUM(T14:T29) -> 0 | U30: =SUM(U14:U29) -> 0
A32: Letters in Parentheses Refer to Notes at Bottom of Worksheet:
F34: Charter schools should contact their school district sponsor regarding eligible FTE. Please note that “Number of FTE” is NOT equivalent to number of students enrolled in these courses or programs. Please refer to footnote (a) below.
I35: 2015-16 | N35: Letters Refer to Notes At Bottom: | U35: =I35 -> 2015-16
C36: Oct 2014 | D36: Feb 2015 | E36: Total | I36: Base Funding | U36: Base Funding
A37: Additional FTE (a) | C37: FTE | D37: FTE | E37: FTE | I37: (WFTE x BSA x CWF x SDF) | N37: Additional FTE (a) | P37: Number of FTE | U37: =I37 -> (WFTE x BSA x CWF x SDF)
A38: Advanced Placement | C38: 0 | D38: 0 | E38: =IF(D$44=0,C38*2,C38+D38) -> 0 | I38: =ROUND(ROUND(ROUND(E38*$C$8,4)*($H$8),2)*(MAX($H$9,1)),2) -> 0 | N38: Advanced Placement | P38: =IF($H$133=1,E38,0) -> 0 | U38: =ROUND(ROUND(ROUND(P38*$C$8,4)*($H$8),2)*(MAX($H$9,1)),2) -> 0
A39: International Baccalaureate | C39: 0 | D39: 0 | E39: =IF(D$44=0,C39*2,C39+D39) -> 0 | I39: =ROUND(ROUND(ROUND(E39*$C$8,4)*($H$8),2)*(MAX($H$9,1)),2) -> 0 | N39: International Baccalaureate | P39: =IF($H$133=1,E39,0) -> 0 | U39: =ROUND(ROUND(ROUND(P39*$C$8,4)*($H$8),2)*(MAX($H$9,1)),2) -> 0
A40: Advanced International Certificate | C40: 0 | D40: 0 | E40: =IF(D$44=0,C40*2,C40+D40) -> 0 | I40: =ROUND(ROUND(ROUND(E40*$C$8,4)*($H$8),2)*(MAX($H$9,1)),2) -> 0 | N40: Advanced International Certificate | P40: =IF($H$133=1,E40,0) -> 0 | U40: =ROUND(ROUND(ROUND(P40*$C$8,4)*($H$8),2)*(MAX($H$9,1)),2) -> 0
A41: Industry Certified Career Education | C41: 0 | D41: 0 | E41: =IF(D$44=0,C41*2,C41+D41) -> 0 | I41: =ROUND(ROUND(ROUND(E41*$C$8,4)*($H$8),2)*(MAX($H$9,1)),2) -> 0 | N41: Industry Certified Career Education | P41: =IF($H$133=1,E41,0) -> 0 | U41: =ROUND(ROUND(ROUND(P41*$C$8,4)*($H$8),2)*(MAX($H$9,1)),2) -> 0
A42: Early High School Graduation | C42: 0 | D42: 0 | E42: =IF(D$44=0,C42*2,C42+D42) -> 0 | I42: =ROUND(ROUND(ROUND(E42*$C$8,4)*($H$8),2)*(MAX($H$9,1)),2) -> 0 | N42: Early High School Graduation | P42: =IF($H$133=1,E42,0) -> 0 | U42: =ROUND(ROUND(ROUND(P42*$C$8,4)*($H$8),2)*(MAX($H$9,1)),2) -> 0
A43: Small District ESE Supplement | C43: 0 | D43: 0 | E43: =IF(D$44=0,C43*2,C43+D43) -> 0 | I43: =ROUND(ROUND(ROUND(E43*$C$8,4)*($H$8),2)*(MAX($H$9,1)),2) -> 0 | N43: Small District ESE Supplement | P43: =IF($H$133=1,E43,0) -> 0 | U43: =ROUND(ROUND(ROUND(P43*$C$8,4)*($H$8),2)*(MAX($H$9,1)),2) -> 0
B44: Total Additional FTE | C44: =SUM(C38:C43) -> 0 | D44: =SUM(D38:D43) -> 0 | E44: =SUM(E38:E43) -> 0 | H44: Additional Base Funds | I44: =SUM(I38:I43) -> 0 | N44: Total Additional FTE | R44: =SUM(P38:R43) -> 0 | S44: Additional Base Funds | U44: =SUM(U38:U43) -> 0
B46: Total Funded Weighted FTE | E46: =H30+E44 -> 1110.7521 | H46: Total Base Funding | I46: =SUM(I44,I30) -> 6179477.5 | N46: Total Funded Weighted FTE | R46: =R44+T30 -> 0 | S46: Total Base Funding | U46: =SUM(U44,U30) -> 0
A48: 1B. Classroom Teacher & Other Instructional Personnel Salary Increase | N48: 1B. Classroom Teacher & Other Instructional Personnel Salary Increase
A49: Maintenance and Growth Portions of the Salary Increase funds are part of the total Base Funding and are not treated as a separate allocation. | N49: Maintenance and Growth Portions of the Salary Increase funds are part of the total Base Funding and are not treated as a separate allocation.
A50: Amounts are split out here for informative purposes and for the purposes of providing a total that may be used for calculating the adminstrative fee. | N50: Amounts are split out here for informative purposes and for the purposes of providing a total that may be used for calculating the adminstrative fee.
B51: ='1461'!B51 -> Maintenance Portion (6.67% of Conference Funding) | E51: (g) (k) | F51: 6179477.5 | G51: x | H51: ='1461'!H51 -> 0.0667 | I51: =ROUND(F51*H51,2) -> 412171.15 | O51: Maintenance Portion (6.67% of Conference Funding) | Q51: (g) (k) | R51: =U30 -> 0 | S51: x | T51: 0.0667 | U51: =ROUND(R51*T51,2) -> 0
B52: ='1461'!B52 -> Growth Portion (0.54% of Conference Funding) | E52: (g) (k) | F52: 6179477.5 | G52: x | H52: ='1461'!H52 -> 0.0054 | I52: =ROUND(F52*H52,2) -> 33369.18 | O52: Growth Portion (0.54% of Conference Funding) | Q52: (g) (k) | R52: =U30 -> 0 | S52: x | T52: 0.0054 | U52: =ROUND(R52*T52,2) -> 0
B53: Total Salary Increase | I53: =SUM(I51:I52) -> 445540.33 | O53: Total Salary Increase | U53: =SUM(U51:U52) -> 0
C54: ='1461'!C54 | D54: ='1461'!D54 | P54: ='1461'!P54 | Q54: ='1461'!Q54
C55: ='1461'!C55 -> Oct 2024 | D55: ='1461'!D55 -> Feb 2025 | E55: Total | F55: Grade | G55: Matrix | H55: Guarantee | S55: Matrix | T55: Guarantee
A56: 2. ESE Guaranteed Allocation: | C56: ='1461'!C56 -> FTE | D56: ='1461'!D56 -> FTE | E56: FTE | F56: Level | G56: Level | H56: Per Student | N56: 2. ESE Guaranteed Allocation: | P56: FTE | R56: Grade Level | S56: Level | T56: Per Student
A57: Additional Funding from the ESE Guaranteed Allocation. Enter the FTE from 111,112 and 113 by grade and matrix level. Students who do not have a matrix level should be considered 251. This total should equal all FTE from programs 111, 112 and 113 above, less any 113 gifted FTE. | C57: 0 | D57: 0 | E57: =IF(D$72=0,C57*2,C57+D57) -> 0 | F57: PK-3 | G57: 251 | H57: ='1461'!H57 -> 1047 | I57: =ROUND(E57*H57,2) -> 0 | N57: Additional Funding from the ESE Guaranteed Allocation. Enter the FTE from 111,112 and 113 by grade and matrix level. Students who do not have a matrix level should be considered 251. This total should equal all FTE from programs 111, 112 and 113 above. | R57: PK-3 | S57: 251 | T57: =H57 -> 1047 | U57: =ROUND(P57*T57,2) -> 0
C58: 0 | D58: 0 | E58: =IF(D$72=0,C58*2,C58+D58) -> 0 | F58: PK-3 | G58: 252 | H58: ='1461'!H58 -> 3380 | I58: =ROUND(E58*H58,2) -> 0 | R58: PK-3 | S58: 252 | T58: =H58 -> 3380 | U58: =ROUND(P58*T58,2) -> 0
C59: 0 | D59: 0 | E59: =IF(D$72=0,C59*2,C59+D59) -> 0 | F59: PK-3 | G59: 253 | H59: ='1461'!H59 -> 6896 | I59: =ROUND(E59*H59,2) -> 0 | R59: PK-3 | S59: 253 | T59: =H59 -> 6896 | U59: =ROUND(P59*T59,2) -> 0
C60: 0 | D60: 0 | E60: =IF(D$72=0,C60*2,C60+D60) -> 0 | F60: 4-8 | G60: 251 | H60: ='1461'!H60 -> 1173 | I60: =ROUND(E60*H60,2) -> 0 | R60: 4-8 | S60: 251 | T60: =H60 -> 1173 | U60: =ROUND(P60*T60,2) -> 0
C61: 0 | D61: 0 | E61: =IF(D$72=0,C61*2,C61+D61) -> 0 | F61: 4-8 | G61: 252 | H61: ='1461'!H61 -> 3506 | I61: =ROUND(E61*H61,2) -> 0 | R61: 4-8 | S61: 252 | T61: =H61 -> 3506 | U61: =ROUND(P61*T61,2) -> 0
C62: 0 | D62: 0 | E62: =IF(D$72=0,C62*2,C62+D62) -> 0 | F62: 4-8 | G62: 253 | H62: ='1461'!H62 -> 7023 | I62: =ROUND(E62*H62,2) -> 0 | R62: 4-8 | S62: 253 | T62: =H62 -> 7023 | U62: =ROUND(P62*T62,2) -> 0
C63: 119.29 | D63: 0 | E63: =IF(D$66=0,C63*2,C63+D63) -> 238.58 | F63: 9-12 | G63: 251 | H63: ='1461'!H63 -> 835 | I63: =ROUND(E63*H63,2) -> 199214.3 | R63: 9-12 | S63: 251 | T63: =H63 -> 835 | U63: =ROUND(P63*T63,2) -> 0
C64: 11.91 | D64: 0 | E64: =IF(D$66=0,C64*2,C64+D64) -> 23.82 | F64: 9-12 | G64: 252 | H64: ='1461'!H64 -> 3168 | I64: =ROUND(E64*H64,2) -> 75461.76 | R64: 9-12 | S64: 252 | T64: =H64 -> 3168 | U64: =ROUND(P64*T64,2) -> 0
C65: 0 | D65: 0 | E65: =IF(D$66=0,C65*2,C65+D65) -> 0 | F65: 9-12 | G65: 253 | H65: ='1461'!H65 -> 6685 | I65: =ROUND(E65*H65,2) -> 0 | R65: 9-12 | S65: 253 | T65: =H65 -> 6685 | U65: =ROUND(P65*T65,2) -> 0
C66: =SUM(C57:C65) -> 131.2 | D66: =SUM(D57:D65) -> 0 | E66: =SUM(E57:E65) -> 262.4 | F66: Total ESE Guarantee | I66: =SUM(I57:I65) -> 274676.06 | P66: =SUM(P57:P65) -> 0 | R66: Total ESE Guarantee | U66: =SUM(U57:U65) -> 0
A68: 3A. Divide school's Unweighted FTE (UFTE) total computed in Section 1, cell E30 above by the district's total UFTE to obtain school's | N68: 3A. Divide school's Unweighted FTE (UFTE) total computed in Section 1, cell E30 above by the District's total UFTE to obtain
A69: UFTE share. CS UFTE: | C69: =E30 -> 1114.64 | D69: ÷ District's total UFTE | H69: ='1461'!H69 -> 215320.92 | N69: school's UFTE share. CS UFTE: | P69: =P30 -> 0 | Q69: / District's total UFTE: | T69: =H69 -> 215320.92
G70: = | H70: =ROUND(C69/H69,6) -> 0.005177 | T70: =ROUND(P69/T69,6) -> 0
A71: 3B. Divide school's Weighted FTE (WFTE) total computed in Section 1, cell H30 above by the district's total WFTE to obtain school's | N71: 3B. Divide school's Weighted FTE (WFTE) total computed in Section 1, cell H30 above by the District's total WFTE to obtain
A72: WFTE share. CS WFTE: | C72: =H30 -> 1110.7521 | D72: ÷ District's total WFTE | H72: ='1461'!H72 -> 229051.25 | N72: school's WFTE share. CS WFTE: | P72: =T30 -> 0 | Q72: / District's total WFTE: | T72: =H72 -> 229051.25
G73: = | H73: =ROUND(C72/H72,6) -> 0.004849 | T73: =ROUND(P72/T72,6) -> 0
A74: 3C. Divide school's Unweighted FTE (UFTE) total computed in Section 1, cell E30 above by the District's total non-scholarship UFTE to obtain school's | N74: 3C. Divide school's Unweighted FTE (UFTE) total computed in Section 1, cell E30 above by the District's total non-scholarship UFTE to obtain
A75: UFTE share. CS UFTE: | C75: =E30 -> 1114.64 | D75: ÷ District's total non-scholarship UFTE | H75: ='1461'!H75 -> 186156.17 | N75: school's UFTE share. CS UFTE: | P75: =P30 -> 0 | Q75: / District's total non-scholarship UFTE: | T75: =H75 -> 186156.17
G76: = | H76: =ROUND(C75/H75,6) -> 0.005988 | T76: =ROUND(P75/T75,6) -> 0
A77: 3D. Divide school's Unweighted FTE (UFTE) total computed in Section 1, cell E30 above by the District's total non-virtual UFTE to obtain school's | N77: 3D. Divide school's Unweighted FTE (UFTE) total computed in Section 1, cell E30 above by the District's total non-virtual UFTE to obtain
A78: UFTE share. CS UFTE: | C78: =E30 -> 1114.64 | D78: ÷ District's total non-virtual UFTE | H78: ='1461'!H78 -> 215016.58 | N78: school's UFTE share. CS UFTE: | P78: =P30 -> 0 | Q78: / by district's total non-virtual UFTE: | T78: =H78 -> 215016.58
G79: = | H79: =ROUND(C78/H78,6) -> 0.005184 | T79: =ROUND(P78/T78,6) -> 0
A80: 3E. Divide school's Unweighted FTE (UFTE) total computed in Section 1, cell E30 above by the district's total non-scholarship/virtual UFTE to obtain | N80: 3E. Divide school's Unweighted FTE (UFTE) total computed in Section 1, cell E30 above by the District's total non-scholarship/virtual UFTE to
A81: school's UFTE share. CS UFTE: | C81: =E30 -> 1114.64 | D81: ÷ Dististict's total non-scholarship/virtual UFTE | H81: ='1461'!H81 -> 185851.83 | N81: obtain school's UFTE share. CS UFTE: | P81: =P30 -> 0 | Q81: / Dist total non-scholarship/virtual UFTE: | T81: =H81 -> 185851.83
G82: = | H82: =ROUND(C81/H81,6) -> 0.005997 | T82: =ROUND(P81/T81,6) -> 0
A85: 4. Educational Enrichment Share (Non-virtual UFTE share) | E85: (e) | F85: ='1461'!F85 -> 47290747 | G85: x | H85: =H79 -> 0.005184 | I85: =ROUND(F85*H85,2) -> 245155.23 | N85: 4. Educational Enrichment Share (Non-virtual UFTE share) | R85: =F85 -> 47290747 | S85: x | T85: =T79 -> 0 | U85: =ROUND(R85*T85,2) -> 0
A87: 5. Discretionary Millage Compression Allocation | N87: 5. Discretionary Millage Compression Allocation (UFTE share)
A88: .748 Mills (UFTE share) | E88: (b) | F88: ='1461'!F88 -> 0 | G88: x | H88: =H70 -> 0.005177 | I88: =ROUND(F88*H88,2) -> 0 | N88: .748 Mills (UFTE share) | R88: =F88 -> 0 | S88: x | T88: =T70 -> 0 | U88: =ROUND(R88*T88,2) -> 0
A90: 6. Safe Schools Allocation (Non-scholarship/virtual UFTE share) | E90: (f) | F90: ='1461'!F90 -> 19167881 | G90: x | H90: =H82 -> 0.005997 | I90: =ROUND(F90*H90,2) -> 114949.78 | N90: 6. Safe Schools Allocation (Non-scholarship/virtual UFTE share) | R90: =F90 -> 19167881 | S90: x | T90: =T82 -> 0 | U90: =ROUND(R90*T90,2) -> 0
A92: 7. Mental Health Assistance Allocation (Non-scholarship UFTE share) | E92: (b) | F92: ='1461'!F92 -> 11546889 | G92: x | H92: =H76 -> 0.005988 | I92: =ROUND(F92*H92,2) -> 69142.77 | N92: 7. Mental Health Assistance Allocation (Non-scholarship UFTE share) | R92: =F92 -> 11546889 | S92: x | T92: =T76 -> 0 | U92: =ROUND(R92*T92,2) -> 0
A94: 8. Discretionary Local Effort (WFTE share) | E94: (c) | F94: ='1461'!F94 -> 268816278 | G94: x | H94: =H73 -> 0.004849 | I94: =ROUND(F94*H94,2) -> 1303490.1 | N94: 8. Discretionary Local Effort (WFTE share) | R94: =F94 -> 268816278 | S94: x | T94: =T73 -> 0 | U94: =ROUND(R94*T94,2) -> 0
A96: 9. Proration to Funds Available (WFTE share) | E96: (c) | F96: ='1461'!F96 -> 0 | G96: x | H96: =H73 -> 0.004849 | I96: =ROUND(F96*H96,2) -> 0 | N96: 9. Proration to Funds Available (WFTE share) | R96: =F96 -> 0 | S96: x | T96: =T73 -> 0 | U96: =ROUND(R96*T96,2) -> 0
A98: 10. Educational Enrollment Stabilization Program (UFTE Share) | E98: (b) | F98: ='1461'!F98 -> 0 | G98: x | H98: =H70 -> 0.005177 | I98: =ROUND(F98*H98,2) -> 0 | N98: 10. Educational Enrollment Stabilization Program (UFTE Share) | R98: =F98 -> 0 | S98: x | T98: =T70 -> 0 | U98: =ROUND(R98*T98,2) -> 0
A101: 11. Class Size Reduction Funds: | N101: 11. Class Size Reduction Funds:
C102: Weighted FTE | F102: Allocation
C103: (not including Add-On) | E103: X CWF X | F103: Factors | N103: Weighted FTE (not including Add-On) | P103: X CWF X | R103: Allocation factors
B104: PK - 3 | C104: =H14+H15+H20+H23+H26 -> 0 | E104: =H8 -> 1.0355 | F104: ='1461'!F104 -> 958.42 | G104: = | H104: =ROUND(C104*E104*F104,2) -> 0 | N104: PK - 3 | O104: =T14+T15+T20+T23+T26 -> 0 | P104: =T8 -> 1.0355 | R104: =F104 -> 958.42 | S104: = | T104: =ROUND(O104*P104*R104,2) -> 0
B105: 4-8 | C105: =H16+H17+H21+H24+H27 -> 0 | E105: =H8 -> 1.0355 | F105: ='1461'!F105 -> 915.09 | G105: = | H105: =ROUND(C105*E105*F105,2) -> 0 | N105: 4-8 | O105: =T16+T17+T21+T24+T27 -> 0 | P105: =T8 -> 1.0355 | R105: =F105 -> 915.09 | S105: = | T105: =ROUND(O105*P105*R105,2) -> 0
B106: 9-12 | C106: =H18+H19+H22+H25+H28+H29 -> 1110.7521 | E106: =H8 -> 1.0355 | F106: ='1461'!F106 -> 917.3 | G106: = | H106: =ROUND(C106*E106*F106,2) -> 1055063.6 | N106: 9-12 | O106: =T18+T19+T22+T25+T28+T29 -> 0 | P106: =T8 -> 1.0355 | R106: =F106 -> 917.3 | S106: = | T106: =ROUND(O106*P106*R106,2) -> 0
B107: Total * | C107: =SUM(C104:C106) -> 1110.7521 | H107: Total Class Size Reduction Funds | I107: =IF(A1=75,0,H106+H105+H104) -> 1055063.6 | N107: Total * | O107: =SUM(O104:O106) -> 0 | P107: Total Class Size Reduction Funds | U107: =IF(N1=75,0,T106+T105+T104) -> 0
A108: (*Total FTE should equal total in Section 1, column (4) and should not include any additional FTE from Section 1.) | N108: (*Total FTE should equal total in Section 1, column (4) and should not include any additional FTE from Section 1.)
A110: 12. Student Transportation | E110: (h) | N110: 12. Student Transportation
C111: Oct 2024 | D111: Feb 2025 | E111: Average
C112: FTE | D112: FTE | E112: FTE
A113: All Adjusted Fundable Riders | C113: 784 | D113: 796 | E113: =(C113+D113)/2 -> 790 | F113: x | G113: ='1461'!G113 -> 617 | I113: =ROUND(G113*E113,2) -> 487430 | N113: Enter All Adjusted Fundable Riders | P113: =IF(H133=1,E113,0) -> 0 | S113: x | T113: =G113 -> 617 | U113: =ROUND(T113*P113,2) -> 0
A114: All Adjusted ESE Riders (Member Cat L) | C114: 0 | D114: 0 | E114: =(C114+D114)/2 -> 0 | F114: x | G114: ='1461'!G114 -> 1870 | I114: =ROUND(G114*E114,2) -> 0 | N114: Enter All Adjusted ESE Riders | S114: x | T114: =G114 -> 1870 | U114: =ROUND(T114*P114,2) -> 0
A117: 12. Federally Connected Student Supplement | E117: (i) | N117: 12. Federally Connected Student Supplement (i)
C118: Number of Students | H118: Impact Aide
C119: Oct 2018 | D119: Feb 2018 | E119: Total | F119: Exempt Property | H119: Student
A120: Impact Aid Student Type | C120: FTE | D120: FTE | E120: FTE | F120: Allocation | H120: Allocation | I120: Total | N120: Impact Aide Student Type | P120: Number of Students | R120: Exempt Property Allocation | T120: Impact Aide Student Allocation | U120: Total
...

Sheet 2521
B1: (Insert district number in cell A1, enter, then strike F9. Your district data then pulls from Calculation Detail Sheets) | N1: =A1 -> 0 | O1: (Insert district number in cell A1, enter, then strike F9. Your district data then pulls from Calculation Detail Sheets)
A2: Revenue Estimate Worksheet: Ed Venture Charter School - 2521 | N2: Revenue Estimate Worksheet for___________Charter School
A3: ='1461'!A3 -> Based on the FLDOE 2025-26 FEFP Calculation | N3: =A3 -> Based on the FLDOE 2025-26 FEFP Calculation
A4: School District: | C4: Palm Beach | F4: ='1461'!F4 -> August 2025 | N4: School District: | P4: =C4 -> Palm Beach
A7: 1A. 2023-24 FEFP State and Local Funding | N7: =A7 -> 1A. 2023-24 FEFP State and Local Funding
B8: Base Student Allocation: | C8: ='1461'!C8 -> 5372.6 | G8: Comparable Wage Factor: | H8: ='1461'!H8 -> 1.0355 | N8: Base Student Allocation | P8: =C8 -> 5372.6 | R8: Comparable Wage Factor: | T8: =H8 -> 1.0355
G9: Small District Factor: | H9: ='1461'!H9 -> 1 | R9: Small District Factor: | T9: =H9 -> 1
C10: ='1461'!C10 | D10: ='1461'!D10 | I10: ='1461'!I10 -> 2025-26 | U10: =I10 -> 2025-26
C11: ='1461'!C11 -> Oct 2024 | D11: ='1461'!D11 -> Feb 2025 | E11: Total | F11: Program | H11: Weighted FTE | I11: Base Funding | R11: Program | T11: Weighted FTE | U11: Base Funding
A12: Program | C12: ='1461'!C12 -> FTE | D12: ='1461'!D12 -> FTE | E12: FTE | F12: Cost Factor | H12: (2) x (3) | I12: (WFTE x BSA x CWF x SDF) | N12: Program | P12: Number of FTE | R12: Cost Factor | T12: (2) x (3) | U12: =I12 -> (WFTE x BSA x CWF x SDF)
A13: (1) | E13: (2) | F13: (3) | H13: (4) | I13: (5) | N13: (1) | P13: (2) | R13: (3) | T13: (4) | U13: (5)
A14: 101 Basic K-3 | C14: 0 | D14: 0 | E14: =IF(D$30=0,C14*2,C14+D14) -> 0 | F14: ='1461'!F14:G14 -> 1.108 | H14: =ROUND(E14*F14,4) -> 0 | I14: =ROUND(ROUND(ROUND(H14*$C$8,4)*($H$8),2)*(MAX($H$9,1)),2) -> 0 | N14: 101 Basic K-3 | P14: =IF($H$133=1,E14,0) -> 0 | R14: 1 | T14: =ROUND(P14*R14,4) -> 0 | U14: =ROUND(ROUND(ROUND(T14*$C$8,4)*($H$8),2)*(MAX($H$9,1)),2) -> 0
A15: 111 Basic K-3 with ESE Services | C15: 0 | D15: 0 | E15: =IF(D$30=0,C15*2,C15+D15) -> 0 | F15: ='1461'!F15:G15 -> 1.108 | H15: =ROUND(E15*F15,4) -> 0 | I15: =ROUND(ROUND(ROUND(H15*$C$8,4)*($H$8),2)*(MAX($H$9,1)),2) -> 0 | J15: =IF(ROUND(E15,2)=ROUND(SUM(E57:E59),2)," ","CHECK PK-3 LINES BELOW") | N15: 111 Basic K-3 with ESE Services | P15: =IF($H$133=1,E15,0) -> 0 | R15: 1 | T15: =ROUND(P15*R15,4) -> 0 | U15: =ROUND(ROUND(ROUND(T15*$C$8,4)*($H$8),2)*(MAX($H$9,1)),2) -> 0
A16: 102 Basic 4-8 | C16: 0 | D16: 0 | E16: =IF(D$30=0,C16*2,C16+D16) -> 0 | F16: ='1461'!F16:G16 -> 1 | H16: =ROUND(E16*F16,4) -> 0 | I16: =ROUND(ROUND(ROUND(H16*$C$8,4)*($H$8),2)*(MAX($H$9,1)),2) -> 0 | N16: 102 Basic 4-8 | P16: =IF($H$133=1,E16,0) -> 0 | R16: 1 | T16: =ROUND(P16*R16,4) -> 0 | U16: =ROUND(ROUND(ROUND(T16*$C$8,4)*($H$8),2)*(MAX($H$9,1)),2) -> 0
A17: 112 Basic 4-8 with ESE Services | C17: 0 | D17: 0 | E17: =IF(D$30=0,C17*2,C17+D17) -> 0 | F17: ='1461'!F17:G17 -> 1 | H17: =ROUND(E17*F17,4) -> 0 | I17: 0 | J17: =IF(ROUND(E17,2)=ROUND(SUM(E60:E62),2)," ","CHECK 4-8 LINES BELOW") | N17: 112 Basic 4-8 with ESE Services | P17: =IF($H$133=1,E17,0) -> 0 | R17: 1 | T17: =ROUND(P17*R17,4) -> 0 | U17: =ROUND(ROUND(ROUND(T17*$C$8,4)*($H$8),2)*(MAX($H$9,1)),2) -> 0
A18: 103 Basic 9-12 | C18: 0 | D18: 0 | E18: =IF(D$30=0,C18*2,C18+D18) -> 0 | F18: ='1461'!F18:G18 -> 0.972 | H18: =ROUND(E18*F18,4) -> 0 | I18: =ROUND(ROUND(ROUND(H18*$C$8,4)*($H$8),2)*(MAX($H$9,1)),2) -> 0 | N18: 103 Basic 9-12 | P18: =IF($H$133=1,E18,0) -> 0 | R18: 1 | T18: =ROUND(P18*R18,4) -> 0 | U18: =ROUND(ROUND(ROUND(T18*$C$8,4)*($H$8),2)*(MAX($H$9,1)),2) -> 0
A19: 113 Basic 9-12 with ESE Services | C19: 26.65 | D19: 0 | E19: =IF(D$30=0,C19*2,C19+D19) -> 53.3 | F19: ='1461'!F19:G19 -> 0.972 | H19: =ROUND(E19*F19,4) -> 51.8076 | I19: =ROUND(ROUND(ROUND(H19*$C$8,4)*($H$8),2)*(MAX($H$9,1)),2) -> 288222.64 | J19: =IF(ROUND(E19,2)=ROUND(SUM(E63:E65),2)," ","CHECK 4-8 LINES BELOW") | N19: 113 Basic 9-12 with ESE Services | P19: =IF($H$133=1,E19,0) -> 53.3 | R19: 1 | T19: =ROUND(P19*R19,4) -> 53.3 | U19: =ROUND(ROUND(ROUND(T19*$C$8,4)*($H$8),2)*(MAX($H$9,1)),2) -> 296525.35
A20: 254 ESE Level 4 (Grade Level PK-3) | C20: 0 | D20: 0 | E20: =IF(D$30=0,C20*2,C20+D20) -> 0 | F20: ='1461'!F20:G20 -> 3.609 | H20: =ROUND(E20*F20,4) -> 0 | I20: =ROUND(ROUND(ROUND(H20*$C$8,4)*($H$8),2)*(MAX($H$9,1)),2) -> 0 | N20: 254 ESE Level 4 (Grade Level PK-3) | P20: =IF($H$133=1,E20,0) -> 0 | R20: 1 | T20: =ROUND(P20*R20,4) -> 0 | U20: =ROUND(ROUND(ROUND(T20*$C$8,4)*($H$8),2)*(MAX($H$9,1)),2) -> 0
A21: 254 ESE Level 4 (Grade Level 4-8) | C21: 0 | D21: 0 | E21: =IF(D$30=0,C21*2,C21+D21) -> 0 | F21: ='1461'!F21:G21 -> 3.609 | H21: =ROUND(E21*F21,4) -> 0 | I21: =ROUND(ROUND(ROUND(H21*$C$8,4)*($H$8),2)*(MAX($H$9,1)),2) -> 0 | N21: 254 ESE Level 4 (Grade Level 4-8) | P21: =IF($H$133=1,E21,0) -> 0 | R21: 1 | T21: =ROUND(P21*R21,4) -> 0 | U21: =ROUND(ROUND(ROUND(T21*$C$8,4)*($H$8),2)*(MAX($H$9,1)),2) -> 0
A22: 254 ESE Level 4 (Grade Level 9-12) | C22: 10.43 | D22: 0 | E22: =IF(D$30=0,C22*2,C22+D22) -> 20.86 | F22: ='1461'!F22:G22 -> 3.609 | H22: =ROUND(E22*F22,4) -> 75.2837 | I22: =ROUND(ROUND(ROUND(H22*$C$8,4)*($H$8),2)*(MAX($H$9,1)),2) -> 418827.86 | N22: 254 ESE Level 4 (Grade Level 9-12) | P22: =IF($H$133=1,E22,0) -> 20.86 | R22: 1 | T22: =ROUND(P22*R22,4) -> 20.86 | U22: =ROUND(ROUND(ROUND(T22*$C$8,4)*($H$8),2)*(MAX($H$9,1)),2) -> 116051.01
A23: 255 ESE Level 5 (Grade Level PK-3) | C23: 0 | D23: 0 | E23: =IF(D$30=0,C23*2,C23+D23) -> 0 | F23: ='1461'!F23:G23 -> 6.064 | H23: =ROUND(E23*F23,4) -> 0 | I23: =ROUND(ROUND(ROUND(H23*$C$8,4)*($H$8),2)*(MAX($H$9,1)),2) -> 0 | N23: 255 ESE Level 5 (Grade Level PK-3) | P23: =IF($H$133=1,E23,0) -> 0 | R23: 1 | T23: =ROUND(P23*R23,4) -> 0 | U23: =ROUND(ROUND(ROUND(T23*$C$8,4)*($H$8),2)*(MAX($H$9,1)),2) -> 0
A24: 255 ESE Level 5 (Grade Level 4-8) | C24: 0 | D24: 0 | E24: =IF(D$30=0,C24*2,C24+D24) -> 0 | F24: ='1461'!F24:G24 -> 6.064 | H24: =ROUND(E24*F24,4) -> 0 | I24: =ROUND(ROUND(ROUND(H24*$C$8,4)*($H$8),2)*(MAX($H$9,1)),2) -> 0 | N24: 255 ESE Level 5 (Grade Level 4-8) | P24: =IF($H$133=1,E24,0) -> 0 | R24: 1 | T24: =ROUND(P24*R24,4) -> 0 | U24: =ROUND(ROUND(ROUND(T24*$C$8,4)*($H$8),2)*(MAX($H$9,1)),2) -> 0
A25: 255 ESE Level 5 (Grade Level 9-12) | C25: 0 | D25: 0 | E25: =IF(D$30=0,C25*2,C25+D25) -> 0 | F25: ='1461'!F25:G25 -> 6.064 | H25: =ROUND(E25*F25,4) -> 0 | I25: =ROUND(ROUND(ROUND(H25*$C$8,4)*($H$8),2)*(MAX($H$9,1)),2) -> 0 | N25: 255 ESE Level 5 (Grade Level 9-12) | P25: =IF($H$133=1,E25,0) -> 0 | R25: 1 | T25: =ROUND(P25*R25,4) -> 0 | U25: =ROUND(ROUND(ROUND(T25*$C$8,4)*($H$8),2)*(MAX($H$9,1)),2) -> 0
A26: 130 ESOL (Grade Level PK-3) | C26: 0 | D26: 0 | E26: =IF(D$30=0,C26*2,C26+D26) -> 0 | F26: ='1461'!F26:G26 -> 1.165 | H26: =ROUND(E26*F26,4) -> 0 | I26: =ROUND(ROUND(ROUND(H26*$C$8,4)*($H$8),2)*(MAX($H$9,1)),2) -> 0 | N26: 130 ESOL (Grade Level PK-3) | P26: =IF($H$133=1,E26,0) -> 0 | R26: 1 | T26: =ROUND(P26*R26,4) -> 0 | U26: =ROUND(ROUND(ROUND(T26*$C$8,4)*($H$8),2)*(MAX($H$9,1)),2) -> 0
A27: 130 ESOL (Grade Level 4-8) | C27: 0 | D27: 0 | E27: =IF(D$30=0,C27*2,C27+D27) -> 0 | F27: ='1461'!F27:G27 -> 1.165 | H27: =ROUND(E27*F27,4) -> 0 | I27: =ROUND(ROUND(ROUND(H27*$C$8,4)*($H$8),2)*(MAX($H$9,1)),2) -> 0 | N27: 130 ESOL (Grade Level 4-8) | P27: =IF($H$133=1,E27,0) -> 0 | R27: 1 | T27: =ROUND(P27*R27,4) -> 0 | U27: =ROUND(ROUND(ROUND(T27*$C$8,4)*($H$8),2)*(MAX($H$9,1)),2) -> 0
A28: 130 ESOL (Grade Level 9-12) | C28: 0 | D28: 0 | E28: =IF(D$30=0,C28*2,C28+D28) -> 0 | F28: ='1461'!F28:G28 -> 1.165 | H28: =ROUND(E28*F28,4) -> 0 | I28: =ROUND(ROUND(ROUND(H28*$C$8,4)*($H$8),2)*(MAX($H$9,1)),2) -> 0 | N28: 130 ESOL (Grade Level 9-12) | P28: =IF($H$133=1,E28,0) -> 0 | R28: 1 | T28: =ROUND(P28*R28,4) -> 0 | U28: =ROUND(ROUND(ROUND(T28*$C$8,4)*($H$8),2)*(MAX($H$9,1)),2) -> 0
A29: 300 Career Education (Grades 9-12) | C29: 0 | D29: 0 | E29: =IF(D$30=0,C29*2,C29+D29) -> 0 | F29: ='1461'!F29:G29 -> 1.081 | H29: =ROUND(E29*F29,4) -> 0 | I29: =ROUND(ROUND(ROUND(H29*$C$8,4)*($H$8),2)*(MAX($H$9,1)),2) -> 0 | N29: 300 Career Education (Grades 9-12) | P29: =IF($H$133=1,E29,0) -> 0 | R29: 1 | T29: =ROUND(P29*R29,4) -> 0 | U29: =ROUND(ROUND(ROUND(T29*$C$8,4)*($H$8),2)*(MAX($H$9,1)),2) -> 0
A30: Totals | C30: =SUM(C14:C29) -> 37.08 | D30: =SUM(D14:D29) -> 0 | E30: =SUM(E14:E29) -> 74.16 | H30: =SUM(H14:H29) -> 127.0913 | I30: =SUM(I14:I29) -> 707050.5 | N30: Totals | P30: =SUM(P14:P29) -> 74.16 | T30: =SUM(T14:T29) -> 74.16 | U30: =SUM(U14:U29) -> 412576.36
A32: Letters in Parentheses Refer to Notes at Bottom of Worksheet:
F34: Charter schools should contact their school district sponsor regarding eligible FTE. Please note that “Number of FTE” is NOT equivalent to number of students enrolled in these courses or programs. Please refer to footnote (a) below.
I35: 2015-16 | N35: Letters Refer to Notes At Bottom: | U35: =I35 -> 2015-16
C36: Oct 2014 | D36: Feb 2015 | E36: Total | I36: Base Funding | U36: Base Funding
A37: Additional FTE (a) | C37: FTE | D37: FTE | E37: FTE | I37: (WFTE x BSA x CWF x SDF) | N37: Additional FTE (a) | P37: Number of FTE | U37: =I37 -> (WFTE x BSA x CWF x SDF)
A38: Advanced Placement | C38: 0 | D38: 0 | E38: =IF(D$44=0,C38*2,C38+D38) -> 0 | I38: =ROUND(ROUND(ROUND(E38*$C$8,4)*($H$8),2)*(MAX($H$9,1)),2) -> 0 | N38: Advanced Placement | P38: =IF($H$133=1,E38,0) -> 0 | U38: =ROUND(ROUND(ROUND(P38*$C$8,4)*($H$8),2)*(MAX($H$9,1)),2) -> 0
A39: International Baccalaureate | C39: 0 | D39: 0 | E39: =IF(D$44=0,C39*2,C39+D39) -> 0 | I39: =ROUND(ROUND(ROUND(E39*$C$8,4)*($H$8),2)*(MAX($H$9,1)),2) -> 0 | N39: International Baccalaureate | P39: =IF($H$133=1,E39,0) -> 0 | U39: =ROUND(ROUND(ROUND(P39*$C$8,4)*($H$8),2)*(MAX($H$9,1)),2) -> 0
A40: Advanced International Certificate | C40: 0 | D40: 0 | E40: =IF(D$44=0,C40*2,C40+D40) -> 0 | I40: =ROUND(ROUND(ROUND(E40*$C$8,4)*($H$8),2)*(MAX($H$9,1)),2) -> 0 | N40: Advanced International Certificate | P40: =IF($H$133=1,E40,0) -> 0 | U40: =ROUND(ROUND(ROUND(P40*$C$8,4)*($H$8),2)*(MAX($H$9,1)),2) -> 0
A41: Industry Certified Career Education | C41: 0 | D41: 0 | E41: =IF(D$44=0,C41*2,C41+D41) -> 0 | I41: =ROUND(ROUND(ROUND(E41*$C$8,4)*($H$8),2)*(MAX($H$9,1)),2) -> 0 | N41: Industry Certified Career Education | P41: =IF($H$133=1,E41,0) -> 0 | U41: =ROUND(ROUND(ROUND(P41*$C$8,4)*($H$8),2)*(MAX($H$9,1)),2) -> 0
A42: Early High School Graduation | D42: 0 | E42: =IF(D$44=0,C42*2,C42+D42) -> 0 | I42: =ROUND(ROUND(ROUND(E42*$C$8,4)*($H$8),2)*(MAX($H$9,1)),2) -> 0 | N42: Early High School Graduation | P42: =IF($H$133=1,E42,0) -> 0 | U42: =ROUND(ROUND(ROUND(P42*$C$8,4)*($H$8),2)*(MAX($H$9,1)),2) -> 0
A43: Small District ESE Supplement | C43: 0 | D43: 0 | E43: =IF(D$44=0,C43*2,C43+D43) -> 0 | I43: =ROUND(ROUND(ROUND(E43*$C$8,4)*($H$8),2)*(MAX($H$9,1)),2) -> 0 | N43: Small District ESE Supplement | P43: =IF($H$133=1,E43,0) -> 0 | U43: =ROUND(ROUND(ROUND(P43*$C$8,4)*($H$8),2)*(MAX($H$9,1)),2) -> 0
B44: Total Additional FTE | C44: =SUM(C38:C43) -> 0 | D44: =SUM(D38:D43) -> 0 | E44: =SUM(E38:E43) -> 0 | H44: Additional Base Funds | I44: =SUM(I38:I43) -> 0 | N44: Total Additional FTE | R44: =SUM(P38:R43) -> 0 | S44: Additional Base Funds | U44: =SUM(U38:U43) -> 0
B46: Total Funded Weighted FTE | E46: =H30+E44 -> 127.0913 | H46: Total Base Funding | I46: =SUM(I44,I30) -> 707050.5 | N46: Total Funded Weighted FTE | R46: =R44+T30 -> 74.16 | S46: Total Base Funding | U46: =SUM(U44,U30) -> 412576.36
A48: 1B. Classroom Teacher & Other Instructional Personnel Salary Increase | N48: 1B. Classroom Teacher & Other Instructional Personnel Salary Increase
A49: Maintenance and Growth Portions of the Salary Increase funds are part of the total Base Funding and are not treated as a separate allocation. | N49: Maintenance and Growth Portions of the Salary Increase funds are part of the total Base Funding and are not treated as a separate allocation.
A50: Amounts are split out here for informative purposes and for the purposes of providing a total that may be used for calculating the adminstrative fee. | N50: Amounts are split out here for informative purposes and for the purposes of providing a total that may be used for calculating the adminstrative fee.
B51: ='1461'!B51 -> Maintenance Portion (6.67% of Conference Funding) | E51: (g) (k) | F51: 707050.5 | G51: x | H51: ='1461'!H51 -> 0.0667 | I51: =ROUND(F51*H51,2) -> 47160.27 | O51: Maintenance Portion (6.67% of Conference Funding) | Q51: (g) (k) | R51: =U30 -> 412576.36 | S51: x | T51: 0.0667 | U51: =ROUND(R51*T51,2) -> 27518.84
B52: ='1461'!B52 -> Growth Portion (0.54% of Conference Funding) | E52: (g) (k) | F52: 707050.5 | G52: x | H52: ='1461'!H52 -> 0.0054 | I52: =ROUND(F52*H52,2) -> 3818.07 | O52: Growth Portion (0.54% of Conference Funding) | Q52: (g) (k) | R52: =U30 -> 412576.36 | S52: x | T52: 0.0054 | U52: =ROUND(R52*T52,2) -> 2227.91
B53: Total Salary Increase | I53: =SUM(I51:I52) -> 50978.34 | O53: Total Salary Increase | U53: =SUM(U51:U52) -> 29746.75
C54: ='1461'!C54 | D54: ='1461'!D54 | P54: ='1461'!P54 | Q54: ='1461'!Q54
C55: ='1461'!C55 -> Oct 2024 | D55: ='1461'!D55 -> Feb 2025 | E55: Total | F55: Grade | G55: Matrix | H55: Guarantee | S55: Matrix | T55: Guarantee
A56: 2. ESE Guaranteed Allocation: | C56: ='1461'!C56 -> FTE | D56: ='1461'!D56 -> FTE | E56: FTE | F56: Level | G56: Level | H56: Per Student | N56: 2. ESE Guaranteed Allocation: | P56: FTE | R56: Grade Level | S56: Level | T56: Per Student
A57: Additional Funding from the ESE Guaranteed Allocation. Enter the FTE from 111,112 and 113 by grade and matrix level. Students who do not have a matrix level should be considered 251. This total should equal all FTE from programs 111, 112 and 113 above, less any 113 gifted FTE. | C57: 0 | D57: 0 | E57: =IF(D$72=0,C57*2,C57+D57) -> 0 | F57: PK-3 | G57: 251 | H57: ='1461'!H57 -> 1047 | I57: =ROUND(E57*H57,2) -> 0 | N57: Additional Funding from the ESE Guaranteed Allocation. Enter the FTE from 111,112 and 113 by grade and matrix level. Students who do not have a matrix level should be considered 251. This total should equal all FTE from programs 111, 112 and 113 above. | R57: PK-3 | S57: 251 | T57: =H57 -> 1047 | U57: =ROUND(P57*T57,2) -> 0
C58: 0 | D58: 0 | E58: =IF(D$72=0,C58*2,C58+D58) -> 0 | F58: PK-3 | G58: 252 | H58: ='1461'!H58 -> 3380 | I58: =ROUND(E58*H58,2) -> 0 | R58: PK-3 | S58: 252 | T58: =H58 -> 3380 | U58: =ROUND(P58*T58,2) -> 0
C59: 0 | D59: 0 | E59: =IF(D$72=0,C59*2,C59+D59) -> 0 | F59: PK-3 | G59: 253 | H59: ='1461'!H59 -> 6896 | I59: =ROUND(E59*H59,2) -> 0 | R59: PK-3 | S59: 253 | T59: =H59 -> 6896 | U59: =ROUND(P59*T59,2) -> 0
C60: 0 | D60: 0 | E60: =IF(D$72=0,C60*2,C60+D60) -> 0 | F60: 4-8 | G60: 251 | H60: ='1461'!H60 -> 1173 | I60: =ROUND(E60*H60,2) -> 0 | R60: 4-8 | S60: 251 | T60: =H60 -> 1173 | U60: =ROUND(P60*T60,2) -> 0
C61: 0 | D61: 0 | E61: =IF(D$72=0,C61*2,C61+D61) -> 0 | F61: 4-8 | G61: 252 | H61: ='1461'!H61 -> 3506 | I61: =ROUND(E61*H61,2) -> 0 | R61: 4-8 | S61: 252 | T61: =H61 -> 3506 | U61: =ROUND(P61*T61,2) -> 0
C62: 0 | D62: 0 | E62: =IF(D$72=0,C62*2,C62+D62) -> 0 | F62: 4-8 | G62: 253 | H62: ='1461'!H62 -> 7023 | I62: =ROUND(E62*H62,2) -> 0 | R62: 4-8 | S62: 253 | T62: =H62 -> 7023 | U62: =ROUND(P62*T62,2) -> 0
C63: 0 | D63: 0 | E63: =IF(D$66=0,C63*2,C63+D63) -> 0 | F63: 9-12 | G63: 251 | H63: ='1461'!H63 -> 835 | I63: =ROUND(E63*H63,2) -> 0 | R63: 9-12 | S63: 251 | T63: =H63 -> 835 | U63: =ROUND(P63*T63,2) -> 0
C64: 0.5 | D64: 0 | E64: =IF(D$66=0,C64*2,C64+D64) -> 1 | F64: 9-12 | G64: 252 | H64: ='1461'!H64 -> 3168 | I64: =ROUND(E64*H64,2) -> 3168 | R64: 9-12 | S64: 252 | T64: =H64 -> 3168 | U64: =ROUND(P64*T64,2) -> 0
C65: 26.15 | D65: 0 | E65: =IF(D$66=0,C65*2,C65+D65) -> 52.3 | F65: 9-12 | G65: 253 | H65: ='1461'!H65 -> 6685 | I65: =ROUND(E65*H65,2) -> 349625.5 | R65: 9-12 | S65: 253 | T65: =H65 -> 6685 | U65: =ROUND(P65*T65,2) -> 0
C66: =SUM(C57:C65) -> 26.65 | D66: =SUM(D57:D65) -> 0 | E66: =SUM(E57:E65) -> 53.3 | F66: Total ESE Guarantee | I66: =SUM(I57:I65) -> 352793.5 | P66: =SUM(P57:P65) -> 0 | R66: Total ESE Guarantee | U66: =SUM(U57:U65) -> 0
A68: 3A. Divide school's Unweighted FTE (UFTE) total computed in Section 1, cell E30 above by the district's total UFTE to obtain school's | N68: 3A. Divide school's Unweighted FTE (UFTE) total computed in Section 1, cell E30 above by the District's total UFTE to obtain
A69: UFTE share. CS UFTE: | C69: =E30 -> 74.16 | D69: ÷ District's total UFTE | H69: ='1461'!H69 -> 215320.92 | N69: school's UFTE share. CS UFTE: | P69: =P30 -> 74.16 | Q69: / District's total UFTE: | T69: =H69 -> 215320.92
G70: = | H70: =ROUND(C69/H69,6) -> 0.000344 | T70: =ROUND(P69/T69,6) -> 0.000344
A71: 3B. Divide school's Weighted FTE (WFTE) total computed in Section 1, cell H30 above by the district's total WFTE to obtain school's | N71: 3B. Divide school's Weighted FTE (WFTE) total computed in Section 1, cell H30 above by the District's total WFTE to obtain
A72: WFTE share. CS WFTE: | C72: =H30 -> 127.0913 | D72: ÷ District's total WFTE | H72: ='1461'!H72 -> 229051.25 | N72: school's WFTE share. CS WFTE: | P72: =T30 -> 74.16 | Q72: / District's total WFTE: | T72: =H72 -> 229051.25
G73: = | H73: =ROUND(C72/H72,6) -> 0.000555 | T73: =ROUND(P72/T72,6) -> 0.000324
A74: 3C. Divide school's Unweighted FTE (UFTE) total computed in Section 1, cell E30 above by the District's total non-scholarship UFTE to obtain school's | N74: 3C. Divide school's Unweighted FTE (UFTE) total computed in Section 1, cell E30 above by the District's total non-scholarship UFTE to obtain
A75: UFTE share. CS UFTE: | C75: =E30 -> 74.16 | D75: ÷ District's total non-scholarship UFTE | H75: ='1461'!H75 -> 186156.17 | N75: school's UFTE share. CS UFTE: | P75: =P30 -> 74.16 | Q75: / District's total non-scholarship UFTE: | T75: =H75 -> 186156.17
G76: = | H76: =ROUND(C75/H75,6) -> 0.000398 | T76: =ROUND(P75/T75,6) -> 0.000398
A77: 3D. Divide school's Unweighted FTE (UFTE) total computed in Section 1, cell E30 above by the District's total non-virtual UFTE to obtain school's | N77: 3D. Divide school's Unweighted FTE (UFTE) total computed in Section 1, cell E30 above by the District's total non-virtual UFTE to obtain
A78: UFTE share. CS UFTE: | C78: =E30 -> 74.16 | D78: ÷ District's total non-virtual UFTE | H78: ='1461'!H78 -> 215016.58 | N78: school's UFTE share. CS UFTE: | P78: =P30 -> 74.16 | Q78: / by district's total non-virtual UFTE: | T78: =H78 -> 215016.58
G79: = | H79: =ROUND(C78/H78,6) -> 0.000345 | T79: =ROUND(P78/T78,6) -> 0.000345
A80: 3E. Divide school's Unweighted FTE (UFTE) total computed in Section 1, cell E30 above by the district's total non-scholarship/virtual UFTE to obtain | N80: 3E. Divide school's Unweighted FTE (UFTE) total computed in Section 1, cell E30 above by the District's total non-scholarship/virtual UFTE to
A81: school's UFTE share. CS UFTE: | C81: =E30 -> 74.16 | D81: ÷ Dististict's total non-scholarship/virtual UFTE | H81: ='1461'!H81 -> 185851.83 | N81: obtain school's UFTE share. CS UFTE: | P81: =P30 -> 74.16 | Q81: / Dist total non-scholarship/virtual UFTE: | T81: =H81 -> 185851.83
G82: = | H82: =ROUND(C81/H81,6) -> 0.000399 | T82: =ROUND(P81/T81,6) -> 0.000399
A85: 4. Educational Enrichment Share (Non-virtual UFTE share) | E85: (e) | F85: ='1461'!F85 -> 47290747 | G85: x | H85: =H79 -> 0.000345 | I85: =ROUND(F85*H85,2) -> 16315.31 | N85: 4. Educational Enrichment Share (Non-virtual UFTE share) | R85: =F85 -> 47290747 | S85: x | T85: =T79 -> 0.000345 | U85: =ROUND(R85*T85,2) -> 16315.31
A87: 5. Discretionary Millage Compression Allocation | N87: 5. Discretionary Millage Compression Allocation (UFTE share)
A88: .748 Mills (UFTE share) | E88: (b) | F88: ='1461'!F88 -> 0 | G88: x | H88: =H70 -> 0.000344 | I88: =ROUND(F88*H88,2) -> 0 | N88: .748 Mills (UFTE share) | R88: =F88 -> 0 | S88: x | T88: =T70 -> 0.000344 | U88: =ROUND(R88*T88,2) -> 0
A90: 6. Safe Schools Allocation (Non-scholarship/virtual UFTE share) | E90: (f) | F90: ='1461'!F90 -> 19167881 | G90: x | H90: =H82 -> 0.000399 | I90: =ROUND(F90*H90,2) -> 7647.98 | N90: 6. Safe Schools Allocation (Non-scholarship/virtual UFTE share) | R90: =F90 -> 19167881 | S90: x | T90: =T82 -> 0.000399 | U90: =ROUND(R90*T90,2) -> 7647.98
A92: 7. Mental Health Assistance Allocation (Non-scholarship UFTE share) | E92: (b) | F92: ='1461'!F92 -> 11546889 | G92: x | H92: =H76 -> 0.000398 | I92: =ROUND(F92*H92,2) -> 4595.66 | N92: 7. Mental Health Assistance Allocation (Non-scholarship UFTE share) | R92: =F92 -> 11546889 | S92: x | T92: =T76 -> 0.000398 | U92: =ROUND(R92*T92,2) -> 4595.66
A94: 8. Discretionary Local Effort (WFTE share) | E94: (c) | F94: ='1461'!F94 -> 268816278 | G94: x | H94: =H73 -> 0.000555 | I94: =ROUND(F94*H94,2) -> 149193.03 | N94: 8. Discretionary Local Effort (WFTE share) | R94: =F94 -> 268816278 | S94: x | T94: =T73 -> 0.000324 | U94: =ROUND(R94*T94,2) -> 87096.47
A96: 9. Proration to Funds Available (WFTE share) | E96: (c) | F96: ='1461'!F96 -> 0 | G96: x | H96: =H73 -> 0.000555 | I96: =ROUND(F96*H96,2) -> 0 | N96: 9. Proration to Funds Available (WFTE share) | R96: =F96 -> 0 | S96: x | T96: =T73 -> 0.000324 | U96: =ROUND(R96*T96,2) -> 0
A98: 10. Educational Enrollment Stabilization Program (UFTE Share) | E98: (b) | F98: ='1461'!F98 -> 0 | G98: x | H98: =H70 -> 0.000344 | I98: =ROUND(F98*H98,2) -> 0 | N98: 10. Educational Enrollment Stabilization Program (UFTE Share) | R98: =F98 -> 0 | S98: x | T98: =T70 -> 0.000344 | U98: =ROUND(R98*T98,2) -> 0
A101: 11. Class Size Reduction Funds: | N101: 11. Class Size Reduction Funds:
C102: Weighted FTE | F102: Allocation
C103: (not including Add-On) | E103: X CWF X | F103: Factors | N103: Weighted FTE (not including Add-On) | P103: X CWF X | R103: Allocation factors
B104: PK - 3 | C104: =H14+H15+H20+H23+H26 -> 0 | E104: =H8 -> 1.0355 | F104: ='1461'!F104 -> 958.42 | G104: = | H104: =ROUND(C104*E104*F104,2) -> 0 | N104: PK - 3 | O104: =T14+T15+T20+T23+T26 -> 0 | P104: =T8 -> 1.0355 | R104: =F104 -> 958.42 | S104: = | T104: =ROUND(O104*P104*R104,2) -> 0
B105: 4-8 | C105: =H16+H17+H21+H24+H27 -> 0 | E105: =H8 -> 1.0355 | F105: ='1461'!F105 -> 915.09 | G105: = | H105: =ROUND(C105*E105*F105,2) -> 0 | N105: 4-8 | O105: =T16+T17+T21+T24+T27 -> 0 | P105: =T8 -> 1.0355 | R105: =F105 -> 915.09 | S105: = | T105: =ROUND(O105*P105*R105,2) -> 0
B106: 9-12 | C106: =H18+H19+H22+H25+H28+H29 -> 127.0913 | E106: =H8 -> 1.0355 | F106: ='1461'!F106 -> 917.3 | G106: = | H106: =ROUND(C106*E106*F106,2) -> 120719.47 | N106: 9-12 | O106: =T18+T19+T22+T25+T28+T29 -> 74.16 | P106: =T8 -> 1.0355 | R106: =F106 -> 917.3 | S106: = | T106: =ROUND(O106*P106*R106,2) -> 70441.93
B107: Total * | C107: =SUM(C104:C106) -> 127.0913 | H107: Total Class Size Reduction Funds | I107: =IF(A1=75,0,H106+H105+H104) -> 120719.47 | N107: Total * | O107: =SUM(O104:O106) -> 74.16 | P107: Total Class Size Reduction Funds | U107: =IF(N1=75,0,T106+T105+T104) -> 70441.93
A108: (*Total FTE should equal total in Section 1, column (4) and should not include any additional FTE from Section 1.) | N108: (*Total FTE should equal total in Section 1, column (4) and should not include any additional FTE from Section 1.)
A110: 12. Student Transportation | E110: (h) | N110: 12. Student Transportation
C111: Oct 2024 | D111: Feb 2025 | E111: Average
C112: FTE | D112: FTE | E112: FTE
A113: All Adjusted Fundable Riders | C113: 36 | D113: 34 | E113: =(C113+D113)/2 -> 35 | F113: x | G113: ='1461'!G113 -> 617 | I113: =ROUND(G113*E113,2) -> 21595 | N113: Enter All Adjusted Fundable Riders | P113: =IF(H133=1,E113,0) -> 35 | S113: x | T113: =G113 -> 617 | U113: =ROUND(T113*P113,2) -> 21595
A114: All Adjusted ESE Riders (Member Cat L) | C114: 0 | D114: 0 | E114: =(C114+D114)/2 -> 0 | F114: x | G114: ='1461'!G114 -> 1870 | I114: =ROUND(G114*E114,2) -> 0 | N114: Enter All Adjusted ESE Riders | S114: x | T114: =G114 -> 1870 | U114: =ROUND(T114*P114,2) -> 0
A117: 12. Federally Connected Student Supplement | E117: (i) | N117: 12. Federally Connected Student Supplement (i)
C118: Number of Students | H118: Impact Aide
C119: Oct 2018 | D119: Feb 2018 | E119: Total | F119: Exempt Property | H119: Student
A120: Impact Aid Student Type | C120: FTE | D120: FTE | E120: FTE | F120: Allocation | H120: Allocation | I120: Total | N120: Impact Aide Student Type | P120: Number of Students | R120: Exempt Property Allocation | T120: Impact Aide Student Allocation | U120: Total
...

Sheet 2531
B1: (Insert district number in cell A1, enter, then strike F9. Your district data then pulls from Calculation Detail Sheets) | N1: =A1 -> 0 | O1: (Insert district number in cell A1, enter, then strike F9. Your district data then pulls from Calculation Detail Sheets)
A2: Revenue Estimate Worksheet: Bodwell Academy - 2531 | N2: Revenue Estimate Worksheet for___________Charter School
A3: ='1461'!A3 -> Based on the FLDOE 2025-26 FEFP Calculation | N3: =A3 -> Based on the FLDOE 2025-26 FEFP Calculation
A4: School District: | C4: Palm Beach | F4: ='1461'!F4 -> August 2025 | N4: School District: | P4: =C4 -> Palm Beach
A7: 1A. 2023-24 FEFP State and Local Funding | N7: =A7 -> 1A. 2023-24 FEFP State and Local Funding
B8: Base Student Allocation: | C8: ='1461'!C8 -> 5372.6 | G8: Comparable Wage Factor: | H8: ='1461'!H8 -> 1.0355 | N8: Base Student Allocation | P8: =C8 -> 5372.6 | R8: Comparable Wage Factor: | T8: =H8 -> 1.0355
G9: Small District Factor: | H9: ='1461'!H9 -> 1 | R9: Small District Factor: | T9: =H9 -> 1
C10: ='1461'!C10 | D10: ='1461'!D10 | I10: ='1461'!I10 -> 2025-26 | U10: =I10 -> 2025-26
C11: ='1461'!C11 -> Oct 2024 | D11: ='1461'!D11 -> Feb 2025 | E11: Total | F11: Program | H11: Weighted FTE | I11: Base Funding | R11: Program | T11: Weighted FTE | U11: Base Funding
A12: Program | C12: ='1461'!C12 -> FTE | D12: ='1461'!D12 -> FTE | E12: FTE | F12: Cost Factor | H12: (2) x (3) | I12: (WFTE x BSA x CWF x SDF) | N12: Program | P12: Number of FTE | R12: Cost Factor | T12: (2) x (3) | U12: =I12 -> (WFTE x BSA x CWF x SDF)
A13: (1) | E13: (2) | F13: (3) | H13: (4) | I13: (5) | N13: (1) | P13: (2) | R13: (3) | T13: (4) | U13: (5)
A14: 101 Basic K-3 | C14: 0 | D14: 0 | E14: =IF(D$30=0,C14*2,C14+D14) -> 0 | F14: ='1461'!F14:G14 -> 1.108 | H14: =ROUND(E14*F14,4) -> 0 | I14: =ROUND(ROUND(ROUND(H14*$C$8,4)*($H$8),2)*(MAX($H$9,1)),2) -> 0 | N14: 101 Basic K-3 | P14: =IF($H$133=1,E14,0) -> 0 | R14: 1 | T14: =ROUND(P14*R14,4) -> 0 | U14: =ROUND(ROUND(ROUND(T14*$C$8,4)*($H$8),2)*(MAX($H$9,1)),2) -> 0
A15: 111 Basic K-3 with ESE Services | C15: 0 | D15: 0 | E15: =IF(D$30=0,C15*2,C15+D15) -> 0 | F15: ='1461'!F15:G15 -> 1.108 | H15: =ROUND(E15*F15,4) -> 0 | I15: =ROUND(ROUND(ROUND(H15*$C$8,4)*($H$8),2)*(MAX($H$9,1)),2) -> 0 | J15: =IF(ROUND(E15,2)=ROUND(SUM(E57:E59),2)," ","CHECK PK-3 LINES BELOW") | N15: 111 Basic K-3 with ESE Services | P15: =IF($H$133=1,E15,0) -> 0 | R15: 1 | T15: =ROUND(P15*R15,4) -> 0 | U15: =ROUND(ROUND(ROUND(T15*$C$8,4)*($H$8),2)*(MAX($H$9,1)),2) -> 0
A16: 102 Basic 4-8 | C16: 0 | D16: 0 | E16: =IF(D$30=0,C16*2,C16+D16) -> 0 | F16: ='1461'!F16:G16 -> 1 | H16: =ROUND(E16*F16,4) -> 0 | I16: =ROUND(ROUND(ROUND(H16*$C$8,4)*($H$8),2)*(MAX($H$9,1)),2) -> 0 | N16: 102 Basic 4-8 | P16: =IF($H$133=1,E16,0) -> 0 | R16: 1 | T16: =ROUND(P16*R16,4) -> 0 | U16: =ROUND(ROUND(ROUND(T16*$C$8,4)*($H$8),2)*(MAX($H$9,1)),2) -> 0
A17: 112 Basic 4-8 with ESE Services | C17: 0 | D17: 0 | E17: =IF(D$30=0,C17*2,C17+D17) -> 0 | F17: ='1461'!F17:G17 -> 1 | H17: =ROUND(E17*F17,4) -> 0 | I17: =ROUND(ROUND(ROUND(H17*$C$8,4)*($H$8),2)*(MAX($H$9,1)),2) -> 0 | J17: =IF(ROUND(E17,2)=ROUND(SUM(E60:E62),2)," ","CHECK 4-8 LINES BELOW") | N17: 112 Basic 4-8 with ESE Services | P17: =IF($H$133=1,E17,0) -> 0 | R17: 1 | T17: =ROUND(P17*R17,4) -> 0 | U17: =ROUND(ROUND(ROUND(T17*$C$8,4)*($H$8),2)*(MAX($H$9,1)),2) -> 0
A18: 103 Basic 9-12 | C18: 0 | D18: 0 | E18: =IF(D$30=0,C18*2,C18+D18) -> 0 | F18: ='1461'!F18:G18 -> 0.972 | H18: =ROUND(E18*F18,4) -> 0 | I18: =ROUND(ROUND(ROUND(H18*$C$8,4)*($H$8),2)*(MAX($H$9,1)),2) -> 0 | N18: 103 Basic 9-12 | P18: =IF($H$133=1,E18,0) -> 0 | R18: 1 | T18: =ROUND(P18*R18,4) -> 0 | U18: =ROUND(ROUND(ROUND(T18*$C$8,4)*($H$8),2)*(MAX($H$9,1)),2) -> 0
A19: 113 Basic 9-12 with ESE Services | C19: 9.5 | D19: 0 | E19: =IF(D$30=0,C19*2,C19+D19) -> 19 | F19: ='1461'!F19:G19 -> 0.972 | H19: =ROUND(E19*F19,4) -> 18.468 | I19: =ROUND(ROUND(ROUND(H19*$C$8,4)*($H$8),2)*(MAX($H$9,1)),2) -> 102743.53 | J19: =IF(ROUND(E19,2)=ROUND(SUM(E63:E65),2)," ","CHECK 4-8 LINES BELOW") | N19: 113 Basic 9-12 with ESE Services | P19: =IF($H$133=1,E19,0) -> 19 | R19: 1 | T19: =ROUND(P19*R19,4) -> 19 | U19: =ROUND(ROUND(ROUND(T19*$C$8,4)*($H$8),2)*(MAX($H$9,1)),2) -> 105703.22
A20: 254 ESE Level 4 (Grade Level PK-3) | C20: 0.5 | D20: 0 | E20: =IF(D$30=0,C20*2,C20+D20) -> 1 | F20: ='1461'!F20:G20 -> 3.609 | H20: =ROUND(E20*F20,4) -> 3.609 | I20: =ROUND(ROUND(ROUND(H20*$C$8,4)*($H$8),2)*(MAX($H$9,1)),2) -> 20078.05 | N20: 254 ESE Level 4 (Grade Level PK-3) | P20: =IF($H$133=1,E20,0) -> 1 | R20: 1 | T20: =ROUND(P20*R20,4) -> 1 | U20: =ROUND(ROUND(ROUND(T20*$C$8,4)*($H$8),2)*(MAX($H$9,1)),2) -> 5563.33
A21: 254 ESE Level 4 (Grade Level 4-8) | C21: 1 | D21: 0 | E21: =IF(D$30=0,C21*2,C21+D21) -> 2 | F21: ='1461'!F21:G21 -> 3.609 | H21: =ROUND(E21*F21,4) -> 7.218 | I21: =ROUND(ROUND(ROUND(H21*$C$8,4)*($H$8),2)*(MAX($H$9,1)),2) -> 40156.1 | N21: 254 ESE Level 4 (Grade Level 4-8) | P21: =IF($H$133=1,E21,0) -> 2 | R21: 1 | T21: =ROUND(P21*R21,4) -> 2 | U21: =ROUND(ROUND(ROUND(T21*$C$8,4)*($H$8),2)*(MAX($H$9,1)),2) -> 11126.65
A22: 254 ESE Level 4 (Grade Level 9-12) | C22: 1 | D22: 0 | E22: =IF(D$30=0,C22*2,C22+D22) -> 2 | F22: ='1461'!F22:G22 -> 3.609 | H22: =ROUND(E22*F22,4) -> 7.218 | I22: =ROUND(ROUND(ROUND(H22*$C$8,4)*($H$8),2)*(MAX($H$9,1)),2) -> 40156.1 | N22: 254 ESE Level 4 (Grade Level 9-12) | P22: =IF($H$133=1,E22,0) -> 2 | R22: 1 | T22: =ROUND(P22*R22,4) -> 2 | U22: =ROUND(ROUND(ROUND(T22*$C$8,4)*($H$8),2)*(MAX($H$9,1)),2) -> 11126.65
A23: 255 ESE Level 5 (Grade Level PK-3) | C23: 4 | D23: 0 | E23: =IF(D$30=0,C23*2,C23+D23) -> 8 | F23: ='1461'!F23:G23 -> 6.064 | H23: =ROUND(E23*F23,4) -> 48.512 | I23: =ROUND(ROUND(ROUND(H23*$C$8,4)*($H$8),2)*(MAX($H$9,1)),2) -> 269888.13 | N23: 255 ESE Level 5 (Grade Level PK-3) | P23: =IF($H$133=1,E23,0) -> 8 | R23: 1 | T23: =ROUND(P23*R23,4) -> 8 | U23: =ROUND(ROUND(ROUND(T23*$C$8,4)*($H$8),2)*(MAX($H$9,1)),2) -> 44506.62
A24: 255 ESE Level 5 (Grade Level 4-8) | C24: 3.5 | D24: 0 | E24: =IF(D$30=0,C24*2,C24+D24) -> 7 | F24: ='1461'!F24:G24 -> 6.064 | H24: =ROUND(E24*F24,4) -> 42.448 | I24: =ROUND(ROUND(ROUND(H24*$C$8,4)*($H$8),2)*(MAX($H$9,1)),2) -> 236152.12 | N24: 255 ESE Level 5 (Grade Level 4-8) | P24: =IF($H$133=1,E24,0) -> 7 | R24: 1 | T24: =ROUND(P24*R24,4) -> 7 | U24: =ROUND(ROUND(ROUND(T24*$C$8,4)*($H$8),2)*(MAX($H$9,1)),2) -> 38943.29
A25: 255 ESE Level 5 (Grade Level 9-12) | C25: 5 | D25: 0 | E25: =IF(D$30=0,C25*2,C25+D25) -> 10 | F25: ='1461'!F25:G25 -> 6.064 | H25: =ROUND(E25*F25,4) -> 60.64 | I25: =ROUND(ROUND(ROUND(H25*$C$8,4)*($H$8),2)*(MAX($H$9,1)),2) -> 337360.17 | N25: 255 ESE Level 5 (Grade Level 9-12) | P25: =IF($H$133=1,E25,0) -> 10 | R25: 1 | T25: =ROUND(P25*R25,4) -> 10 | U25: =ROUND(ROUND(ROUND(T25*$C$8,4)*($H$8),2)*(MAX($H$9,1)),2) -> 55633.27
A26: 130 ESOL (Grade Level PK-3) | C26: 0 | D26: 0 | E26: =IF(D$30=0,C26*2,C26+D26) -> 0 | F26: ='1461'!F26:G26 -> 1.165 | H26: =ROUND(E26*F26,4) -> 0 | I26: =ROUND(ROUND(ROUND(H26*$C$8,4)*($H$8),2)*(MAX($H$9,1)),2) -> 0 | N26: 130 ESOL (Grade Level PK-3) | P26: =IF($H$133=1,E26,0) -> 0 | R26: 1 | T26: =ROUND(P26*R26,4) -> 0 | U26: =ROUND(ROUND(ROUND(T26*$C$8,4)*($H$8),2)*(MAX($H$9,1)),2) -> 0
A27: 130 ESOL (Grade Level 4-8) | C27: 0 | D27: 0 | E27: =IF(D$30=0,C27*2,C27+D27) -> 0 | F27: ='1461'!F27:G27 -> 1.165 | H27: =ROUND(E27*F27,4) -> 0 | I27: =ROUND(ROUND(ROUND(H27*$C$8,4)*($H$8),2)*(MAX($H$9,1)),2) -> 0 | N27: 130 ESOL (Grade Level 4-8) | P27: =IF($H$133=1,E27,0) -> 0 | R27: 1 | T27: =ROUND(P27*R27,4) -> 0 | U27: =ROUND(ROUND(ROUND(T27*$C$8,4)*($H$8),2)*(MAX($H$9,1)),2) -> 0
A28: 130 ESOL (Grade Level 9-12) | C28: 0 | D28: 0 | E28: =IF(D$30=0,C28*2,C28+D28) -> 0 | F28: ='1461'!F28:G28 -> 1.165 | H28: =ROUND(E28*F28,4) -> 0 | I28: =ROUND(ROUND(ROUND(H28*$C$8,4)*($H$8),2)*(MAX($H$9,1)),2) -> 0 | N28: 130 ESOL (Grade Level 9-12) | P28: =IF($H$133=1,E28,0) -> 0 | R28: 1 | T28: =ROUND(P28*R28,4) -> 0 | U28: =ROUND(ROUND(ROUND(T28*$C$8,4)*($H$8),2)*(MAX($H$9,1)),2) -> 0
A29: 300 Career Education (Grades 9-12) | C29: 0 | D29: 0 | E29: =IF(D$30=0,C29*2,C29+D29) -> 0 | F29: ='1461'!F29:G29 -> 1.081 | H29: =ROUND(E29*F29,4) -> 0 | I29: =ROUND(ROUND(ROUND(H29*$C$8,4)*($H$8),2)*(MAX($H$9,1)),2) -> 0 | N29: 300 Career Education (Grades 9-12) | P29: =IF($H$133=1,E29,0) -> 0 | R29: 1 | T29: =ROUND(P29*R29,4) -> 0 | U29: =ROUND(ROUND(ROUND(T29*$C$8,4)*($H$8),2)*(MAX($H$9,1)),2) -> 0
A30: Totals | C30: =SUM(C14:C29) -> 24.5 | D30: =SUM(D14:D29) -> 0 | E30: =SUM(E14:E29) -> 49 | H30: =SUM(H14:H29) -> 188.113 | I30: =SUM(I14:I29) -> 1046534.2 | N30: Totals | P30: =SUM(P14:P29) -> 49 | T30: =SUM(T14:T29) -> 49 | U30: =SUM(U14:U29) -> 272603.03
A32: Letters in Parentheses Refer to Notes at Bottom of Worksheet:
F34: Charter schools should contact their school district sponsor regarding eligible FTE. Please note that “Number of FTE” is NOT equivalent to number of students enrolled in these courses or programs. Please refer to footnote (a) below.
I35: 2015-16 | N35: Letters Refer to Notes At Bottom: | U35: =I35 -> 2015-16
C36: Oct 2014 | D36: Feb 2015 | E36: Total | I36: Base Funding | U36: Base Funding
A37: Additional FTE (a) | C37: FTE | D37: FTE | E37: FTE | I37: (WFTE x BSA x CWF x SDF) | N37: Additional FTE (a) | P37: Number of FTE | U37: =I37 -> (WFTE x BSA x CWF x SDF)
A38: Advanced Placement | C38: 0 | D38: 0 | E38: =IF(D$44=0,C38*2,C38+D38) -> 0 | I38: =ROUND(ROUND(ROUND(E38*$C$8,4)*($H$8),2)*(MAX($H$9,1)),2) -> 0 | N38: Advanced Placement | P38: =IF($H$133=1,E38,0) -> 0 | U38: =ROUND(ROUND(ROUND(P38*$C$8,4)*($H$8),2)*(MAX($H$9,1)),2) -> 0
A39: International Baccalaureate | C39: 0 | D39: 0 | E39: =IF(D$44=0,C39*2,C39+D39) -> 0 | I39: =ROUND(ROUND(ROUND(E39*$C$8,4)*($H$8),2)*(MAX($H$9,1)),2) -> 0 | N39: International Baccalaureate | P39: =IF($H$133=1,E39,0) -> 0 | U39: =ROUND(ROUND(ROUND(P39*$C$8,4)*($H$8),2)*(MAX($H$9,1)),2) -> 0
A40: Advanced International Certificate | C40: 0 | D40: 0 | E40: =IF(D$44=0,C40*2,C40+D40) -> 0 | I40: =ROUND(ROUND(ROUND(E40*$C$8,4)*($H$8),2)*(MAX($H$9,1)),2) -> 0 | N40: Advanced International Certificate | P40: =IF($H$133=1,E40,0) -> 0 | U40: =ROUND(ROUND(ROUND(P40*$C$8,4)*($H$8),2)*(MAX($H$9,1)),2) -> 0
A41: Industry Certified Career Education | C41: 0 | D41: 0 | E41: =IF(D$44=0,C41*2,C41+D41) -> 0 | I41: =ROUND(ROUND(ROUND(E41*$C$8,4)*($H$8),2)*(MAX($H$9,1)),2) -> 0 | N41: Industry Certified Career Education | P41: =IF($H$133=1,E41,0) -> 0 | U41: =ROUND(ROUND(ROUND(P41*$C$8,4)*($H$8),2)*(MAX($H$9,1)),2) -> 0
A42: Early High School Graduation | C42: 0 | D42: 0 | E42: =IF(D$44=0,C42*2,C42+D42) -> 0 | I42: =ROUND(ROUND(ROUND(E42*$C$8,4)*($H$8),2)*(MAX($H$9,1)),2) -> 0 | N42: Early High School Graduation | P42: =IF($H$133=1,E42,0) -> 0 | U42: =ROUND(ROUND(ROUND(P42*$C$8,4)*($H$8),2)*(MAX($H$9,1)),2) -> 0
A43: Small District ESE Supplement | C43: 0 | D43: 0 | E43: =IF(D$44=0,C43*2,C43+D43) -> 0 | I43: =ROUND(ROUND(ROUND(E43*$C$8,4)*($H$8),2)*(MAX($H$9,1)),2) -> 0 | N43: Small District ESE Supplement | P43: =IF($H$133=1,E43,0) -> 0 | U43: =ROUND(ROUND(ROUND(P43*$C$8,4)*($H$8),2)*(MAX($H$9,1)),2) -> 0
B44: Total Additional FTE | C44: =SUM(C38:C43) -> 0 | D44: =SUM(D38:D43) -> 0 | E44: =SUM(E38:E43) -> 0 | H44: Additional Base Funds | I44: =SUM(I38:I43) -> 0 | N44: Total Additional FTE | R44: =SUM(P38:R43) -> 0 | S44: Additional Base Funds | U44: =SUM(U38:U43) -> 0
B46: Total Funded Weighted FTE | E46: =H30+E44 -> 188.113 | H46: Total Base Funding | I46: =SUM(I44,I30) -> 1046534.2 | N46: Total Funded Weighted FTE | R46: =R44+T30 -> 49 | S46: Total Base Funding | U46: =SUM(U44,U30) -> 272603.03
A48: 1B. Classroom Teacher & Other Instructional Personnel Salary Increase | N48: 1B. Classroom Teacher & Other Instructional Personnel Salary Increase
A49: Maintenance and Growth Portions of the Salary Increase funds are part of the total Base Funding and are not treated as a separate allocation. | N49: Maintenance and Growth Portions of the Salary Increase funds are part of the total Base Funding and are not treated as a separate allocation.
